Workbook
Name \a: #REF!
Name \a: #REF!
Name \a: #REF!
Name \a: #REF!
Name \a: #REF!
Name \a: #REF!
Name \a: #REF!
Name \a: #REF!
Name \a: #REF!
Name \m: #REF!
Name \m: #REF!
Name \m: #REF!
Name \m: #REF!
Name \m: #REF!
Name \m: #REF!
Name \m: #REF!
Name \m: #REF!
Name \m: #REF!
Name \n: #REF!
Name \n: #REF!
Name \n: #REF!
Name \n: #REF!
Name \n: #REF!
Name \n: #REF!
Name \n: #REF!
Name \n: #REF!
Name \n: #REF!
Name \o: #REF!
Name \o: #REF!
Name \o: #REF!
Name \o: #REF!
Name \o: #REF!
Name \o: #REF!
Name \o: #REF!
Name \o: #REF!
Name \o: #REF!
Name __5450_01: #REF!
Name __5450_01: #REF!
Name __5450_01: #REF!
Name __5450_01: #REF!
Name __5450_01: #REF!
Name __5450_01: #REF!
Name __5450_01: #REF!
Name __5450_01: #REF!
Name __5450_01: #REF!
Name __5456_n: #REF!
Name __5456_n: #REF!
Name __5456_n: #REF!
Name __5456_n: #REF!
Name __5456_n: #REF!
Name __5456_n: #REF!
Name __5456_n: #REF!
Name __5456_n: #REF!
Name __5456_n: #REF!
Name __SP1: [1]FES!#REF!
Name __SP1: [1]FES!#REF!
Name __SP1: [1]FES!#REF!
Name __SP1: [1]FES!#REF!
Name __SP1: [1]FES!#REF!
Name __SP1: [1]FES!#REF!

Sheet текущ ремонт (2)
A1: Филиал АОО "Назарбаев Интеллектуальные школы" г. Астана 2013 г.
A3: Текущий ремонт и обслуживание спец. технического оборудования, устройств приборов на 2013 год
G4: 1.08
A5: № | B5: Заправка и ремонт картриджей | C5: кол-во | D5: цена | E5: сумма | F5: АУП | G5: ПП
A6: 1 | B6: заправка картриджей | C6: 1545.78 | D6: =800*G4 -> 864 | E6: =SUM(C6*D6) -> 1335553.9 | F6: =SUM(E6)*10% -> 133555.39 | G6: =E6-F6 -> 1201998.5
A7: 2 | B7: заправка картриджей Canon IR2520 | C7: 58.32 | D7: =9800*G4 -> 10584 | E7: =SUM(C7*D7) -> 617258.88 | F7: =SUM(E7)*10% -> 61725.888 | G7: =E7-F7 -> 555532.99
A8: 3 | B8: Замена барабана | C8: 41.16 | D8: =1500*G4 -> 1620 | E8: =SUM(C8*D8) -> 66679.2 | F8: =SUM(E8)*10% -> 6667.92 | G8: =E8-F8 -> 60011.28
A9: 4 | B9: замена термопленки Canon IR2520 | C9: 14.58 | D9: =9400*G4 -> 10152 | E9: =SUM(C9*D9) -> 148016.16 | F9: =SUM(E9)*10% -> 14801.616 | G9: =E9-F9 -> 133214.54
A10: 5 | B10: Замена резинового вала | C10: 43.74 | D10: =1200*G4 -> 1296 | E10: =SUM(C10*D10) -> 56687.04 | F10: =SUM(E10)*10% -> 5668.704 | G10: =E10-F10 -> 51018.336
A11: 6 | B11: Замена ракеля | C11: 43.74 | D11: =800*G4 -> 864 | E11: =SUM(C11*D11) -> 37791.36 | F11: =SUM(E11)*10% -> 3779.136 | G11: =E11-F11 -> 34012.224
A12: 7 | B12: Замена магнитного вала | C12: 43.74 | D12: =1500*G4 -> 1620 | E12: =SUM(C12*D12) -> 70858.8 | F12: =SUM(E12)*10% -> 7085.88 | G12: =E12-F12 -> 63772.92
A13: 8 | B13: замена термопленки | C13: 43.74 | D13: =3200*G4 -> 3456 | E13: =SUM(C13*D13) -> 151165.44 | F13: =SUM(E13)*10% -> 15116.544 | G13: =E13-F13 -> 136048.9
A14: 9 | B14: замена прижимного вала | C14: 43.74 | D14: =2400*G4 -> 2592 | E14: =SUM(C14*D14) -> 113374.08 | F14: =SUM(E14)*10% -> 11337.408 | G14: =E14-F14 -> 102036.67
A15: 10 | B15: техническое обслуживание | C15: 43.74 | D15: =1800*G4 -> 1944 | E15: =SUM(C15*D15) -> 85030.56 | F15: =SUM(E15)*10% -> 8503.056 | G15: =E15-F15 -> 76527.504
A16: 11 | B16: техническое обслуживание IR2520 | C16: 14.58 | D16: =3200*G4 -> 3456 | E16: =SUM(C16*D16) -> 50388.48 | F16: =SUM(E16)*10% -> 5038.848 | G16: =E16-F16 -> 45349.632
B17: Итого | C17: =SUM(C6:C16) -> 1936.86 | D17: =SUM(D6:D16) -> 38448 | E17: =SUM(E6:E16) -> 2732803.9 | F17: =SUM(F6:F16) -> 273280.39 | G17: =SUM(G6:G9) -> 1950757.3
E18: в т.ч | F18: =SUM(F17*12)/112 -> 29280.042
G27: интернат
A28: Текущий ремонт и обслуживание спец. технического оборудования, устройств приборов на 2013 год
G29: 1.08
A30: № | B30: Заправка и ремонт картриджей | C30: кол-во | D30: цена | E30: сумма | F30: АУП | G30: ПП
A31: 1 | B31: заправка картриджей | C31: 246 | D31: =800*G29 -> 864 | E31: =SUM(C31*D31) -> 212544 | F31: =SUM(E31)*43% -> 91393.92 | G31: =E31-F31 -> 121150.08
A32: 2 | B32: заправка картриджей Canon IR2520 | C32: 24 | D32: =9800*G29 -> 10584 | E32: =SUM(C32*D32) -> 254016 | F32: =SUM(E32)*43% -> 109226.88 | G32: =E32-F32 -> 144789.12
A33: 3 | B33: Замена барабана | C33: 12 | D33: =1500*G29 -> 1620 | E33: =SUM(C33*D33) -> 19440 | F33: =SUM(E33)*43% -> 8359.2 | G33: =E33-F33 -> 11080.8
A34: 4 | B34: замена термопленки Canon IR2520 | C34: 6 | D34: =9400*G29 -> 10152 | E34: =SUM(C34*D34) -> 60912 | F34: =SUM(E34)*43% -> 26192.16 | G34: =E34-F34 -> 34719.84
A35: 5 | B35: Замена резинового вала | C35: 18 | D35: =1200*G29 -> 1296 | E35: =SUM(C35*D35) -> 23328 | F35: =SUM(E35)*43% -> 10031.04 | G35: =E35-F35 -> 13296.96
A36: 6 | B36: Замена ракеля | C36: 18 | D36: =800*G29 -> 864 | E36: =SUM(C36*D36) -> 15552 | F36: =SUM(E36)*43% -> 6687.36 | G36: =E36-F36 -> 8864.64
A37: 7 | B37: Замена магнитного вала | C37: 18 | D37: =1500*G29 -> 1620 | E37: =SUM(C37*D37) -> 29160 | F37: =SUM(E37)*43% -> 12538.8 | G37: =E37-F37 -> 16621.2
A38: 8 | B38: замена термопленки | C38: 18 | D38: =3200*G29 -> 3456 | E38: =SUM(C38*D38) -> 62208 | F38: =SUM(E38)*43% -> 26749.44 | G38: =E38-F38 -> 35458.56
A39: 9 | B39: замена прижимного вала | C39: 18 | D39: =2400*G29 -> 2592 | E39: =SUM(C39*D39) -> 46656 | F39: =SUM(E39)*43% -> 20062.08 | G39: =E39-F39 -> 26593.92
A40: 10 | B40: техническое обслуживание | C40: 18 | D40: =1800*G29 -> 1944 | E40: =SUM(C40*D40) -> 34992 | F40: =SUM(E40)*43% -> 15046.56 | G40: =E40-F40 -> 19945.44
A41: 11 | B41: техническое обслуживание IR2520 | C41: 6 | D41: =3200*G29 -> 3456 | E41: =SUM(C41*D41) -> 20736 | F41: =SUM(E41)*43% -> 8916.48 | G41: =E41-F41 -> 11819.52
B42: Итого | C42: =SUM(C31:C41) -> 402 | D42: =SUM(D31:D41) -> 38448 | E42: =SUM(E31:E41) -> 779544 | F42: =SUM(F31:F41) -> 335203.92 | G42: =SUM(G31:G41) -> 444340.08
E43: в т.ч | F43: =SUM(F42*12)/112 -> 35914.706
B46: Директор | F46: Жангозин А.К.
B48: Главный бухгалтер | F48: Жумабаева Б.Х.
B50: Экономист | F50: Доспаева С.Ж.

Sheet свод 4 (МБ+ШК+ИНТЕР)
E1: Утверждаю Председатель Правления
E2: АОО "Назарбаев Интеллектуальные школы"
E3: _____________ К.Шамшидинова
E4: "_____"______________2012 г.
C6: Утвержденный бюджет филиала "Назарбаев Интеллектуальная школа города Астаны " на 2013 год.
C9: № п/п | D9: Наименование статей | E9: НИШ г. Астана 2013 год, ВСЕГО
C14: 1 | D14: 2
C15: I | D15: Остаток средств на начало года | E15: =#REF! -> #REF!
C16: II | D16: Доходы, всего | E16: =#REF! -> #REF!
C17: III | D17: Расходы, всего | E17: =E18+E19+E20+E21+E22+E23+E24+E25+E26+E27+E28+E29+E30+E31+E32+E33+E34+E35+E36+E37+E38+E39+E40+E41+E42 -> #REF!
C18: 1 | D18: Оплата труда | E18: =#REF! -> #REF!
C19: 2 | D19: Отчисления от оплаты труда | E19: =#REF! -> #REF!
C20: 3 | D20: Запасы | E20: =#REF! -> #REF!
C21: 4 | D21: Коммунальные услуги | E21: =#REF! -> #REF!
C22: 5 | D22: Связь | E22: =#REF! -> #REF!
C23: 6 | D23: Командировочные расходы | E23: =#REF! -> #REF!
C24: 7 | D24: Оплата работ (услуг) произведенных подрядчиками (юридические и физические лица) | E24: =#REF! -> #REF!
C25: 8 | D25: Страхование | E25: =#REF! -> #REF!
C26: 9 | D26: Медицинское обслуживание | E26: =#REF! -> #REF!
C27: 10 | D27: Услуги почты | E27: =#REF! -> #REF!
C28: 11 | D28: Услуги по охране | E28: =#REF! -> #REF!
C29: 14 | D29: Информационные услуги | E29: =#REF! -> #REF!
C30: 16 | D30: Банковские услуги | E30: =#REF! -> #REF!
C31: 20 | D31: Транспортные услуги | E31: =#REF! -> #REF!
C32: 21 | D32: Периодические печатные издания | E32: =#REF! -> #REF!
C33: 22 | D33: Налоги и другие обязательные платежи в бюджет | E33: =#REF! -> #REF!
C34: 23 | D34: Операционная аренда | E34: =#REF! -> #REF!
C35: 24 | D35: Противопожарная охрана и затраты, связанные с соблюдением специальных требований | E35: =#REF! -> #REF!
C36: 25 | D36: Обучение и повышение квалификации персонала | E36: =#REF! -> #REF!
C37: 26 | D37: Дополнительные образовательные услуги в ИШПП | E37: =#REF! -> #REF!
C38: 28 | D38: Расходы на участие и проведение семинаров, круглых столов, конференций и т.п. | E38: =#REF! -> #REF!
C39: 29 | D39: Расходы на социальную сферу | E39: =#REF! -> #REF!
C40: 31 | D40: Прочие | E40: =#REF! -> #REF!
C41: 32 | D41: Приобретение оборудования и других основных средств (ОС) | E41: =#REF! -> #REF!
C42: 33 | D42: Приобретение прочих фиксированных активов | E42: =#REF! -> #REF!
C43: 37 | D43: Амортизация и износ основных средств | E43: =#REF! -> #REF!
D44: Итого расходов | E44: =E18+E19+E20+E21+E22+E23+E24+E25+E26+E27+E28+E29+E30+E31+E32+E33+E34+E35+E36+E37+E38+E39+E40+E41+E42 -> #REF!
C45: 38 | D45: Закрытие обязательств прошлых лет | E45: =#REF! -> #REF!
C46: 39 | D46: Курсовая разница | E46: 0
C47: 40 | D47: Накладные расходы | E47: 0
D48: Всего расходов | E48: =E44+E45 -> #REF!
D49: Резервный фонд | E49: 0
C50: 42 | D50: Остаток на конец периода | E50: =E15+E16-E48 -> #REF!
C53: Заместитель Председателя Правления Ш.Муратбаева
C55: Директор Департамента экономики и планирования Л.Шарипова
C58: Директор А. Жангозин
C60: Главный бухгалтер Б. Жумабаева
C62: Экономист С.Доспаева

Sheet свод 3(МБ+ШК+ИНТЕР)
C1: Утверждаю Председатель Правления
C2: АОО "Назарбаев Интеллектуальные школы"
C3: _____________ К.Шамшидинова
C4: "_____"______________2012 г.
A7: Утвержденныый бюджет филиала "Назарбаев Интеллектуальная школа города Астаны " на 2013 год.
A10: № п/п | B10: Наименование статей | C10: НИШ г. Астана 2012 год, ВСЕГО
A15: 1 | B15: 2
A16: I | B16: Остаток средств на начало года | C16: =#REF! -> #REF!
A17: II | B17: Доходы, всего | C17: =C18+C20+C21 -> #REF!
A18: 1 | B18: Плата за образовательные услуги | C18: =C19 -> #REF!
A19: 1.1 | B19: За счёт средств республиканского бюджета | C19: =#REF! -> #REF!
A20: 3 | B20: Проведение мероприятий, связанных с деятельностью образовательных комплексов | C20: =#REF! -> #REF!
A21: 5 | B21: Прочий доход | C21: =C22 -> #REF!
A22: 5.2.4 | B22: прочие доходы | C22: =#REF! -> #REF!
A23: III | B23: Расходы, всего | C23: =C24+C33+C36+C52+C57+C62+C72+C85+C89+C90+C91+C92+C93+C94+C95+C101+C104+C105+C108+C111+C113+C115+C119+C121+C96 -> #REF!
A24: 1 | B24: Оплата труда | C24: =C25+C26+C27+C28+C29+C30+C31+C32 -> #REF!
A25: 1.1 | B25: Заработная плата | C25: =#REF! -> #REF!
A26: 1.2 | B26: Доплаты и надбавки к заработной плате | C26: =#REF! -> #REF!
A27: 1.3 | B27: Премии по итогам работы | C27: =#REF! -> #REF!
A28: 1.4 | B28: Премии к праздникам | C28: 0
A29: 1.5 | B29: Лечебное пособие к отпуску | C29: =#REF! -> #REF!
A30: 1.6 | B30: Материальная помощь | C30: 0
A31: 1.7 | B31: Индивидуальный подоходный налог | C31: =#REF! -> #REF!
A32: 1.8 | B32: Выплаты в накопительный пенсионный фонд | C32: =#REF! -> #REF!
A33: 2 | B33: Отчисления от оплаты труда | C33: =C34+C35 -> #REF!
A34: 2.1 | B34: Социальный налог | C34: =#REF! -> #REF!
A35: 2.2 | B35: Социальное страхование | C35: =#REF! -> #REF!
A36: 3 | B36: Запасы | C36: =C37+C40+C41+C42+C43+C44+C45+C48 -> #REF!
A37: 3.1 | B37: Комплектующие части | C37: =C38+C39 -> 0
A38: 3.1.1 | B38: к оборудованию | C38: 0
A39: 3.1.2 | B39: к автомобилям | C39: 0
A40: 3.2 | B40: ГСМ | C40: =#REF! -> #REF!
A41: 3.3 | B41: Канцелярские товары | C41: =#REF! -> #REF!
A42: 3.4 | B42: Медикаменты | C42: =#REF! -> #REF!
A43: 3.5 | B43: Моющие товары | C43: =#REF! -> #REF!
A44: 3.6 | B44: Хозяйственные товары | C44: =#REF! -> #REF!
A45: 3.7 | B45: Затраты на типографскую и полиграфическую продукцию | C45: =C46+C47 -> #REF!
A46: 3.7.1 | B46: бланки строгой отчетности | C46: 0
A47: 3.7.3 | B47: прочая продукция | C47: =#REF! -> #REF!
A48: 3.8 | B48: Прочие ТМЦ | C48: =C49+C50 -> #REF!
A49: 3.8.2 | B49: питьевая вода | C49: =#REF! -> #REF!
A50: 3.8.3 | B50: прочие запасы | C50: =#REF! -> #REF!
A51: 3.9 | B51: Прочие запасы | C51: 0
A52: 4 | B52: Коммунальные услуги | C52: =C53+C54+C55+C56 -> #REF!
A53: 4.1 | B53: Тепловая энергия | C53: =#REF! -> #REF!
A54: 4.2 | B54: Электрическая энергия | C54: =#REF! -> #REF!
A55: 4.3 | B55: Водоснабжение и канализация | C55: =#REF! -> #REF!
A56: 31.2 | B56: Вывоз мусора (ТБО) | C56: =#REF! -> #REF!
A57: 5 | B57: Связь | C57: =C58+C59+C60+C61 -> #REF!
A58: 5.1 | B58: Абонентная плата | C58: =#REF! -> #REF!
A59: 5.2 | B59: Услуги междугородней и международной связи | C59: =#REF! -> #REF!
A60: 5.3 | B60: Услуги Интернет | C60: =#REF! -> #REF!
A61: 5.5 | B61: Прочие расходы по услугам связи | C61: =#REF! -> #REF!
A62: 6 | B62: Командировочные расходы | C62: =C63+C67 -> #REF!
A63: 6.1 | B63: Командировочные на территории РК | C63: =C64+C65+C66 -> #REF!
A64: 6.1.1 | B64: проезд | C64: =#REF! -> #REF!
A65: 6.1.2 | B65: проживание | C65: =#REF! -> #REF!
A66: 6.1.3 | B66: суточные | C66: =#REF! -> #REF!
A67: 6.2 | B67: Командировочные за пределами РК | C67: =C68+C69+C70+C71 -> #REF!
A68: 6.2.1 | B68: проезд | C68: =#REF! -> #REF!
A69: 6.2.2 | B69: проживание | C69: =#REF! -> #REF!
A70: 6.2.3 | B70: суточные | C70: =#REF! -> #REF!
A71: 6.2.4 | B71: прочие расходы(медстрахование, оформление визы и т.д.) | C71: =#REF! -> #REF!
A72: 7 | B72: Оплата работ (услуг) произведенных подрядчиками (юридические и физические лица) | C72: =C73+C76+C78+C81 -> #REF!
A73: 7.1 | B73: Услуги по созданию фиксированных активов (ФА) | C73: =C74 -> #REF!
A74: 7.1.3 | B74: Методологическое сопровождение | C74: =C75 -> #REF!
A75: 7.1.3.2 | B75: внедрение и авторизация программ Международного Бакалавриата (International Baccalaureate) | C75: =#REF! -> #REF!
A76: 7.2 | B76: Обслуживание НМА | C76: =C77 -> #REF!
A77: 7.2.2 | B77: Сопровождение программного обеспечения | C77: =#REF! -> #REF!
A78: 7.3 | B78: Обслуживание ОС | C78: =C79+C80 -> #REF!
A79: 7.3.1 | B79: Текущий ремонт и обслуживание автомобилей | C79: =#REF! -> #REF!
A80: 7.3.2 | B80: Текущий ремонт и обслуживание специального технического оборудования, устройств, приборов | C80: =#REF! -> #REF!
A81: 7.8 | B81: Прочие услуги | C81: =C82+C83+C84 -> #REF!
A82: 7.8.1 | B82: Услуги питания учащихся и воспитанников | C82: =#REF! -> #REF!
A83: 7.8.2 | B83: Привлечение специалистов для участия в апелляционной комиссии по отбору учащихся ИШПП | C83: 0
A84: 7.8.6 | B84: Прочие услуги | C84: =#REF! -> #REF!
A85: 8 | B85: Страхование | C85: =C86+C87+C88 -> #REF!
A86: 8.1 | B86: Обязательное страхование ГПО работодателя за причинение вреда жизни и здоровью работника при исполнении им трудовых (служебных) обязанностей | C86: =#REF! -> #REF!
A87: 8.2 | B87: Обязательное страхование гражданско-правовой ответственности владельцев транспортных средств | C87: =#REF! -> #REF!
A88: 8.4 | B88: Медицинское страхование | C88: =#REF! -> #REF!
A89: 9 | B89: Медицинское обслуживание | C89: =#REF! -> #REF!
A90: 10 | B90: Услуги почты | C90: =#REF! -> #REF!
A91: 11 | B91: Услуги по охране | C91: =#REF! -> #REF!
A92: 14 | B92: Информационные услуги | C92: =#REF! -> #REF!
A93: 16 | B93: Банковские услуги | C93: =#REF! -> #REF!
A94: 20 | B94: Транспортные услуги | C94: =#REF! -> #REF!
A95: 21 | B95: Периодические печатные издания | C95: =#REF! -> #REF!
A96: 22 | B96: Налоги и другие обязательные платежи в бюджет | C96: =C97+C98+C99+C100 -> #REF!
A97: 22.3 | B97: Налог на транспортные средства | C97: =#REF! -> #REF!
A98: 22.7 | B98: Плата за загрязнение окружающей среды | C98: =#REF! -> #REF!
A99: 22.10 | B99: НДС | C99: =#REF! -> #REF!
A100: 22.12 | B100: Прочие платежи в бюджет | C100: 0
A101: 23 | B101: Операционная аренда | C101: =C102+C103 -> #REF!
A102: 23.1 | B102: здания и сооружения | C102: =#REF! -> #REF!
A103: 23.2 | B103: аренда земли | C103: =#REF! -> #REF!
A104: 24 | B104: Противопожарная охрана и затраты, связанные с соблюдением специальных требований | C104: =#REF! -> #REF!
A105: 25 | B105: Обучение и повышение квалификации персонала | C105: =C106+C107 -> 0
A106: 25.2 | B106: Повышение квалификации учителей ИШПП внутри страны | C106: 0
A107: 25.3 | B107: Повышение квалификации администрации ИШПП за рубежом | C107: 0
A108: 26 | B108: Дополнительные образовательные услуги в ИШПП | C108: =C109+C110 -> #REF!
...

Sheet свод 2 (МБ+ШК+ИНТЕР)
L1: Утверждаю Председатель Правления
L2: АОО "Назарбаев Интеллектуальные школы"
L3: _____________ К.Шамшидинова
L4: "_____"______________2012 г.
A6: Утвержденный бюджет филиала "Назарбаев Интеллектуальная школа города Астаны " на 2013 год.
L8: тенге
A9: № п/п | B9: Наименование статей | C9: НИШ г. Астана 2013 год, ВСЕГО | D9: в том числе:
D10: АОН | E10: ПР | F10: из них:
F11: Разработка, внедрение и авторизация программ Международного Бакалавриата | G11: НИШ г. Астана (школа) | H11: в том числе: | J11: НИШ г. Астана (интернат) | K11: в том числе:
H12: АОН | I12: ПР | K12: АОН | L12: ПР
I13: Обучение в 7-11 классах | L13: Обучение в 7-11 классах
A14: 1 | B14: 2 | D14: 4 | E14: 5 | F14: 6 | G14: 7 | H14: 8 | I14: 11 | J14: 7 | K14: 8 | L14: 11
A15: I | B15: Остаток средств на начало года | C15: =G15 -> #REF! | F15: 0 | G15: =#REF! -> #REF! | I15: =#REF! -> #REF! | J15: 0
A16: II | B16: Доходы, всего | C16: =C17+C19+C20 -> #REF! | D16: 0 | E16: =E17+E19+E20 -> #REF! | F16: =F19 -> #REF! | G16: =H16+I16 -> #REF! | H16: 0 | I16: =I17 -> #REF! | J16: =K16+L16 -> #REF! | K16: 0 | L16: =L17 -> #REF!
A17: 1 | B17: Плата за образовательные услуги | C17: =D17+E17 -> #REF! | D17: 0 | E17: =G17 -> #REF! | F17: 0 | G17: =H17+I17 -> #REF! | H17: 0 | I17: =#REF! -> #REF! | J17: =K17+L17 -> #REF! | K17: 0 | L17: =L20 -> #REF!
A18: 1.1 | B18: За счёт средств республиканского бюджета | C18: 363037950 | D18: 0 | E18: 363037950 | F18: 0 | G18: 363037950 | H18: 0 | I18: 363037950 | J18: 363037950 | K18: 0 | L18: 363037950
A19: 3 | B19: Проведение мероприятий, связанных с деятельностью образовательных комплексов | C19: =D19+E19 -> #REF! | D19: 0 | E19: =F19 -> #REF! | F19: =#REF! -> #REF! | G19: 0 | H19: 0 | I19: 0 | J19: 0 | K19: 0 | L19: 0
A20: 5 | B20: Прочий доход | C20: =D20+E20 -> #REF! | D20: 0 | E20: =L20 -> #REF! | F20: 0 | G20: 0 | H20: 0 | I20: 0 | J20: 0 | K20: 0 | L20: =#REF! -> #REF!
A21: III | B21: Расходы, всего | C21: =D21+E21 -> #REF! | D21: =D22+D23+D24+D25+D26+D27+D28+D29+D30+D31+D32+D33+D34+D35+D36+D37+D38+D39+D40+D41+D42+D44+D45+D46+D43 -> #REF! | E21: =E22+E23+E24+E25+E26+E27+E28+E29+E30+E31+E32+E33+E34+E35+E36+E37+E38+E39+E40+E41+E42+E44+E45+E46+E43 -> #REF! | F21: =F22+F23+F24+F25+F26+F27+F28+F29+F30+F31+F32+F33+F34+F35+F36+F37+F38+F39+F40+F41+F42+F43+F44+F45+F46 -> #REF! | G21: =H21+I21 -> #REF! | H21: =H22+H23+H24+H25+H26+H27+H28+H29+H30+H31+H34+H36+H37+H38+H40+H41+H42+H43+H44+H45+H46+H32+H33+H35+H39 -> #REF! | I21: =I22+I23+I24+I25+I26+I27+I28+I29+I30+I31+I34+I36+I37+I38+I40+I41+I42+I43+I44+I45+I46+I32+I33+I35+I39 -> #REF! | J21: =J22+J23+J24+J25+J26+J27+J28+J29+J30+J31+J34+J36+J37+J38+J40+J41+J42+J43+J44+J45+J46 -> #REF! | K21: =K22+K23+K24+K25+K26+K27+K28+K29+K30+K31+K34+K36+K37+K38+K40+K41+K42+K43+K44+K45+K46 -> #REF! | L21: =L22+L23+L24+L25+L26+L27+L28+L29+L30+L31+L34+L36+L37+L38+L40+L41+L42+L43+L44+L45+L46 -> #REF!
A22: 1 | B22: Оплата труда | C22: =D22+E22 -> #REF! | D22: =H22+K22 -> #REF! | E22: =F22+I22+L22 -> #REF! | F22: =#REF! -> #REF! | G22: =H22+I22 -> #REF! | H22: =#REF! -> #REF! | I22: =#REF! -> #REF! | J22: =K22+L22 -> #REF! | K22: =#REF! -> #REF! | L22: =#REF! -> #REF!
A23: 2 | B23: Отчисления от оплаты труда | C23: =D23+E23 -> #REF! | D23: =H23+K23 -> #REF! | E23: =F23+I23+L23 -> #REF! | F23: =#REF! -> #REF! | G23: =H23+I23 -> #REF! | H23: =#REF! -> #REF! | I23: =#REF! -> #REF! | J23: =K23+L23 -> #REF! | K23: =#REF! -> #REF! | L23: =#REF! -> #REF!
A24: 3 | B24: Запасы | C24: =D24+E24 -> #REF! | D24: =H24+K24 -> #REF! | E24: =F24+I24+L24 -> #REF! | F24: =#REF! -> #REF! | G24: =H24+I24 -> #REF! | H24: =#REF! -> #REF! | I24: =#REF! -> #REF! | J24: =K24+L24 -> #REF! | K24: =#REF! -> #REF! | L24: =#REF! -> #REF!
A25: 4 | B25: Коммунальные услуги | C25: =D25+E25 -> #REF! | D25: =H25+K25 -> #REF! | E25: =F25+I25+L25 -> #REF! | F25: 0 | G25: =H25+I25 -> #REF! | H25: =#REF! -> #REF! | I25: =#REF! -> #REF! | J25: =K25+L25 -> #REF! | K25: =#REF! -> #REF! | L25: =#REF! -> #REF!
A26: 5 | B26: Связь | C26: =D26+E26 -> #REF! | D26: =H26+K26 -> #REF! | E26: =F26+I26+L26 -> #REF! | F26: 0 | G26: =H26+I26 -> #REF! | H26: =#REF! -> #REF! | I26: =#REF! -> #REF! | J26: =K26+L26 -> #REF! | K26: =#REF! -> #REF! | L26: =#REF! -> #REF!
A27: 6 | B27: Командировочные расходы | C27: =D27+E27 -> #REF! | D27: =H27+K27 -> #REF! | E27: =F27+I27+L27 -> #REF! | F27: =#REF! -> #REF! | G27: =H27+I27 -> #REF! | H27: =#REF! -> #REF! | I27: =#REF! -> #REF! | J27: =K27+L27 -> #REF! | K27: 0 | L27: =#REF! -> #REF!
A28: 7 | B28: Оплата работ (услуг) произведенных подрядчиками (юридические и физические лица) | C28: =D28+E28 -> #REF! | D28: =H28+K28 -> #REF! | E28: =F28+I28+L28 -> #REF! | F28: =#REF! -> #REF! | G28: =H28+I28 -> #REF! | H28: =#REF! -> #REF! | I28: =#REF! -> #REF! | J28: =K28+L28 -> #REF! | K28: 0 | L28: =#REF! -> #REF!
A29: 8 | B29: Страхование | C29: =D29+E29 -> #REF! | D29: =H29+K29 -> #REF! | E29: =F29+I29+L29 -> #REF! | F29: =#REF! -> #REF! | G29: =H29+I29 -> #REF! | H29: =#REF! -> #REF! | I29: =#REF! -> #REF! | J29: =K29+L29 -> #REF! | K29: =#REF! -> #REF! | L29: =#REF! -> #REF!
A30: 9 | B30: Медицинское обслуживание | C30: =D30+E30 -> #REF! | D30: =H30+K30 -> #REF! | E30: =F30+I30+L30 -> #REF! | F30: 0 | G30: =H30+I30 -> #REF! | H30: =#REF! -> #REF! | I30: =#REF! -> #REF! | J30: =K30+L30 -> #REF! | K30: =#REF! -> #REF! | L30: =#REF! -> #REF!
A31: 10 | B31: Услуги почты | C31: =D31+E31 -> #REF! | D31: =H31+K31 -> 0 | E31: =F31+I31+L31 -> #REF! | F31: =#REF! -> #REF! | G31: =H31+I31 -> 0 | H31: 0 | I31: 0 | J31: =K31+L31 -> 0 | K31: 0 | L31: 0
A32: 11 | B32: Услуги по охране | C32: =D32+E32 -> #REF! | D32: =H32+K32 -> #REF! | E32: =F32+I32+L32 -> #REF! | G32: =H32+I32 -> #REF! | H32: =#REF! -> #REF! | I32: =#REF! -> #REF!
A33: 14 | B33: Информационные услуги | C33: =D33+E33 -> #REF! | D33: =H33+K33 -> #REF! | E33: =F33+I33+L33 -> 0 | G33: =H33+I33 -> #REF! | H33: =#REF! -> #REF!
A34: 16 | B34: Банковские услуги | C34: =D34+E34 -> #REF! | D34: =H34+K34 -> #REF! | E34: =F34+I34+L34 -> #REF! | F34: =#REF! -> #REF! | G34: =H34+I34 -> #REF! | H34: =#REF! -> #REF! | I34: =#REF! -> #REF! | J34: =K34+L34 -> #REF! | K34: =#REF! -> #REF! | L34: 0
A35: 20 | B35: Транспортные услуги | C35: =D35+E35 -> #REF! | D35: =H35+K35 -> #REF! | E35: =F35+I35+L35 -> #REF! | G35: =H35+I35 -> #REF! | H35: =#REF! -> #REF! | I35: =#REF! -> #REF! | J35: =K35+L35 -> 0
A36: 21 | B36: Периодические печатные издания | C36: =D36+E36 -> #REF! | D36: =H36+K36 -> 0 | E36: =F36+I36+L36 -> #REF! | F36: =#REF! -> #REF! | G36: =H36+I36 -> 0 | H36: 0 | I36: 0 | J36: =K36+L36 -> 0 | K36: 0 | L36: 0
A37: 22 | B37: Налоги и другие обязательные платежи в бюджет | C37: =D37+E37 -> #REF! | D37: =H37+K37 -> #REF! | E37: =F37+I37+L37 -> #REF! | F37: =#REF! -> #REF! | G37: =H37+I37 -> #REF! | H37: =#REF! -> #REF! | I37: =#REF! -> #REF! | J37: =K37+L37 -> #REF! | K37: 0 | L37: =#REF! -> #REF!
A38: 23 | B38: Операционная аренда | C38: =D38+E38 -> #REF! | D38: =H38+K38 -> #REF! | E38: =F38+I38+L38 -> #REF! | F38: =#REF! -> #REF! | G38: =H38+I38 -> #REF! | H38: =#REF! -> #REF! | I38: =#REF! -> #REF! | J38: =K38+L38 -> 0 | K38: 0 | L38: 0
A39: 24 | B39: Противопожарная охрана и затраты, связанные с соблюдением специальных требований | C39: =D39+E39 -> #REF! | D39: =H39+K39 -> #REF! | E39: =F39+I39+L39 -> #REF! | G39: =H39+I39 -> #REF! | H39: =#REF! -> #REF! | I39: =#REF! -> #REF!
A40: 25 | B40: Обучение и повышение квалификации персонала | C40: =D40+E40 -> 0 | D40: =H40+K40 -> 0 | E40: =F40+I40+L40 -> 0 | F40: 0 | G40: =H40+I40 -> 0 | H40: 0 | I40: 0 | J40: =K40+L40 -> 0 | K40: 0 | L40: 0
A41: 26 | B41: Дополнительные образовательные услуги в ИШПП | C41: =D41+E41 -> #REF! | D41: =H41+K41 -> 0 | E41: =F41+I41+L41 -> #REF! | F41: 0 | G41: =H41+I41 -> #REF! | H41: 0 | I41: =#REF! -> #REF! | J41: =K41+L41 -> 0 | K41: 0 | L41: 0
A42: 28 | B42: Расходы на участие и проведение семинаров, круглых столов, конференций и т.п. | C42: =D42+E42 -> #REF! | D42: =H42+K42 -> 0 | E42: =F42+I42+L42 -> #REF! | F42: =#REF! -> #REF! | G42: =H42+I42 -> 0 | H42: 0 | I42: 0 | J42: =K42+L42 -> 0 | K42: 0 | L42: 0
A43: 29 | B43: Расходы на социальную сферу | C43: =D43+E43 -> #REF! | D43: =H43+K43 -> #REF! | E43: =F43+I43+L43 -> #REF! | F43: 0 | G43: =H43+I43 -> #REF! | H43: =#REF! -> #REF! | I43: =#REF! -> #REF! | J43: =K43+L43 -> 0 | K43: 0 | L43: 0
A44: 31 | B44: Прочие | C44: =D44+E44 -> #REF! | D44: =H44+K44 -> #REF! | E44: =F44+I44+L44 -> #REF! | F44: 0 | G44: =H44+I44 -> #REF! | H44: =#REF! -> #REF! | I44: =#REF! -> #REF! | J44: =K44+L44 -> #REF! | K44: =#REF! -> #REF! | L44: =#REF! -> #REF!
A45: 32 | B45: Приобретение оборудования и других основных средств (ОС) | C45: =D45+E45 -> #REF! | D45: =H45+K45 -> 0 | E45: =F45+I45+L45 -> #REF! | F45: =#REF! -> #REF! | G45: =H45+I45 -> 0 | H45: 0 | I45: 0 | J45: =K45+L45 -> 0 | K45: 0 | L45: 0
A46: 33 | B46: Приобретение прочих фиксированных активов | C46: =D46+E46 -> #REF! | D46: =H46+K46 -> #REF! | E46: =F46+I46+L46 -> 0 | G46: =H46+I46 -> #REF! | H46: =#REF! -> #REF! | I46: 0 | J46: =K46+L46 -> 0 | K46: 0 | L46: 0
A47: 37 | B47: Амортизация и износ основных средств | C47: =D47+E47 -> #REF! | D47: =H47+K47 -> #REF! | E47: =I47+L47 -> #REF! | F47: 0 | G47: =H47+I47 -> #REF! | H47: =#REF! -> #REF! | I47: =#REF! -> #REF! | J47: =K47+L47 -> #REF! | K47: =#REF! -> #REF! | L47: =#REF! -> #REF!
B48: Итого расходов | C48: =D48+E48 -> #REF! | D48: =D22+D23+D24+D25+D26+D27+D28+D29+D30+D31+D34+D36+D37+D38+D40++D41+D42+D43+D44+D45+D46+D39+D35+D33+D32 -> #REF! | E48: =E22+E23+E24+E25+E26+E27+E28+E29+E30+E31+E34+E36+E37+E38+E40++E41+E42+E43+E44+E45+E46+E39+E35+E33+E32 -> #REF! | F48: =F22+F23+F24+F25+F26+F27+F28+F29+F30+F31+F34+F36+F37+F38+F40++F41+F42+F43+F44+F45+F46+F39+F35+F33+F32 -> #REF! | G48: =H48+I48 -> #REF! | H48: =H22+H23+H24+H25+H26+H27+H28+H29+H30+H31+H34+H36+H37+H38+H40++H41+H42+H43+H44+H45+H46+H39+H35+H33+H32 -> #REF! | I48: =I22+I23+I24+I25+I26+I27+I28+I29+I30+I31+I34+I36+I37+I38+I40++I41+I42+I43+I44+I45+I46+I39+I35+I33+I32 -> #REF! | J48: =K48+L48 -> #REF! | K48: =K22+K23+K24+K25+K26+K27+K28+K29+K30+K31+K34+K36+K37+K38+K40++K41+K42+K43+K44+K45+K46 -> #REF! | L48: =L22+L23+L24+L25+L26+L27+L28+L29+L30+L31+L34+L36+L37+L38+L40++L41+L42+L43+L44+L45+L46 -> #REF!
A49: 38 | B49: Закрытие обязательств прошлых лет | C49: =D49 -> #REF! | D49: =H49 -> #REF! | E49: 0 | G49: =H49+I49 -> #REF! | H49: =#REF! -> #REF! | I49: 0 | J49: =K49+L49 -> 0 | K49: 0 | L49: 0
A50: 40 | B50: Накладные расходы | C50: =D50+E50 -> 0 | D50: -152561912 | E50: 152561912 | F50: 0 | G50: 0 | H50: -144834592 | I50: 144834592 | J50: 0 | K50: -7727319 | L50: 7727319
B51: Всего расходов | C51: =C48+C49 -> #REF! | D51: 0 | E51: =E48+E49+E50 -> #REF! | F51: =F48+F50 -> #REF! | G51: =G48+G49 -> #REF! | H51: 0.39 | I51: =I48+I49+I50 -> #REF! | J51: =J48+J49 -> #REF! | K51: 0.39 | L51: =L48+L49+L50 -> #REF!
B52: Резервный фонд | C52: 0 | E52: 0 | F52: 0 | G52: 0 | J52: 0
A53: 42 | B53: Остаток на конец периода | C53: =C15+C16-C51 -> #REF! | D53: 0 | E53: 0 | F53: 0.054206491 | G53: =G15+G16-G51 -> #REF! | J53: =J15+J16-J51 -> #REF!
C56: Заместитель Председателя Правления Ш.Муратбаева
C58: Директор Департамента экономики и планирования Л.Шарипова
C61: Директор А. Жангозин
C63: Заместитель директора по ФАР Б. Жумабаева
C65: Экономист С.Доспаева

Sheet тариф на 22 кл школа 
AD1: Код строки | AE1: 2.01.
B2: Тарификация филиала "Назарбаев Интеллектуальная школа __________" на _________ учебный год | R2: размер МРП
E3: 1.08 | R3: размер МЗП
A4: с 01.01..- 31.08 | C4: 201…г | R4: кол-во премий | AF4: Вписать формулой | BD4: Вписать формулой
A5: № п/п | B5: Ф.И.О. | C5: Должность (уч/предметник) | D5: Уровень педагогического мастерства | E5: Базовая ставка за 1 час | I5: Учебная нагрузка 1-6 классы | N5: Учебная нагрузка 7-12 классы | S5: Базовый оклад в месяц 1-6 классы | X5: Базовый оклад в месяц 7-12 классы | AC5: Должностной оклад по 1-6 классам | AD5: Должностной оклад по 7-12 классам | AE5: Всего должностной оклад в месяц | AF5: Доплаты по 1-6 классам | AP5: Итого доплаты и надбавки в месяц, тенге | AQ5: Доплаты по 7-12 классам | AY5: Итого доплаты и надбавки в месяц, тенге | AZ5: Всего доплаты и надбавки в месяц, тенге | BA5: Заработная плата в месяц с доплатами и надбавками 1-6 класс | BB5: Заработная плата в месяц с доплатами и надбавками 7-12 класс | BC5: Итого Заработная плата в месяц | BD5: Лечебное пособие 1-6 классы | BE5: Лечебное пособие 7-12 классы | BF5: Итого Лечебное пособие | BG5: Премия 1-6 классы | BH5: Премия 7-12 классы | BI5: Итого Премия | BJ5: ФОТ, 1-6 классы в год | BK5: ФОТ 7-12 классы в год | BL5: ФОТ, всего, тенге | BM5: 1-6 классы | BQ5: 7-12 классы | BU5: Всего
AF6: Заведование учебными кабинетами | AG6: Руководство методическим объединением | AH6: За проверку тетрадей | AJ6: Доплата за проживание в зонах экологического бедствия | AL6: Доплата за проживание на территориях радиационного риска | AN6: за кураторскую работу в 1-4 классах | AQ6: Заведование учебными кабинетами | AR6: Руководство методическим объединением | AS6: За проверку тетрадей | AU6: Доплата за проживание в зонах экологического бедствия | AW6: Доплата за проживание на территориях радиационного риска | BM6: Выплаты в пенсионный фонд (10%) | BN6: ИПН (10%) | BO6: Социальный налог | BP6: Соц.страхование | BQ6: Выплаты в пенсионный фонд (10%) | BR6: ИПН (10%) | BS6: Социальный налог | BT6: Соц.страхование | BU6: Выплаты в пенсионный фонд (10%) | BV6: ИПН (10%) | BW6: Социальный налог | BX6: Соц.страхование
E8: АЧ | F8: ЭК | G8: РУ | H8: КР | I8: АЧ | J8: ЭК | K8: РУ | L8: КР | M8: Итого | N8: АЧ | O8: ЭК | P8: РУ | Q8: КР | R8: Итого | S8: АЧ | T8: ЭК | U8: РУ | V8: КР | W8: Итого | X8: АЧ | Y8: ЭК | Z8: РУ | AA8: КР | AB8: Итого | AF8: Сумма, тенге | AG8: Сумма, тенге | AH8: Размер 7% | AI8: Сумма, тенге | AJ8: Размер 30% | AK8: Сумма, тенге | AL8: Размер 1,5 МРП | AM8: Сумма, тенге | AN8: Размер 50% от ДО | AO8: Сумма, тенге | AP8: Сумма, тенге | AQ8: Сумма, тенге | AR8: Сумма, тенге | AS8: Размер % | AT8: Сумма, тенге | AU8: Размер 30% | AV8: Сумма, тенге | AW8: 1,5 МРП | AX8: Сумма, тенге | AY8: Сумма, тенге | AZ8: Сумма, тенге
A9: 1 | B9: =A9+1 -> 2 | C9: =B9+1 -> 3 | D9: =C9+1 -> 4 | E9: =D9+1 -> 5 | F9: =E9+1 -> 6 | G9: =F9+1 -> 7 | H9: =G9+1 -> 8 | I9: =H9+1 -> 9 | ... BX9: =BW9+1 -> 76
B10: … | M10: =I10+J10+K10+L10 -> 0 | R10: =N10+O10+P10+Q10 -> 0 | S10: =E10*I10*4 -> 0 | T10: =F10*J10*4 -> 0 | U10: =G10*K10*4 -> 0 | V10: =H10*L10*4 -> 0 | W10: =S10+T10+U10+V10 -> 0 | X10: =E10*N10*4 -> 0 | Y10: =F10*O10*4 -> 0 | Z10: =G10*P10*4 -> 0 | AA10: =H10*Q10*4 -> 0 | AB10: =X10+Y10+Z10+AA10 -> 0 | AC10: =W10 -> 0 | AD10: =AB10 -> 0 | AE10: =AC10+AD10 -> 0 | AI10: =AH10*AC10 -> 0 | AK10: =AJ10*AC10 -> 0 | AM10: =AL10*$T$2 -> 0 | AO10: =AN10*AC10 -> 0 | AP10: =AF10+AG10+AI10+AK10+AM10+AO10 -> 0 | AT10: =AS10*AD10 -> 0 | AV10: =AU10*AD10 -> 0 | AX10: =AW10*$T$2 -> 0 | AY10: =AQ10+AR10+AT10+AV10+AX10 -> 0 | AZ10: =AP10+AY10 -> 0 | BA10: =AC10+AP10 -> 0 | BB10: =AD10+AY10 -> 0 | BC10: =BA10+BB10 -> 0 | BF10: =BD10+BE10 -> 0 | BG10: =W10*$T$4 -> 0 | BH10: =AB10*$T$4 -> 0 | BI10: =BG10+BH10 -> 0 | BJ10: =BA10+BD10+BG10 -> 0 | BK10: =BB10+BE10+BH10 -> 0 | BL10: =BJ10+BK10 -> 0 | BM10: =BJ10*10% -> 0 | BN10: =(BJ10-BM10)*10% -> 0 | BO10: =(BJ10-BM10)*6% -> 0 | BP10: =(BJ10-BM10)*5% -> 0 | BQ10: =BK10*10% -> 0 | BR10: =(BK10-BQ10)*10% -> 0 | BS10: =(BK10-BQ10)*6% -> 0 | BT10: =(BK10-BQ10)*5% -> 0 | BU10: =BM10+BQ10 -> 0 | BV10: =BN10+BR10 -> 0 | BW10: =BO10+BS10 -> 0 | BX10: =BP10+BT10 -> 0
M11: =I11+J11+K11+L11 -> 0 | R11: =N11+O11+P11+Q11 -> 0 | S11: =E11*I11*4 -> 0 | T11: =F11*J11*4 -> 0 | U11: =G11*K11*4 -> 0 | V11: =H11*L11*4 -> 0 | W11: =S11+T11+U11+V11 -> 0 | X11: =E11*N11*4 -> 0 | Y11: =F11*O11*4 -> 0 | Z11: =G11*P11*4 -> 0 | AA11: =H11*Q11*4 -> 0 | AB11: =X11+Y11+Z11+AA11 -> 0 | AC11: =W11 -> 0 | AD11: =AB11 -> 0 | AE11: =AC11+AD11 -> 0 | AI11: =AH11*AC11 -> 0 | AK11: =AJ11*AC11 -> 0 | AM11: =AL11*$T$2 -> 0 | AO11: =AN11*AC11 -> 0 | AP11: =AF11+AG11+AI11+AK11+AM11+AO11 -> 0 | AT11: =AS11*AD11 -> 0 | AV11: =AU11*AD11 -> 0 | AX11: =AW11*$T$2 -> 0 | AY11: =AQ11+AR11+AT11+AV11+AX11 -> 0 | AZ11: =AP11+AY11 -> 0 | BA11: =AC11+AP11 -> 0 | BB11: =AD11+AY11 -> 0 | BC11: =BA11+BB11 -> 0 | BF11: =BD11+BE11 -> 0 | BG11: =W11*$T$4 -> 0 | BH11: =AB11*$T$4 -> 0 | BI11: =BG11+BH11 -> 0 | BJ11: =BA11+BD11+BG11 -> 0 | BK11: =BB11+BE11+BH11 -> 0 | BL11: =BJ11+BK11 -> 0 | BM11: =BJ11*10% -> 0 | BN11: =(BJ11-BM11)*10% -> 0 | BO11: =(BJ11-BM11)*6% -> 0 | BP11: =(BJ11-BM11)*5% -> 0 | BQ11: =BK11*10% -> 0 | BR11: =(BK11-BQ11)*10% -> 0 | BS11: =(BK11-BQ11)*6% -> 0 | BT11: =(BK11-BQ11)*5% -> 0 | BU11: =BM11+BQ11 -> 0 | BV11: =BN11+BR11 -> 0 | BW11: =BO11+BS11 -> 0 | BX11: =BP11+BT11 -> 0
M12: =I12+J12+K12+L12 -> 0 | R12: =N12+O12+P12+Q12 -> 0 | S12: =E12*I12*4 -> 0 | T12: =F12*J12*4 -> 0 | U12: =G12*K12*4 -> 0 | V12: =H12*L12*4 -> 0 | W12: =S12+T12+U12+V12 -> 0 | X12: =E12*N12*4 -> 0 | Y12: =F12*O12*4 -> 0 | Z12: =G12*P12*4 -> 0 | AA12: =H12*Q12*4 -> 0 | AB12: =X12+Y12+Z12+AA12 -> 0 | AC12: =W12 -> 0 | AD12: =AB12 -> 0 | AE12: =AC12+AD12 -> 0 | AI12: =AH12*AC12 -> 0 | AK12: =AJ12*AC12 -> 0 | AM12: =AL12*$T$2 -> 0 | AO12: =AN12*AC12 -> 0 | AP12: =AF12+AG12+AI12+AK12+AM12+AO12 -> 0 | AT12: =AS12*AD12 -> 0 | AV12: =AU12*AD12 -> 0 | AX12: =AW12*$T$2 -> 0 | AY12: =AQ12+AR12+AT12+AV12+AX12 -> 0 | AZ12: =AP12+AY12 -> 0 | BA12: =AC12+AP12 -> 0 | BB12: =AD12+AY12 -> 0 | BC12: =BA12+BB12 -> 0 | BF12: =BD12+BE12 -> 0 | BG12: =W12*$T$4 -> 0 | BH12: =AB12*$T$4 -> 0 | BI12: =BG12+BH12 -> 0 | BJ12: =BA12+BD12+BG12 -> 0 | BK12: =BB12+BE12+BH12 -> 0 | BL12: =BJ12+BK12 -> 0 | BM12: =BJ12*10% -> 0 | BN12: =(BJ12-BM12)*10% -> 0 | BO12: =(BJ12-BM12)*6% -> 0 | BP12: =(BJ12-BM12)*5% -> 0 | BQ12: =BK12*10% -> 0 | BR12: =(BK12-BQ12)*10% -> 0 | BS12: =(BK12-BQ12)*6% -> 0 | BT12: =(BK12-BQ12)*5% -> 0 | BU12: =BM12+BQ12 -> 0 | BV12: =BN12+BR12 -> 0 | BW12: =BO12+BS12 -> 0 | BX12: =BP12+BT12 -> 0
M13: =I13+J13+K13+L13 -> 0 | R13: =N13+O13+P13+Q13 -> 0 | S13: =E13*I13*4 -> 0 | T13: =F13*J13*4 -> 0 | U13: =G13*K13*4 -> 0 | V13: =H13*L13*4 -> 0 | W13: =S13+T13+U13+V13 -> 0 | X13: =E13*N13*4 -> 0 | Y13: =F13*O13*4 -> 0 | Z13: =G13*P13*4 -> 0 | AA13: =H13*Q13*4 -> 0 | AB13: =X13+Y13+Z13+AA13 -> 0 | AC13: =W13 -> 0 | AD13: =AB13 -> 0 | AE13: =AC13+AD13 -> 0 | AI13: =AH13*AC13 -> 0 | AK13: =AJ13*AC13 -> 0 | AM13: =AL13*$T$2 -> 0 | AO13: =AN13*AC13 -> 0 | AP13: =AF13+AG13+AI13+AK13+AM13+AO13 -> 0 | AT13: =AS13*AD13 -> 0 | AV13: =AU13*AD13 -> 0 | AX13: =AW13*$T$2 -> 0 | AY13: =AQ13+AR13+AT13+AV13+AX13 -> 0 | AZ13: =AP13+AY13 -> 0 | BA13: =AC13+AP13 -> 0 | BB13: =AD13+AY13 -> 0 | BC13: =BA13+BB13 -> 0 | BF13: =BD13+BE13 -> 0 | BG13: =W13*$T$4 -> 0 | BH13: =AB13*$T$4 -> 0 | BI13: =BG13+BH13 -> 0 | BJ13: =BA13+BD13+BG13 -> 0 | BK13: =BB13+BE13+BH13 -> 0 | BL13: =BJ13+BK13 -> 0 | BM13: =BJ13*10% -> 0 | BN13: =(BJ13-BM13)*10% -> 0 | BO13: =(BJ13-BM13)*6% -> 0 | BP13: =(BJ13-BM13)*5% -> 0 | BQ13: =BK13*10% -> 0 | BR13: =(BK13-BQ13)*10% -> 0 | BS13: =(BK13-BQ13)*6% -> 0 | BT13: =(BK13-BQ13)*5% -> 0 | BU13: =BM13+BQ13 -> 0 | BV13: =BN13+BR13 -> 0 | BW13: =BO13+BS13 -> 0 | BX13: =BP13+BT13 -> 0
M14: =I14+J14+K14+L14 -> 0 | R14: =N14+O14+P14+Q14 -> 0 | S14: =E14*I14*4 -> 0 | T14: =F14*J14*4 -> 0 | U14: =G14*K14*4 -> 0 | V14: =H14*L14*4 -> 0 | W14: =S14+T14+U14+V14 -> 0 | X14: =E14*N14*4 -> 0 | Y14: =F14*O14*4 -> 0 | Z14: =G14*P14*4 -> 0 | AA14: =H14*Q14*4 -> 0 | AB14: =X14+Y14+Z14+AA14 -> 0 | AC14: =W14 -> 0 | AD14: =AB14 -> 0 | AE14: =AC14+AD14 -> 0 | AI14: =AH14*AC14 -> 0 | AK14: =AJ14*AC14 -> 0 | AM14: =AL14*$T$2 -> 0 | AO14: =AN14*AC14 -> 0 | AP14: =AF14+AG14+AI14+AK14+AM14+AO14 -> 0 | AT14: =AS14*AD14 -> 0 | AV14: =AU14*AD14 -> 0 | AX14: =AW14*$T$2 -> 0 | AY14: =AQ14+AR14+AT14+AV14+AX14 -> 0 | AZ14: =AP14+AY14 -> 0 | BA14: =AC14+AP14 -> 0 | BB14: =AD14+AY14 -> 0 | BC14: =BA14+BB14 -> 0 | BF14: =BD14+BE14 -> 0 | BG14: =W14*$T$4 -> 0 | BH14: =AB14*$T$4 -> 0 | BI14: =BG14+BH14 -> 0 | BJ14: =BA14+BD14+BG14 -> 0 | BK14: =BB14+BE14+BH14 -> 0 | BL14: =BJ14+BK14 -> 0 | BM14: =BJ14*10% -> 0 | BN14: =(BJ14-BM14)*10% -> 0 | BO14: =(BJ14-BM14)*6% -> 0 | BP14: =(BJ14-BM14)*5% -> 0 | BQ14: =BK14*10% -> 0 | BR14: =(BK14-BQ14)*10% -> 0 | BS14: =(BK14-BQ14)*6% -> 0 | BT14: =(BK14-BQ14)*5% -> 0 | BU14: =BM14+BQ14 -> 0 | BV14: =BN14+BR14 -> 0 | BW14: =BO14+BS14 -> 0 | BX14: =BP14+BT14 -> 0
M15: =I15+J15+K15+L15 -> 0 | R15: =N15+O15+P15+Q15 -> 0 | S15: =E15*I15*4 -> 0 | T15: =F15*J15*4 -> 0 | U15: =G15*K15*4 -> 0 | V15: =H15*L15*4 -> 0 | W15: =S15+T15+U15+V15 -> 0 | X15: =E15*N15*4 -> 0 | Y15: =F15*O15*4 -> 0 | Z15: =G15*P15*4 -> 0 | AA15: =H15*Q15*4 -> 0 | AB15: =X15+Y15+Z15+AA15 -> 0 | AC15: =W15 -> 0 | AD15: =AB15 -> 0 | AE15: =AC15+AD15 -> 0 | AI15: =AH15*AC15 -> 0 | AK15: =AJ15*AC15 -> 0 | AM15: =AL15*$T$2 -> 0 | AO15: =AN15*AC15 -> 0 | AP15: =AF15+AG15+AI15+AK15+AM15+AO15 -> 0 | AT15: =AS15*AD15 -> 0 | AV15: =AU15*AD15 -> 0 | AX15: =AW15*$T$2 -> 0 | AY15: =AQ15+AR15+AT15+AV15+AX15 -> 0 | AZ15: =AP15+AY15 -> 0 | BA15: =AC15+AP15 -> 0 | BB15: =AD15+AY15 -> 0 | BC15: =BA15+BB15 -> 0 | BF15: =BD15+BE15 -> 0 | BG15: =W15*$T$4 -> 0 | BH15: =AB15*$T$4 -> 0 | BI15: =BG15+BH15 -> 0 | BJ15: =BA15+BD15+BG15 -> 0 | BK15: =BB15+BE15+BH15 -> 0 | BL15: =BJ15+BK15 -> 0 | BM15: =BJ15*10% -> 0 | BN15: =(BJ15-BM15)*10% -> 0 | BO15: =(BJ15-BM15)*6% -> 0 | BP15: =(BJ15-BM15)*5% -> 0 | BQ15: =BK15*10% -> 0 | BR15: =(BK15-BQ15)*10% -> 0 | BS15: =(BK15-BQ15)*6% -> 0 | BT15: =(BK15-BQ15)*5% -> 0 | BU15: =BM15+BQ15 -> 0 | BV15: =BN15+BR15 -> 0 | BW15: =BO15+BS15 -> 0 | BX15: =BP15+BT15 -> 0
M16: =I16+J16+K16+L16 -> 0 | R16: =N16+O16+P16+Q16 -> 0 | S16: =E16*I16*4 -> 0 | T16: =F16*J16*4 -> 0 | U16: =G16*K16*4 -> 0 | V16: =H16*L16*4 -> 0 | W16: =S16+T16+U16+V16 -> 0 | X16: =E16*N16*4 -> 0 | Y16: =F16*O16*4 -> 0 | Z16: =G16*P16*4 -> 0 | AA16: =H16*Q16*4 -> 0 | AB16: =X16+Y16+Z16+AA16 -> 0 | AC16: =W16 -> 0 | AD16: =AB16 -> 0 | AE16: =AC16+AD16 -> 0 | AI16: =AH16*AC16 -> 0 | AK16: =AJ16*AC16 -> 0 | AM16: =AL16*$T$2 -> 0 | AO16: =AN16*AC16 -> 0 | AP16: =AF16+AG16+AI16+AK16+AM16+AO16 -> 0 | AT16: =AS16*AD16 -> 0 | AV16: =AU16*AD16 -> 0 | AX16: =AW16*$T$2 -> 0 | AY16: =AQ16+AR16+AT16+AV16+AX16 -> 0 | AZ16: =AP16+AY16 -> 0 | BA16: =AC16+AP16 -> 0 | BB16: =AD16+AY16 -> 0 | BC16: =BA16+BB16 -> 0 | BF16: =BD16+BE16 -> 0 | BG16: =W16*$T$4 -> 0 | BH16: =AB16*$T$4 -> 0 | BI16: =BG16+BH16 -> 0 | BJ16: =BA16+BD16+BG16 -> 0 | BK16: =BB16+BE16+BH16 -> 0 | BL16: =BJ16+BK16 -> 0 | BM16: =BJ16*10% -> 0 | BN16: =(BJ16-BM16)*10% -> 0 | BO16: =(BJ16-BM16)*6% -> 0 | BP16: =(BJ16-BM16)*5% -> 0 | BQ16: =BK16*10% -> 0 | BR16: =(BK16-BQ16)*10% -> 0 | BS16: =(BK16-BQ16)*6% -> 0 | BT16: =(BK16-BQ16)*5% -> 0 | BU16: =BM16+BQ16 -> 0 | BV16: =BN16+BR16 -> 0 | BW16: =BO16+BS16 -> 0 | BX16: =BP16+BT16 -> 0
M17: =I17+J17+K17+L17 -> 0 | R17: =N17+O17+P17+Q17 -> 0 | S17: =E17*I17*4 -> 0 | T17: =F17*J17*4 -> 0 | U17: =G17*K17*4 -> 0 | V17: =H17*L17*4 -> 0 | W17: =S17+T17+U17+V17 -> 0 | X17: =E17*N17*4 -> 0 | Y17: =F17*O17*4 -> 0 | Z17: =G17*P17*4 -> 0 | AA17: =H17*Q17*4 -> 0 | AB17: =X17+Y17+Z17+AA17 -> 0 | AC17: =W17 -> 0 | AD17: =AB17 -> 0 | AE17: =AC17+AD17 -> 0 | AI17: =AH17*AC17 -> 0 | AK17: =AJ17*AC17 -> 0 | AM17: =AL17*$T$2 -> 0 | AO17: =AN17*AC17 -> 0 | AP17: =AF17+AG17+AI17+AK17+AM17+AO17 -> 0 | AT17: =AS17*AD17 -> 0 | AV17: =AU17*AD17 -> 0 | AX17: =AW17*$T$2 -> 0 | AY17: =AQ17+AR17+AT17+AV17+AX17 -> 0 | AZ17: =AP17+AY17 -> 0 | BA17: =AC17+AP17 -> 0 | BB17: =AD17+AY17 -> 0 | BC17: =BA17+BB17 -> 0 | BF17: =BD17+BE17 -> 0 | BG17: =W17*$T$4 -> 0 | BH17: =AB17*$T$4 -> 0 | BI17: =BG17+BH17 -> 0 | BJ17: =BA17+BD17+BG17 -> 0 | BK17: =BB17+BE17+BH17 -> 0 | BL17: =BJ17+BK17 -> 0 | BM17: =BJ17*10% -> 0 | BN17: =(BJ17-BM17)*10% -> 0 | BO17: =(BJ17-BM17)*6% -> 0 | BP17: =(BJ17-BM17)*5% -> 0 | BQ17: =BK17*10% -> 0 | BR17: =(BK17-BQ17)*10% -> 0 | BS17: =(BK17-BQ17)*6% -> 0 | BT17: =(BK17-BQ17)*5% -> 0 | BU17: =BM17+BQ17 -> 0 | BV17: =BN17+BR17 -> 0 | BW17: =BO17+BS17 -> 0 | BX17: =BP17+BT17 -> 0
M18: =I18+J18+K18+L18 -> 0 | R18: =N18+O18+P18+Q18 -> 0 | S18: =E18*I18*4 -> 0 | T18: =F18*J18*4 -> 0 | U18: =G18*K18*4 -> 0 | V18: =H18*L18*4 -> 0 | W18: =S18+T18+U18+V18 -> 0 | X18: =E18*N18*4 -> 0 | Y18: =F18*O18*4 -> 0 | Z18: =G18*P18*4 -> 0 | AA18: =H18*Q18*4 -> 0 | AB18: =X18+Y18+Z18+AA18 -> 0 | AC18: =W18 -> 0 | AD18: =AB18 -> 0 | AE18: =AC18+AD18 -> 0 | AI18: =AH18*AC18 -> 0 | AK18: =AJ18*AC18 -> 0 | AM18: =AL18*$T$2 -> 0 | AO18: =AN18*AC18 -> 0 | AP18: =AF18+AG18+AI18+AK18+AM18+AO18 -> 0 | AT18: =AS18*AD18 -> 0 | AV18: =AU18*AD18 -> 0 | AX18: =AW18*$T$2 -> 0 | AY18: =AQ18+AR18+AT18+AV18+AX18 -> 0 | AZ18: =AP18+AY18 -> 0 | BA18: =AC18+AP18 -> 0 | BB18: =AD18+AY18 -> 0 | BC18: =BA18+BB18 -> 0 | BF18: =BD18+BE18 -> 0 | BG18: =W18*$T$4 -> 0 | BH18: =AB18*$T$4 -> 0 | BI18: =BG18+BH18 -> 0 | BJ18: =BA18+BD18+BG18 -> 0 | BK18: =BB18+BE18+BH18 -> 0 | BL18: =BJ18+BK18 -> 0 | BM18: =BJ18*10% -> 0 | BN18: =(BJ18-BM18)*10% -> 0 | BO18: =(BJ18-BM18)*6% -> 0 | BP18: =(BJ18-BM18)*5% -> 0 | BQ18: =BK18*10% -> 0 | BR18: =(BK18-BQ18)*10% -> 0 | BS18: =(BK18-BQ18)*6% -> 0 | BT18: =(BK18-BQ18)*5% -> 0 | BU18: =BM18+BQ18 -> 0 | BV18: =BN18+BR18 -> 0 | BW18: =BO18+BS18 -> 0 | BX18: =BP18+BT18 -> 0
M19: =I19+J19+K19+L19 -> 0 | R19: =N19+O19+P19+Q19 -> 0 | S19: =E19*I19*4 -> 0 | T19: =F19*J19*4 -> 0 | U19: =G19*K19*4 -> 0 | V19: =H19*L19*4 -> 0 | W19: =S19+T19+U19+V19 -> 0 | X19: =E19*N19*4 -> 0 | Y19: =F19*O19*4 -> 0 | Z19: =G19*P19*4 -> 0 | AA19: =H19*Q19*4 -> 0 | AB19: =X19+Y19+Z19+AA19 -> 0 | AC19: =W19 -> 0 | AD19: =AB19 -> 0 | AE19: =AC19+AD19 -> 0 | AI19: =AH19*AC19 -> 0 | AK19: =AJ19*AC19 -> 0 | AM19: =AL19*$T$2 -> 0 | AO19: =AN19*AC19 -> 0 | AP19: =AF19+AG19+AI19+AK19+AM19+AO19 -> 0 | AT19: =AS19*AD19 -> 0 | AV19: =AU19*AD19 -> 0 | AX19: =AW19*$T$2 -> 0 | AY19: =AQ19+AR19+AT19+AV19+AX19 -> 0 | AZ19: =AP19+AY19 -> 0 | BA19: =AC19+AP19 -> 0 | BB19: =AD19+AY19 -> 0 | BC19: =BA19+BB19 -> 0 | BF19: =BD19+BE19 -> 0 | BG19: =W19*$T$4 -> 0 | BH19: =AB19*$T$4 -> 0 | BI19: =BG19+BH19 -> 0 | BJ19: =BA19+BD19+BG19 -> 0 | BK19: =BB19+BE19+BH19 -> 0 | BL19: =BJ19+BK19 -> 0 | BM19: =BJ19*10% -> 0 | BN19: =(BJ19-BM19)*10% -> 0 | BO19: =(BJ19-BM19)*6% -> 0 | BP19: =(BJ19-BM19)*5% -> 0 | BQ19: =BK19*10% -> 0 | BR19: =(BK19-BQ19)*10% -> 0 | BS19: =(BK19-BQ19)*6% -> 0 | BT19: =(BK19-BQ19)*5% -> 0 | BU19: =BM19+BQ19 -> 0 | BV19: =BN19+BR19 -> 0 | BW19: =BO19+BS19 -> 0 | BX19: =BP19+BT19 -> 0
M20: =I20+J20+K20+L20 -> 0 | R20: =N20+O20+P20+Q20 -> 0 | S20: =E20*I20*4 -> 0 | T20: =F20*J20*4 -> 0 | U20: =G20*K20*4 -> 0 | V20: =H20*L20*4 -> 0 | W20: =S20+T20+U20+V20 -> 0 | X20: =E20*N20*4 -> 0 | Y20: =F20*O20*4 -> 0 | Z20: =G20*P20*4 -> 0 | AA20: =H20*Q20*4 -> 0 | AB20: =X20+Y20+Z20+AA20 -> 0 | AC20: =W20 -> 0 | AD20: =AB20 -> 0 | AE20: =AC20+AD20 -> 0 | AI20: =AH20*AC20 -> 0 | AK20: =AJ20*AC20 -> 0 | AM20: =AL20*$T$2 -> 0 | AO20: =AN20*AC20 -> 0 | AP20: =AF20+AG20+AI20+AK20+AM20+AO20 -> 0 | AT20: =AS20*AD20 -> 0 | AV20: =AU20*AD20 -> 0 | AX20: =AW20*$T$2 -> 0 | AY20: =AQ20+AR20+AT20+AV20+AX20 -> 0 | AZ20: =AP20+AY20 -> 0 | BA20: =AC20+AP20 -> 0 | BB20: =AD20+AY20 -> 0 | BC20: =BA20+BB20 -> 0 | BF20: =BD20+BE20 -> 0 | BG20: =W20*$T$4 -> 0 | BH20: =AB20*$T$4 -> 0 | BI20: =BG20+BH20 -> 0 | BJ20: =BA20+BD20+BG20 -> 0 | BK20: =BB20+BE20+BH20 -> 0 | BL20: =BJ20+BK20 -> 0 | BM20: =BJ20*10% -> 0 | BN20: =(BJ20-BM20)*10% -> 0 | BO20: =(BJ20-BM20)*6% -> 0 | BP20: =(BJ20-BM20)*5% -> 0 | BQ20: =BK20*10% -> 0 | BR20: =(BK20-BQ20)*10% -> 0 | BS20: =(BK20-BQ20)*6% -> 0 | BT20: =(BK20-BQ20)*5% -> 0 | BU20: =BM20+BQ20 -> 0 | BV20: =BN20+BR20 -> 0 | BW20: =BO20+BS20 -> 0 | BX20: =BP20+BT20 -> 0
M21: =I21+J21+K21+L21 -> 0 | R21: =N21+O21+P21+Q21 -> 0 | S21: =E21*I21*4 -> 0 | T21: =F21*J21*4 -> 0 | U21: =G21*K21*4 -> 0 | V21: =H21*L21*4 -> 0 | W21: =S21+T21+U21+V21 -> 0 | X21: =E21*N21*4 -> 0 | Y21: =F21*O21*4 -> 0 | Z21: =G21*P21*4 -> 0 | AA21: =H21*Q21*4 -> 0 | AB21: =X21+Y21+Z21+AA21 -> 0 | AC21: =W21 -> 0 | AD21: =AB21 -> 0 | AE21: =AC21+AD21 -> 0 | AI21: =AH21*AC21 -> 0 | AK21: =AJ21*AC21 -> 0 | AM21: =AL21*$T$2 -> 0 | AO21: =AN21*AC21 -> 0 | AP21: =AF21+AG21+AI21+AK21+AM21+AO21 -> 0 | AT21: =AS21*AD21 -> 0 | AV21: =AU21*AD21 -> 0 | AX21: =AW21*$T$2 -> 0 | AY21: =AQ21+AR21+AT21+AV21+AX21 -> 0 | AZ21: =AP21+AY21 -> 0 | BA21: =AC21+AP21 -> 0 | BB21: =AD21+AY21 -> 0 | BC21: =BA21+BB21 -> 0 | BF21: =BD21+BE21 -> 0 | BG21: =W21*$T$4 -> 0 | BH21: =AB21*$T$4 -> 0 | BI21: =BG21+BH21 -> 0 | BJ21: =BA21+BD21+BG21 -> 0 | BK21: =BB21+BE21+BH21 -> 0 | BL21: =BJ21+BK21 -> 0 | BM21: =BJ21*10% -> 0 | BN21: =(BJ21-BM21)*10% -> 0 | BO21: =(BJ21-BM21)*6% -> 0 | BP21: =(BJ21-BM21)*5% -> 0 | BQ21: =BK21*10% -> 0 | BR21: =(BK21-BQ21)*10% -> 0 | BS21: =(BK21-BQ21)*6% -> 0 | BT21: =(BK21-BQ21)*5% -> 0 | BU21: =BM21+BQ21 -> 0 | BV21: =BN21+BR21 -> 0 | BW21: =BO21+BS21 -> 0 | BX21: =BP21+BT21 -> 0
M22: =I22+J22+K22+L22 -> 0 | R22: =N22+O22+P22+Q22 -> 0 | S22: =E22*I22*4 -> 0 | T22: =F22*J22*4 -> 0 | U22: =G22*K22*4 -> 0 | V22: =H22*L22*4 -> 0 | W22: =S22+T22+U22+V22 -> 0 | X22: =E22*N22*4 -> 0 | Y22: =F22*O22*4 -> 0 | Z22: =G22*P22*4 -> 0 | AA22: =H22*Q22*4 -> 0 | AB22: =X22+Y22+Z22+AA22 -> 0 | AC22: =W22 -> 0 | AD22: =AB22 -> 0 | AE22: =AC22+AD22 -> 0 | AI22: =AH22*AC22 -> 0 | AK22: =AJ22*AC22 -> 0 | AM22: =AL22*$T$2 -> 0 | AO22: =AN22*AC22 -> 0 | AP22: =AF22+AG22+AI22+AK22+AM22+AO22 -> 0 | AT22: =AS22*AD22 -> 0 | AV22: =AU22*AD22 -> 0 | AX22: =AW22*$T$2 -> 0 | AY22: =AQ22+AR22+AT22+AV22+AX22 -> 0 | AZ22: =AP22+AY22 -> 0 | BA22: =AC22+AP22 -> 0 | BB22: =AD22+AY22 -> 0 | BC22: =BA22+BB22 -> 0 | BF22: =BD22+BE22 -> 0 | BG22: =W22*$T$4 -> 0 | BH22: =AB22*$T$4 -> 0 | BI22: =BG22+BH22 -> 0 | BJ22: =BA22+BD22+BG22 -> 0 | BK22: =BB22+BE22+BH22 -> 0 | BL22: =BJ22+BK22 -> 0 | BM22: =BJ22*10% -> 0 | BN22: =(BJ22-BM22)*10% -> 0 | BO22: =(BJ22-BM22)*6% -> 0 | BP22: =(BJ22-BM22)*5% -> 0 | BQ22: =BK22*10% -> 0 | BR22: =(BK22-BQ22)*10% -> 0 | BS22: =(BK22-BQ22)*6% -> 0 | BT22: =(BK22-BQ22)*5% -> 0 | BU22: =BM22+BQ22 -> 0 | BV22: =BN22+BR22 -> 0 | BW22: =BO22+BS22 -> 0 | BX22: =BP22+BT22 -> 0
... M41: =I41+J41+K41+L41 -> 0 | R41: =N41+O41+P41+Q41 -> 0 | S41: =E41*I41*4 -> 0 | T41: =F41*J41*4 -> 0 | U41: =G41*K41*4 -> 0 | V41: =H41*L41*4 -> 0 | W41: =S41+T41+U41+V41 -> 0 | X41: =E41*N41*4 -> 0 | Y41: =F41*O41*4 -> 0 | Z41: =G41*P41*4 -> 0 | AA41: =H41*Q41*4 -> 0 | AB41: =X41+Y41+Z41+AA41 -> 0 | AC41: =W41 -> 0 | AD41: =AB41 -> 0 | AE41: =AC41+AD41 -> 0 | AI41: =AH41*AC41 -> 0 | AK41: =AJ41*AC41 -> 0 | AM41: =AL41*$T$2 -> 0 | AO41: =AN41*AC41 -> 0 | AP41: =AF41+AG41+AI41+AK41+AM41+AO41 -> 0 | AT41: =AS41*AD41 -> 0 | AV41: =AU41*AD41 -> 0 | AX41: =AW41*$T$2 -> 0 | AY41: =AQ41+AR41+AT41+AV41+AX41 -> 0 | AZ41: =AP41+AY41 -> 0 | BA41: =AC41+AP41 -> 0 | BB41: =AD41+AY41 -> 0 | BC41: =BA41+BB41 -> 0 | BF41: =BD41+BE41 -> 0 | BG41: =W41*$T$4 -> 0 | BH41: =AB41*$T$4 -> 0 | BI41: =BG41+BH41 -> 0 | BJ41: =BA41+BD41+BG41 -> 0 | BK41: =BB41+BE41+BH41 -> 0 | BL41: =BJ41+BK41 -> 0 | BM41: =BJ41*10% -> 0 | BN41: =(BJ41-BM41)*10% -> 0 | BO41: =(BJ41-BM41)*6% -> 0 | BP41: =(BJ41-BM41)*5% -> 0 | BQ41: =BK41*10% -> 0 | BR41: =(BK41-BQ41)*10% -> 0 | BS41: =(BK41-BQ41)*6% -> 0 | BT41: =(BK41-BQ41)*5% -> 0 | BU41: =BM41+BQ41 -> 0 | BV41: =BN41+BR41 -> 0 | BW41: =BO41+BS41 -> 0 | BX41: =BP41+BT41 -> 0
B42: Итого | I42: =SUM(I10:I14) -> 0 | J42: =SUM(J10:J14) -> 0 | K42: =SUM(K10:K14) -> 0 | L42: =SUM(L10:L14) -> 0 | M42: =SUM(M10:M14) -> 0 | N42: =SUM(N10:N14) -> 0 | O42: =SUM(O10:O14) -> 0 | P42: =SUM(P10:P14) -> 0 | ... AG42: =SUM(AG10:AG14) -> 0 | AI42: =SUM(AI10:AI14) -> 0 | AK42: =SUM(AK10:AK14) -> 0 | AM42: =SUM(AM10:AM14) -> 0 | AO42: =SUM(AO10:AO14) -> 0 | AP42: =SUM(AP10:AP14) -> 0 | AQ42: =SUM(AQ10:AQ14) -> 0 | AR42: =SUM(AR10:AR14) -> 0 | AT42: =SUM(AT10:AT14) -> 0 | AV42: =SUM(AV10:AV14) -> 0 | AX42: =SUM(AX10:AX14) -> 0 | AY42: =SUM(AY10:AY14) -> 0 | AZ42: =SUM(AZ10:AZ14) -> 0 | BA42: =SUM(BA10:BA14) -> 0 | BB42: =SUM(BB10:BB14) -> 0 | BC42: =SUM(BC10:BC14) -> 0 | BD42: =SUM(BD10:BD14) -> 0 | BE42: =SUM(BE10:BE14) -> 0 | ... BX42: =SUM(BX10:BX14) -> 0
B43: Замена часов (10% от итога) | S43: =S42*10% -> 0 | T43: =T42*10% -> 0 | U43: =U42*10% -> 0 | V43: =V42*10% -> 0 | W43: =W42*10% -> 0 | X43: =X42*10% -> 0 | Y43: =Y42*10% -> 0 | Z43: =Z42*10% -> 0 | ... AE43: =AE42*10% -> 0 | BA43: =AC43+AP43 -> 0 | BB43: =AD43+AY43 -> 0 | BC43: =BA43+BB43 -> 0 | BD43: =BD42*10% -> 0 | BE43: =BE42*10% -> 0 | BF43: =BF42*10% -> 0 | BG43: =BG42*10% -> 0 | BH43: =BH42*10% -> 0 | BI43: =BI42*10% -> 0 | BJ43: =BA43+BD43+BG43 -> 0 | BK43: =BB43+BE43+BH43 -> 0 | BL43: =BJ43+BK43 -> 0 | BM43: =BJ43*10% -> 0 | BN43: =(BJ43-BM43)*10% -> 0 | BO43: =(BJ43-BM43)*6% -> 0 | BP43: =(BJ43-BM43)*5% -> 0 | BQ43: =BK43*10% -> 0 | BR43: =(BK43-BQ43)*10% -> 0 | BS43: =(BK43-BQ43)*6% -> 0 | BT43: =(BK43-BQ43)*5% -> 0 | BU43: =BM43+BQ43 -> 0 | BV43: =BN43+BR43 -> 0 | BW43: =BO43+BS43 -> 0 | BX43: =BP43+BT43 -> 0
B44: Всего | S44: =S42+S43 -> 0 | T44: =T42+T43 -> 0 | U44: =U42+U43 -> 0 | V44: =V42+V43 -> 0 | W44: =W42+W43 -> 0 | X44: =X42+X43 -> 0 | Y44: =Y42+Y43 -> 0 | Z44: =Z42+Z43 -> 0 | ... BX44: =BX42+BX43 -> 0
B46: Руководитель
B48: Заместитель руководителя
B49: по учебной части (школы)
B51: Заместитель руководителя
B52: по финансово-административной работе
B54: Экономист
B58: Тарификация филиала "Назарбаев Интеллектуальная школа __________" на _________ учебный год
E59: 1.08
A60: с 01.09..- 31.12 | C60: 201…г | AF60: Вписать формулой | BD60: Вписать формулой
A61: № п/п | B61: Ф.И.О. | C61: Должность (уч/предметник) | D61: Уровень педагогического мастерства | E61: Базовая ставка за 1 час | I61: Учебная нагрузка 1-6 классы | N61: Учебная нагрузка 7-12 классы | S61: Базовый оклад в месяц 1-6 классы | X61: Базовый оклад в месяц 7-12 классы | AC61: Должностной оклад по 1-6 классам | AD61: Должностной оклад по 7-12 классам | AE61: Всего должностной оклад в месяц | AF61: Доплаты по 1-6 классам | AP61: Итого доплаты и надбавки в месяц, тенге | AQ61: Доплаты по 7-12 классам | AY61: Итого доплаты и надбавки в месяц, тенге | AZ61: Всего доплаты и надбавки в месяц, тенге | BA61: Заработная плата в месяц с доплатами и надбавками 1-6 класс | BB61: Заработная плата в месяц с доплатами и надбавками 7-12 класс | BC61: Итого Заработная плата в месяц | BD61: Лечебное пособие 1-6 классы | BE61: Лечебное пособие 7-12 классы | BF61: Итого Лечебное пособие | BG61: Премия 1-6 классы | BH61: Премия 7-12 классы | BI61: Итого Премия | BJ61: ФОТ, всего 1-6 классы | BK61: ФОТ 7-12 классы | BL61: ФОТ, всего, тенге | BM61: 1-6 классы | BQ61: 7-12 классы | BU61: Всего
AF62: Заведование учебными кабинетами | AG62: Руководство методическим объединением | AH62: За проверку тетрадей | AJ62: Доплата за проживание в зонах экологического бедствия | AL62: Доплата за проживание на территориях радиационного риска | AN62: за кураторскую работу в 1-4 классах | AQ62: Заведование учебными кабинетами | AR62: Руководство методическим объединением | AS62: За проверку тетрадей | AU62: Доплата за проживание в зонах экологического бедствия | AW62: Доплата за проживание на территориях радиационного риска | BM62: Выплаты в пенсионный фонд (10%) | BN62: ИПН (10%) | BO62: Социальный налог | BP62: Соц.страхование | BQ62: Выплаты в пенсионный фонд (10%) | BR62: ИПН (10%) | BS62: Социальный налог | BT62: Соц.страхование | BU62: Выплаты в пенсионный фонд (10%) | BV62: ИПН (10%) | BW62: Социальный налог | BX62: Соц.страхование
E64: АЧ | F64: ЭК | G64: РУ | H64: КР | I64: АЧ | J64: ЭК | K64: РУ | L64: КР | M64: Итого | N64: АЧ | O64: ЭК | P64: РУ | Q64: КР | R64: Итого | S64: АЧ | T64: ЭК | U64: РУ | V64: КР | W64: Итого | X64: АЧ | Y64: ЭК | Z64: РУ | AA64: КР | AB64: Итого | AF64: Сумма, тенге | AG64: Сумма, тенге | AH64: Размер 7% | AI64: Сумма, тенге | AJ64: Размер 30% | AK64: Сумма, тенге | AL64: 1,5 МРП | AM64: Сумма, тенге | AN64: Размер 50% от ДО | AO64: Сумма, тенге | AP64: Сумма, тенге | AQ64: Сумма, тенге | AR64: Сумма, тенге | AS64: Размер % | AT64: Сумма, тенге | AU64: Размер 30% | AV64: Сумма, тенге | AW64: 1,5 МРП | AX64: Сумма, тенге | AY64: Сумма, тенге | AZ64: Сумма, тенге
A65: 1 | B65: =A65+1 -> 2 | C65: =B65+1 -> 3 | D65: =C65+1 -> 4 | E65: =D65+1 -> 5 | F65: =E65+1 -> 6 | G65: =F65+1 -> 7 | H65: =G65+1 -> 8 | I65: =H65+1 -> 9 | ... BX65: =BW65+1 -> 76
B66: … | M66: =I66+J66+K66+L66 -> 0 | R66: =N66+O66+P66+Q66 -> 0 | S66: =E66*I66 -> 0 | T66: =F66*J66 -> 0 | U66: =G66*K66 -> 0 | V66: =H66*L66 -> 0 | W66: =S66+T66+U66+V66 -> 0 | X66: =E66*N66 -> 0 | Y66: =F66*O66 -> 0 | Z66: =G66*P66 -> 0 | AA66: =H66*Q66 -> 0 | AB66: =X66+Y66+Z66+AA66 -> 0 | AC66: =W66 -> 0 | AD66: =AB66 -> 0 | AE66: =AC66+AD66 -> 0 | AI66: =AH66*AC66 -> 0 | AK66: =AJ66*AC66 -> 0 | AM66: =AL66*$T$2 -> 0 | AO66: =AN66*AC66 -> 0 | AP66: =AF66+AG66+AI66+AK66+AM66+AO66 -> 0 | AT66: =AS66*AD66 -> 0 | AV66: =AU66*AD66 -> 0 | AX66: =AW66*$T$2 -> 0 | AY66: =AQ66+AR66+AT66+AV66+AX66 -> 0 | AZ66: =AP66+AY66 -> 0 | BA66: =AC66+AP66 -> 0 | BB66: =AD66+AY66 -> 0 | BC66: =BA66+BB66 -> 0 | BF66: =BD66+BE66 -> 0 | BG66: =W66*$T$4 -> 0 | BH66: =AB66*$T$4 -> 0 | BI66: =BG66+BH66 -> 0 | BJ66: =BA66+BD66+BG66 -> 0 | BK66: =BB66+BE66+BH66 -> 0 | BL66: =BJ66+BK66 -> 0 | BM66: =BJ66*10% -> 0 | BN66: =(BJ66-BM66)*10% -> 0 | BO66: =(BJ66-BM66)*6% -> 0 | BP66: =(BJ66-BM66)*5% -> 0 | BQ66: =BK66*10% -> 0 | BR66: =(BK66-BQ66)*10% -> 0 | BS66: =(BK66-BQ66)*6% -> 0 | BT66: =(BK66-BQ66)*5% -> 0 | BU66: =BM66+BQ66 -> 0 | BV66: =BN66+BR66 -> 0 | BW66: =BO66+BS66 -> 0 | BX66: =BP66+BT66 -> 0
M67: =I67+J67+K67+L67 -> 0 | R67: =N67+O67+P67+Q67 -> 0 | S67: =E67*I67 -> 0 | T67: =F67*J67 -> 0 | U67: =G67*K67 -> 0 | V67: =H67*L67 -> 0 | W67: =S67+T67+U67+V67 -> 0 | X67: =E67*N67 -> 0 | Y67: =F67*O67 -> 0 | Z67: =G67*P67 -> 0 | AA67: =H67*Q67 -> 0 | AB67: =X67+Y67+Z67+AA67 -> 0 | AC67: =W67 -> 0 | AD67: =AB67 -> 0 | AE67: =AC67+AD67 -> 0 | AI67: =AH67*AC67 -> 0 | AK67: =AJ67*AC67 -> 0 | AM67: =AL67*$T$2 -> 0 | AO67: =AN67*AC67 -> 0 | AP67: =AF67+AG67+AI67+AK67+AM67+AO67 -> 0 | AT67: =AS67*AD67 -> 0 | AV67: =AU67*AD67 -> 0 | AX67: =AW67*$T$2 -> 0 | AY67: =AQ67+AR67+AT67+AV67+AX67 -> 0 | AZ67: =AP67+AY67 -> 0 | BA67: =AC67+AP67 -> 0 | BB67: =AD67+AY67 -> 0 | BC67: =BA67+BB67 -> 0 | BF67: =BD67+BE67 -> 0 | BG67: =W67*$T$4 -> 0 | BH67: =AB67*$T$4 -> 0 | BI67: =BG67+BH67 -> 0 | BJ67: =BA67+BD67+BG67 -> 0 | BK67: =BB67+BE67+BH67 -> 0 | BL67: =BJ67+BK67 -> 0 | BM67: =BJ67*10% -> 0 | BN67: =(BJ67-BM67)*10% -> 0 | BO67: =(BJ67-BM67)*6% -> 0 | BP67: =(BJ67-BM67)*5% -> 0 | BQ67: =BK67*10% -> 0 | BR67: =(BK67-BQ67)*10% -> 0 | BS67: =(BK67-BQ67)*6% -> 0 | BT67: =(BK67-BQ67)*5% -> 0 | BU67: =BM67+BQ67 -> 0 | BV67: =BN67+BR67 -> 0 | BW67: =BO67+BS67 -> 0 | BX67: =BP67+BT67 -> 0
M68: =I68+J68+K68+L68 -> 0 | R68: =N68+O68+P68+Q68 -> 0 | S68: =E68*I68 -> 0 | T68: =F68*J68 -> 0 | U68: =G68*K68 -> 0 | V68: =H68*L68 -> 0 | W68: =S68+T68+U68+V68 -> 0 | X68: =E68*N68 -> 0 | Y68: =F68*O68 -> 0 | Z68: =G68*P68 -> 0 | AA68: =H68*Q68 -> 0 | AB68: =X68+Y68+Z68+AA68 -> 0 | AC68: =W68 -> 0 | AD68: =AB68 -> 0 | AE68: =AC68+AD68 -> 0 | AI68: =AH68*AC68 -> 0 | AK68: =AJ68*AC68 -> 0 | AM68: =AL68*$T$2 -> 0 | AO68: =AN68*AC68 -> 0 | AP68: =AF68+AG68+AI68+AK68+AM68+AO68 -> 0 | AT68: =AS68*AD68 -> 0 | AV68: =AU68*AD68 -> 0 | AX68: =AW68*$T$2 -> 0 | AY68: =AQ68+AR68+AT68+AV68+AX68 -> 0 | AZ68: =AP68+AY68 -> 0 | BA68: =AC68+AP68 -> 0 | BB68: =AD68+AY68 -> 0 | BC68: =BA68+BB68 -> 0 | BF68: =BD68+BE68 -> 0 | BG68: =W68*$T$4 -> 0 | BH68: =AB68*$T$4 -> 0 | BI68: =BG68+BH68 -> 0 | BJ68: =BA68+BD68+BG68 -> 0 | BK68: =BB68+BE68+BH68 -> 0 | BL68: =BJ68+BK68 -> 0 | BM68: =BJ68*10% -> 0 | BN68: =(BJ68-BM68)*10% -> 0 | BO68: =(BJ68-BM68)*6% -> 0 | BP68: =(BJ68-BM68)*5% -> 0 | BQ68: =BK68*10% -> 0 | BR68: =(BK68-BQ68)*10% -> 0 | BS68: =(BK68-BQ68)*6% -> 0 | BT68: =(BK68-BQ68)*5% -> 0 | BU68: =BM68+BQ68 -> 0 | BV68: =BN68+BR68 -> 0 | BW68: =BO68+BS68 -> 0 | BX68: =BP68+BT68 -> 0
M69: =I69+J69+K69+L69 -> 0 | R69: =N69+O69+P69+Q69 -> 0 | S69: =E69*I69 -> 0 | T69: =F69*J69 -> 0 | U69: =G69*K69 -> 0 | V69: =H69*L69 -> 0 | W69: =S69+T69+U69+V69 -> 0 | X69: =E69*N69 -> 0 | Y69: =F69*O69 -> 0 | Z69: =G69*P69 -> 0 | AA69: =H69*Q69 -> 0 | AB69: =X69+Y69+Z69+AA69 -> 0 | AC69: =W69 -> 0 | AD69: =AB69 -> 0 | AE69: =AC69+AD69 -> 0 | AI69: =AH69*AC69 -> 0 | AK69: =AJ69*AC69 -> 0 | AM69: =AL69*$T$2 -> 0 | AO69: =AN69*AC69 -> 0 | AP69: =AF69+AG69+AI69+AK69+AM69+AO69 -> 0 | AT69: =AS69*AD69 -> 0 | AV69: =AU69*AD69 -> 0 | AX69: =AW69*$T$2 -> 0 | AY69: =AQ69+AR69+AT69+AV69+AX69 -> 0 | AZ69: =AP69+AY69 -> 0 | BA69: =AC69+AP69 -> 0 | BB69: =AD69+AY69 -> 0 | BC69: =BA69+BB69 -> 0 | BF69: =BD69+BE69 -> 0 | BG69: =W69*$T$4 -> 0 | BH69: =AB69*$T$4 -> 0 | BI69: =BG69+BH69 -> 0 | BJ69: =BA69+BD69+BG69 -> 0 | BK69: =BB69+BE69+BH69 -> 0 | BL69: =BJ69+BK69 -> 0 | BM69: =BJ69*10% -> 0 | BN69: =(BJ69-BM69)*10% -> 0 | BO69: =(BJ69-BM69)*6% -> 0 | BP69: =(BJ69-BM69)*5% -> 0 | BQ69: =BK69*10% -> 0 | BR69: =(BK69-BQ69)*10% -> 0 | BS69: =(BK69-BQ69)*6% -> 0 | BT69: =(BK69-BQ69)*5% -> 0 | BU69: =BM69+BQ69 -> 0 | BV69: =BN69+BR69 -> 0 | BW69: =BO69+BS69 -> 0 | BX69: =BP69+BT69 -> 0
M70: =I70+J70+K70+L70 -> 0 | R70: =N70+O70+P70+Q70 -> 0 | S70: =E70*I70 -> 0 | T70: =F70*J70 -> 0 | U70: =G70*K70 -> 0 | V70: =H70*L70 -> 0 | W70: =S70+T70+U70+V70 -> 0 | X70: =E70*N70 -> 0 | Y70: =F70*O70 -> 0 | Z70: =G70*P70 -> 0 | AA70: =H70*Q70 -> 0 | AB70: =X70+Y70+Z70+AA70 -> 0 | AC70: =W70 -> 0 | AD70: =AB70 -> 0 | AE70: =AC70+AD70 -> 0 | AI70: =AH70*AC70 -> 0 | AK70: =AJ70*AC70 -> 0 | AM70: =AL70*$T$2 -> 0 | AO70: =AN70*AC70 -> 0 | AP70: =AF70+AG70+AI70+AK70+AM70+AO70 -> 0 | AT70: =AS70*AD70 -> 0 | AV70: =AU70*AD70 -> 0 | AX70: =AW70*$T$2 -> 0 | AY70: =AQ70+AR70+AT70+AV70+AX70 -> 0 | AZ70: =AP70+AY70 -> 0 | BA70: =AC70+AP70 -> 0 | BB70: =AD70+AY70 -> 0 | BC70: =BA70+BB70 -> 0 | BF70: =BD70+BE70 -> 0 | BG70: =W70*$T$4 -> 0 | BH70: =AB70*$T$4 -> 0 | BI70: =BG70+BH70 -> 0 | BJ70: =BA70+BD70+BG70 -> 0 | BK70: =BB70+BE70+BH70 -> 0 | BL70: =BJ70+BK70 -> 0 | BM70: =BJ70*10% -> 0 | BN70: =(BJ70-BM70)*10% -> 0 | BO70: =(BJ70-BM70)*6% -> 0 | BP70: =(BJ70-BM70)*5% -> 0 | BQ70: =BK70*10% -> 0 | BR70: =(BK70-BQ70)*10% -> 0 | BS70: =(BK70-BQ70)*6% -> 0 | BT70: =(BK70-BQ70)*5% -> 0 | BU70: =BM70+BQ70 -> 0 | BV70: =BN70+BR70 -> 0 | BW70: =BO70+BS70 -> 0 | BX70: =BP70+BT70 -> 0
M71: =I71+J71+K71+L71 -> 0 | R71: =N71+O71+P71+Q71 -> 0 | S71: =E71*I71 -> 0 | T71: =F71*J71 -> 0 | U71: =G71*K71 -> 0 | V71: =H71*L71 -> 0 | W71: =S71+T71+U71+V71 -> 0 | X71: =E71*N71 -> 0 | Y71: =F71*O71 -> 0 | Z71: =G71*P71 -> 0 | AA71: =H71*Q71 -> 0 | AB71: =X71+Y71+Z71+AA71 -> 0 | AC71: =W71 -> 0 | AD71: =AB71 -> 0 | AE71: =AC71+AD71 -> 0 | AI71: =AH71*AC71 -> 0 | AK71: =AJ71*AC71 -> 0 | AM71: =AL71*$T$2 -> 0 | AO71: =AN71*AC71 -> 0 | AP71: =AF71+AG71+AI71+AK71+AM71+AO71 -> 0 | AT71: =AS71*AD71 -> 0 | AV71: =AU71*AD71 -> 0 | AX71: =AW71*$T$2 -> 0 | AY71: =AQ71+AR71+AT71+AV71+AX71 -> 0 | AZ71: =AP71+AY71 -> 0 | BA71: =AC71+AP71 -> 0 | BB71: =AD71+AY71 -> 0 | BC71: =BA71+BB71 -> 0 | BF71: =BD71+BE71 -> 0 | BG71: =W71*$T$4 -> 0 | BH71: =AB71*$T$4 -> 0 | BI71: =BG71+BH71 -> 0 | BJ71: =BA71+BD71+BG71 -> 0 | BK71: =BB71+BE71+BH71 -> 0 | BL71: =BJ71+BK71 -> 0 | BM71: =BJ71*10% -> 0 | BN71: =(BJ71-BM71)*10% -> 0 | BO71: =(BJ71-BM71)*6% -> 0 | BP71: =(BJ71-BM71)*5% -> 0 | BQ71: =BK71*10% -> 0 | BR71: =(BK71-BQ71)*10% -> 0 | BS71: =(BK71-BQ71)*6% -> 0 | BT71: =(BK71-BQ71)*5% -> 0 | BU71: =BM71+BQ71 -> 0 | BV71: =BN71+BR71 -> 0 | BW71: =BO71+BS71 -> 0 | BX71: =BP71+BT71 -> 0
M72: =I72+J72+K72+L72 -> 0 | R72: =N72+O72+P72+Q72 -> 0 | S72: =E72*I72 -> 0 | T72: =F72*J72 -> 0 | U72: =G72*K72 -> 0 | V72: =H72*L72 -> 0 | W72: =S72+T72+U72+V72 -> 0 | X72: =E72*N72 -> 0 | Y72: =F72*O72 -> 0 | Z72: =G72*P72 -> 0 | AA72: =H72*Q72 -> 0 | AB72: =X72+Y72+Z72+AA72 -> 0 | AC72: =W72 -> 0 | AD72: =AB72 -> 0 | AE72: =AC72+AD72 -> 0 | AI72: =AH72*AC72 -> 0 | AK72: =AJ72*AC72 -> 0 | AM72: =AL72*$T$2 -> 0 | AO72: =AN72*AC72 -> 0 | AP72: =AF72+AG72+AI72+AK72+AM72+AO72 -> 0 | AT72: =AS72*AD72 -> 0 | AV72: =AU72*AD72 -> 0 | AX72: =AW72*$T$2 -> 0 | AY72: =AQ72+AR72+AT72+AV72+AX72 -> 0 | AZ72: =AP72+AY72 -> 0 | BA72: =AC72+AP72 -> 0 | BB72: =AD72+AY72 -> 0 | BC72: =BA72+BB72 -> 0 | BF72: =BD72+BE72 -> 0 | BG72: =W72*$T$4 -> 0 | BH72: =AB72*$T$4 -> 0 | BI72: =BG72+BH72 -> 0 | BJ72: =BA72+BD72+BG72 -> 0 | BK72: =BB72+BE72+BH72 -> 0 | BL72: =BJ72+BK72 -> 0 | BM72: =BJ72*10% -> 0 | BN72: =(BJ72-BM72)*10% -> 0 | BO72: =(BJ72-BM72)*6% -> 0 | BP72: =(BJ72-BM72)*5% -> 0 | BQ72: =BK72*10% -> 0 | BR72: =(BK72-BQ72)*10% -> 0 | BS72: =(BK72-BQ72)*6% -> 0 | BT72: =(BK72-BQ72)*5% -> 0 | BU72: =BM72+BQ72 -> 0 | BV72: =BN72+BR72 -> 0 | BW72: =BO72+BS72 -> 0 | BX72: =BP72+BT72 -> 0
M73: =I73+J73+K73+L73 -> 0 | R73: =N73+O73+P73+Q73 -> 0 | S73: =E73*I73 -> 0 | T73: =F73*J73 -> 0 | U73: =G73*K73 -> 0 | V73: =H73*L73 -> 0 | W73: =S73+T73+U73+V73 -> 0 | X73: =E73*N73 -> 0 | Y73: =F73*O73 -> 0 | Z73: =G73*P73 -> 0 | AA73: =H73*Q73 -> 0 | AB73: =X73+Y73+Z73+AA73 -> 0 | AC73: =W73 -> 0 | AD73: =AB73 -> 0 | AE73: =AC73+AD73 -> 0 | AI73: =AH73*AC73 -> 0 | AK73: =AJ73*AC73 -> 0 | AM73: =AL73*$T$2 -> 0 | AO73: =AN73*AC73 -> 0 | AP73: =AF73+AG73+AI73+AK73+AM73+AO73 -> 0 | AT73: =AS73*AD73 -> 0 | AV73: =AU73*AD73 -> 0 | AX73: =AW73*$T$2 -> 0 | AY73: =AQ73+AR73+AT73+AV73+AX73 -> 0 | AZ73: =AP73+AY73 -> 0 | BA73: =AC73+AP73 -> 0 | BB73: =AD73+AY73 -> 0 | BC73: =BA73+BB73 -> 0 | BF73: =BD73+BE73 -> 0 | BG73: =W73*$T$4 -> 0 | BH73: =AB73*$T$4 -> 0 | BI73: =BG73+BH73 -> 0 | BJ73: =BA73+BD73+BG73 -> 0 | BK73: =BB73+BE73+BH73 -> 0 | BL73: =BJ73+BK73 -> 0 | BM73: =BJ73*10% -> 0 | BN73: =(BJ73-BM73)*10% -> 0 | BO73: =(BJ73-BM73)*6% -> 0 | BP73: =(BJ73-BM73)*5% -> 0 | BQ73: =BK73*10% -> 0 | BR73: =(BK73-BQ73)*10% -> 0 | BS73: =(BK73-BQ73)*6% -> 0 | BT73: =(BK73-BQ73)*5% -> 0 | BU73: =BM73+BQ73 -> 0 | BV73: =BN73+BR73 -> 0 | BW73: =BO73+BS73 -> 0 | BX73: =BP73+BT73 -> 0
M74: =I74+J74+K74+L74 -> 0 | R74: =N74+O74+P74+Q74 -> 0 | S74: =E74*I74 -> 0 | T74: =F74*J74 -> 0 | U74: =G74*K74 -> 0 | V74: =H74*L74 -> 0 | W74: =S74+T74+U74+V74 -> 0 | X74: =E74*N74 -> 0 | Y74: =F74*O74 -> 0 | Z74: =G74*P74 -> 0 | AA74: =H74*Q74 -> 0 | AB74: =X74+Y74+Z74+AA74 -> 0 | AC74: =W74 -> 0 | AD74: =AB74 -> 0 | AE74: =AC74+AD74 -> 0 | AI74: =AH74*AC74 -> 0 | AK74: =AJ74*AC74 -> 0 | AM74: =AL74*$T$2 -> 0 | AO74: =AN74*AC74 -> 0 | AP74: =AF74+AG74+AI74+AK74+AM74+AO74 -> 0 | AT74: =AS74*AD74 -> 0 | AV74: =AU74*AD74 -> 0 | AX74: =AW74*$T$2 -> 0 | AY74: =AQ74+AR74+AT74+AV74+AX74 -> 0 | AZ74: =AP74+AY74 -> 0 | BA74: =AC74+AP74 -> 0 | BB74: =AD74+AY74 -> 0 | BC74: =BA74+BB74 -> 0 | BF74: =BD74+BE74 -> 0 | BG74: =W74*$T$4 -> 0 | BH74: =AB74*$T$4 -> 0 | BI74: =BG74+BH74 -> 0 | BJ74: =BA74+BD74+BG74 -> 0 | BK74: =BB74+BE74+BH74 -> 0 | BL74: =BJ74+BK74 -> 0 | BM74: =BJ74*10% -> 0 | BN74: =(BJ74-BM74)*10% -> 0 | BO74: =(BJ74-BM74)*6% -> 0 | BP74: =(BJ74-BM74)*5% -> 0 | BQ74: =BK74*10% -> 0 | BR74: =(BK74-BQ74)*10% -> 0 | BS74: =(BK74-BQ74)*6% -> 0 | BT74: =(BK74-BQ74)*5% -> 0 | BU74: =BM74+BQ74 -> 0 | BV74: =BN74+BR74 -> 0 | BW74: =BO74+BS74 -> 0 | BX74: =BP74+BT74 -> 0
M75: =I75+J75+K75+L75 -> 0 | R75: =N75+O75+P75+Q75 -> 0 | S75: =E75*I75 -> 0 | T75: =F75*J75 -> 0 | U75: =G75*K75 -> 0 | V75: =H75*L75 -> 0 | W75: =S75+T75+U75+V75 -> 0 | X75: =E75*N75 -> 0 | Y75: =F75*O75 -> 0 | Z75: =G75*P75 -> 0 | AA75: =H75*Q75 -> 0 | AB75: =X75+Y75+Z75+AA75 -> 0 | AC75: =W75 -> 0 | AD75: =AB75 -> 0 | AE75: =AC75+AD75 -> 0 | AI75: =AH75*AC75 -> 0 | AK75: =AJ75*AC75 -> 0 | AM75: =AL75*$T$2 -> 0 | AO75: =AN75*AC75 -> 0 | AP75: =AF75+AG75+AI75+AK75+AM75+AO75 -> 0 | AT75: =AS75*AD75 -> 0 | AV75: =AU75*AD75 -> 0 | AX75: =AW75*$T$2 -> 0 | AY75: =AQ75+AR75+AT75+AV75+AX75 -> 0 | AZ75: =AP75+AY75 -> 0 | BA75: =AC75+AP75 -> 0 | BB75: =AD75+AY75 -> 0 | BC75: =BA75+BB75 -> 0 | BF75: =BD75+BE75 -> 0 | BG75: =W75*$T$4 -> 0 | BH75: =AB75*$T$4 -> 0 | BI75: =BG75+BH75 -> 0 | BJ75: =BA75+BD75+BG75 -> 0 | BK75: =BB75+BE75+BH75 -> 0 | BL75: =BJ75+BK75 -> 0 | BM75: =BJ75*10% -> 0 | BN75: =(BJ75-BM75)*10% -> 0 | BO75: =(BJ75-BM75)*6% -> 0 | BP75: =(BJ75-BM75)*5% -> 0 | BQ75: =BK75*10% -> 0 | BR75: =(BK75-BQ75)*10% -> 0 | BS75: =(BK75-BQ75)*6% -> 0 | BT75: =(BK75-BQ75)*5% -> 0 | BU75: =BM75+BQ75 -> 0 | BV75: =BN75+BR75 -> 0 | BW75: =BO75+BS75 -> 0 | BX75: =BP75+BT75 -> 0
M76: =I76+J76+K76+L76 -> 0 | R76: =N76+O76+P76+Q76 -> 0 | S76: =E76*I76 -> 0 | T76: =F76*J76 -> 0 | U76: =G76*K76 -> 0 | V76: =H76*L76 -> 0 | W76: =S76+T76+U76+V76 -> 0 | X76: =E76*N76 -> 0 | Y76: =F76*O76 -> 0 | Z76: =G76*P76 -> 0 | AA76: =H76*Q76 -> 0 | AB76: =X76+Y76+Z76+AA76 -> 0 | AC76: =W76 -> 0 | AD76: =AB76 -> 0 | AE76: =AC76+AD76 -> 0 | AI76: =AH76*AC76 -> 0 | AK76: =AJ76*AC76 -> 0 | AM76: =AL76*$T$2 -> 0 | AO76: =AN76*AC76 -> 0 | AP76: =AF76+AG76+AI76+AK76+AM76+AO76 -> 0 | AT76: =AS76*AD76 -> 0 | AV76: =AU76*AD76 -> 0 | AX76: =AW76*$T$2 -> 0 | AY76: =AQ76+AR76+AT76+AV76+AX76 -> 0 | AZ76: =AP76+AY76 -> 0 | BA76: =AC76+AP76 -> 0 | BB76: =AD76+AY76 -> 0 | BC76: =BA76+BB76 -> 0 | BF76: =BD76+BE76 -> 0 | BG76: =W76*$T$4 -> 0 | BH76: =AB76*$T$4 -> 0 | BI76: =BG76+BH76 -> 0 | BJ76: =BA76+BD76+BG76 -> 0 | BK76: =BB76+BE76+BH76 -> 0 | BL76: =BJ76+BK76 -> 0 | BM76: =BJ76*10% -> 0 | BN76: =(BJ76-BM76)*10% -> 0 | BO76: =(BJ76-BM76)*6% -> 0 | BP76: =(BJ76-BM76)*5% -> 0 | BQ76: =BK76*10% -> 0 | BR76: =(BK76-BQ76)*10% -> 0 | BS76: =(BK76-BQ76)*6% -> 0 | BT76: =(BK76-BQ76)*5% -> 0 | BU76: =BM76+BQ76 -> 0 | BV76: =BN76+BR76 -> 0 | BW76: =BO76+BS76 -> 0 | BX76: =BP76+BT76 -> 0
M77: =I77+J77+K77+L77 -> 0 | R77: =N77+O77+P77+Q77 -> 0 | S77: =E77*I77 -> 0 | T77: =F77*J77 -> 0 | U77: =G77*K77 -> 0 | V77: =H77*L77 -> 0 | W77: =S77+T77+U77+V77 -> 0 | X77: =E77*N77 -> 0 | Y77: =F77*O77 -> 0 | Z77: =G77*P77 -> 0 | AA77: =H77*Q77 -> 0 | AB77: =X77+Y77+Z77+AA77 -> 0 | AC77: =W77 -> 0 | AD77: =AB77 -> 0 | AE77: =AC77+AD77 -> 0 | AI77: =AH77*AC77 -> 0 | AK77: =AJ77*AC77 -> 0 | AM77: =AL77*$T$2 -> 0 | AO77: =AN77*AC77 -> 0 | AP77: =AF77+AG77+AI77+AK77+AM77+AO77 -> 0 | AT77: =AS77*AD77 -> 0 | AV77: =AU77*AD77 -> 0 | AX77: =AW77*$T$2 -> 0 | AY77: =AQ77+AR77+AT77+AV77+AX77 -> 0 | AZ77: =AP77+AY77 -> 0 | BA77: =AC77+AP77 -> 0 | BB77: =AD77+AY77 -> 0 | BC77: =BA77+BB77 -> 0 | BF77: =BD77+BE77 -> 0 | BG77: =W77*$T$4 -> 0 | BH77: =AB77*$T$4 -> 0 | BI77: =BG77+BH77 -> 0 | BJ77: =BA77+BD77+BG77 -> 0 | BK77: =BB77+BE77+BH77 -> 0 | BL77: =BJ77+BK77 -> 0 | BM77: =BJ77*10% -> 0 | BN77: =(BJ77-BM77)*10% -> 0 | BO77: =(BJ77-BM77)*6% -> 0 | BP77: =(BJ77-BM77)*5% -> 0 | BQ77: =BK77*10% -> 0 | BR77: =(BK77-BQ77)*10% -> 0 | BS77: =(BK77-BQ77)*6% -> 0 | BT77: =(BK77-BQ77)*5% -> 0 | BU77: =BM77+BQ77 -> 0 | BV77: =BN77+BR77 -> 0 | BW77: =BO77+BS77 -> 0 | BX77: =BP77+BT77 -> 0
M78: =I78+J78+K78+L78 -> 0 | R78: =N78+O78+P78+Q78 -> 0 | S78: =E78*I78 -> 0 | T78: =F78*J78 -> 0 | U78: =G78*K78 -> 0 | V78: =H78*L78 -> 0 | W78: =S78+T78+U78+V78 -> 0 | X78: =E78*N78 -> 0 | Y78: =F78*O78 -> 0 | Z78: =G78*P78 -> 0 | AA78: =H78*Q78 -> 0 | AB78: =X78+Y78+Z78+AA78 -> 0 | AC78: =W78 -> 0 | AD78: =AB78 -> 0 | AE78: =AC78+AD78 -> 0 | AI78: =AH78*AC78 -> 0 | AK78: =AJ78*AC78 -> 0 | AM78: =AL78*$T$2 -> 0 | AO78: =AN78*AC78 -> 0 | AP78: =AF78+AG78+AI78+AK78+AM78+AO78 -> 0 | AT78: =AS78*AD78 -> 0 | AV78: =AU78*AD78 -> 0 | AX78: =AW78*$T$2 -> 0 | AY78: =AQ78+AR78+AT78+AV78+AX78 -> 0 | AZ78: =AP78+AY78 -> 0 | BA78: =AC78+AP78 -> 0 | BB78: =AD78+AY78 -> 0 | BC78: =BA78+BB78 -> 0 | BF78: =BD78+BE78 -> 0 | BG78: =W78*$T$4 -> 0 | BH78: =AB78*$T$4 -> 0 | BI78: =BG78+BH78 -> 0 | BJ78: =BA78+BD78+BG78 -> 0 | BK78: =BB78+BE78+BH78 -> 0 | BL78: =BJ78+BK78 -> 0 | BM78: =BJ78*10% -> 0 | BN78: =(BJ78-BM78)*10% -> 0 | BO78: =(BJ78-BM78)*6% -> 0 | BP78: =(BJ78-BM78)*5% -> 0 | BQ78: =BK78*10% -> 0 | BR78: =(BK78-BQ78)*10% -> 0 | BS78: =(BK78-BQ78)*6% -> 0 | BT78: =(BK78-BQ78)*5% -> 0 | BU78: =BM78+BQ78 -> 0 | BV78: =BN78+BR78 -> 0 | BW78: =BO78+BS78 -> 0 | BX78: =BP78+BT78 -> 0
... M97: =I97+J97+K97+L97 -> 0 | R97: =N97+O97+P97+Q97 -> 0 | S97: =E97*I97 -> 0 | T97: =F97*J97 -> 0 | U97: =G97*K97 -> 0 | V97: =H97*L97 -> 0 | W97: =S97+T97+U97+V97 -> 0 | X97: =E97*N97 -> 0 | Y97: =F97*O97 -> 0 | Z97: =G97*P97 -> 0 | AA97: =H97*Q97 -> 0 | AB97: =X97+Y97+Z97+AA97 -> 0 | AC97: =W97 -> 0 | AD97: =AB97 -> 0 | AE97: =AC97+AD97 -> 0 | AI97: =AH97*AC97 -> 0 | AK97: =AJ97*AC97 -> 0 | AM97: =AL97*$T$2 -> 0 | AO97: =AN97*AC97 -> 0 | AP97: =AF97+AG97+AI97+AK97+AM97+AO97 -> 0 | AT97: =AS97*AD97 -> 0 | AV97: =AU97*AD97 -> 0 | AX97: =AW97*$T$2 -> 0 | AY97: =AQ97+AR97+AT97+AV97+AX97 -> 0 | AZ97: =AP97+AY97 -> 0 | BA97: =AC97+AP97 -> 0 | BB97: =AD97+AY97 -> 0 | BC97: =BA97+BB97 -> 0 | BF97: =BD97+BE97 -> 0 | BG97: =W97*$T$4 -> 0 | BH97: =AB97*$T$4 -> 0 | BI97: =BG97+BH97 -> 0 | BJ97: =BA97+BD97+BG97 -> 0 | BK97: =BB97+BE97+BH97 -> 0 | BL97: =BJ97+BK97 -> 0 | BM97: =BJ97*10% -> 0 | BN97: =(BJ97-BM97)*10% -> 0 | BO97: =(BJ97-BM97)*6% -> 0 | BP97: =(BJ97-BM97)*5% -> 0 | BQ97: =BK97*10% -> 0 | BR97: =(BK97-BQ97)*10% -> 0 | BS97: =(BK97-BQ97)*6% -> 0 | BT97: =(BK97-BQ97)*5% -> 0 | BU97: =BM97+BQ97 -> 0 | BV97: =BN97+BR97 -> 0 | BW97: =BO97+BS97 -> 0 | BX97: =BP97+BT97 -> 0
B98: Итого | I98: =SUM(I66:I70) -> 0 | J98: =SUM(J66:J70) -> 0 | K98: =SUM(K66:K70) -> 0 | L98: =SUM(L66:L70) -> 0 | M98: =SUM(M66:M70) -> 0 | N98: =SUM(N66:N70) -> 0 | O98: =SUM(O66:O70) -> 0 | P98: =SUM(P66:P70) -> 0 | ... AG98: =SUM(AG66:AG70) -> 0 | AI98: =SUM(AI66:AI70) -> 0 | AK98: =SUM(AK66:AK70) -> 0 | AM98: =SUM(AM66:AM70) -> 0 | AO98: =SUM(AO66:AO70) -> 0 | AP98: =SUM(AP66:AP70) -> 0 | AQ98: =SUM(AQ66:AQ70) -> 0 | AR98: =SUM(AR66:AR70) -> 0 | AT98: =SUM(AT66:AT70) -> 0 | AV98: =SUM(AV66:AV70) -> 0 | AX98: =SUM(AX66:AX70) -> 0 | AY98: =SUM(AY66:AY70) -> 0 | AZ98: =SUM(AZ66:AZ70) -> 0 | BA98: =SUM(BA66:BA70) -> 0 | BB98: =SUM(BB66:BB70) -> 0 | BC98: =SUM(BC66:BC70) -> 0 | BD98: =SUM(BD66:BD70) -> 0 | BE98: =SUM(BE66:BE70) -> 0 | ... BX98: =SUM(BX66:BX70) -> 0
B99: Замена часов (10% от итога) | S99: =S98*10% -> 0 | T99: =T98*10% -> 0 | U99: =U98*10% -> 0 | V99: =V98*10% -> 0 | W99: =W98*10% -> 0 | X99: =X98*10% -> 0 | Y99: =Y98*10% -> 0 | Z99: =Z98*10% -> 0 | ... AE99: =AE98*10% -> 0 | BA99: =AC99+AP99 -> 0 | BB99: =AD99+AY99 -> 0 | BC99: =BA99+BB99 -> 0 | BD99: =BD98*10% -> 0 | BE99: =BE98*10% -> 0 | BF99: =BF98*10% -> 0 | BG99: =BG98*10% -> 0 | BH99: =BH98*10% -> 0 | BI99: =BI98*10% -> 0 | BJ99: =BA99+BD99+BG99 -> 0 | BK99: =BB99+BE99+BH99 -> 0 | BL99: =BJ99+BK99 -> 0 | BM99: =BJ99*10% -> 0 | BN99: =(BJ99-BM99)*10% -> 0 | BO99: =(BJ99-BM99)*6% -> 0 | BP99: =(BJ99-BM99)*5% -> 0 | BQ99: =BK99*10% -> 0 | BR99: =(BK99-BQ99)*10% -> 0 | BS99: =(BK99-BQ99)*6% -> 0 | BT99: =(BK99-BQ99)*5% -> 0 | BU99: =BM99+BQ99 -> 0 | BV99: =BN99+BR99 -> 0 | BW99: =BO99+BS99 -> 0 | BX99: =BP99+BT99 -> 0
B100: Всего | S100: =S98+S99 -> 0 | T100: =T98+T99 -> 0 | U100: =U98+U99 -> 0 | V100: =V98+V99 -> 0 | W100: =W98+W99 -> 0 | X100: =X98+X99 -> 0 | Y100: =Y98+Y99 -> 0 | Z100: =Z98+Z99 -> 0 | ... BX100: =BX98+BX99 -> 0
B102: Руководитель
B104: Заместитель руководителя
B105: по учебной части (школы)
B107: Заместитель руководителя
B108: по финансово-административной работе
B110: Экономист

Sheet Кальк МШ Ор
C1: "Утверждаю"
C2: Директор ЧУ "Дирекция строящихся
C3: Назарбаев Интеллектуальных школ"
C4: ____________________________ Ш. Риаханов
C5: "____" ________________________ 2014 года
A7: Калькуляция стоимости услуг по сервисному и хозяйственно-бытовому обслуживанию Объекта, расположенного по ул.Орынбор
A9: на 2016 год | C9: тенге
A10: № п/п | B10: Показатель | C10: Сумма
A11: 1 | B11: ФОТ с отчислениями | C11: ='штатка школа Орынб'!Q9+'штатка школа Орынб'!T9+'штатка школа Орынб'!U9 -> 26610746 | BF11: ='штатка школа Орынб'!Q9+'штатка школа Орынб'!T9+'штатка школа Орынб'!U9 -> 26610746 | BG11: ='штатка школа Орынб'!Q9+'штатка школа Орынб'!T9+'штатка школа Орынб'!U9 -> 26610746 | BJ11: =C11+'Кальк Турк без фмн'!D11+'Кальк31 ул (Адм Корп)'!D11+'Кальк31 ул (31)'!D11+'Кальк АУП'!C11 -> #REF! | BK11: =BJ11-#REF!-#REF!-#REF! -> #REF!
A12: 2 | B12: Страхование ГПО работодателя без НДС | C12: =BF12 -> #REF! | BF12: =#REF! -> #REF! | BG12: =#REF! -> #REF! | BJ12: =C12+'Кальк Турк без фмн'!D12+'Кальк31 ул (Адм Корп)'!D12+'Кальк31 ул (31)'!D12+'Кальк АУП'!C12 -> #REF! | BK12: =#REF! -> #REF!
A13: 3 | B13: Медицинское страхование без НДС | C13: =BF13 -> #REF! | BF13: =#REF! -> #REF! | BG13: =#REF! -> #REF! | BJ13: =C13+'Кальк Турк без фмн'!D13+'Кальк31 ул (Адм Корп)'!D13+'Кальк31 ул (31)'!D13+'Кальк АУП'!C13 -> #REF! | BK13: =#REF! -> #REF!
A14: 4 | B14: Услуги банка без НДС | C14: =#REF! -> #REF! | BF14: =#REF! -> #REF! | BG14: =#REF! -> #REF! | BJ14: =C14+'Кальк Турк без фмн'!D14+'Кальк31 ул (Адм Корп)'!D14+'Кальк31 ул (31)'!D14+'Кальк АУП'!C14 -> #REF! | BK14: =#REF! -> #REF!
A15: 5 | B15: Расходы на соц.сферу без НДС | C15: ='[59]соцсфера МШ'!I10/1.12 -> 0
A16: 6 | B16: Услуги по обслуживанию зданий и сооружений без НДС
A17: 7 | B17: Коммунальные услуги без НДС
A18: 6 | B18: Запасы без НДС | C18: =BF18/1.12 -> #REF! | BF18: =моющОрынб!T9+ТМЦОрынб!T9+('гсм школа'!#REF!+'гсм школа'!#REF!+'гсм школа'!#REF!+'гсм школа'!#REF!)/2 -> #REF! | BG18: =моющОрынб!T9+ТМЦОрынб!T9 -> 1559017 | BJ18: =BF18+'Кальк Турк без фмн'!BJ18+'Кальк31 ул (Адм Корп)'!BU18+'Кальк31 ул (31)'!BU18 -> #REF! | BK18: ='гсм школа'!I60+'моющ МБ 2.03.05'!V14+'моющФМН 2.03.05'!V14+'хоз свод'!R9+#REF!+'пр запасы фмн 2.03.09.'!T9+'пр запасы мб 2.03.09.'!T9+моющМШ!R9+хозМШ!T9+'ТМЦ МШ'!R9+моющОрынб!R9+ТМЦОрынб!R9+хозАДМ!T9+#REF!+'моющИНТ 2.03.05.'!V9+хозИНТ!T7+'хоз кот и ул освещ'!T7+тмцИНТ!R9 -> #REF!
A19: 9 | B19: Услуги по обучению тех персонала без НДС
A20: 10 | B20: Услуги по сервисному обслуживанию пожарной сигнализации, без НДС
A21: 11 | B21: Услуги дератизации и утилизации, нотариальные услуги без НДС
A22: 12 | B22: КПН по безвозмездно полученному имуществу (без НДС)
B23: ИТОГО без НДС 2016 года) | C23: =ROUND(SUM(C11:C22),2) -> #REF! | D23: =(#REF!+#REF!)*1.12 -> #REF! | E23: =(#REF!+#REF!)*1.12 -> #REF! | F23: =#REF!*1.12 -> #REF! | BJ23: =('Кальк Турк без фмн'!D19+'Кальк31 ул (Адм Корп)'!D19+'Кальк31 ул (31)'!D19)*1.12 -> #REF! | BK23: =#REF! -> #REF!
B24: ИТОГО без НДС (в месяц) | C24: =ROUND(C23/4,2) -> #REF! | D24: =C23*1.12 -> #REF! | BJ24: =('Кальк31 ул (Адм Корп)'!D20+'Кальк31 ул (31)'!D20)*1.12 -> #REF! | BK24: =#REF! -> #REF!
B25: Площадь здания по ул.Орынбор | C25: =26303+3291 -> 29594 | BJ25: ='Кальк31 ул (31)'!D21 -> 14430 | BK25: =#REF!+#REF! -> #REF!
B26: Итого полезная площадь объектов | C26: =C25 -> 29594
B27: Цена за 1 кв.м. без НДС | C27: =ROUND(C24/C26,2) -> #REF!
B28: ='[59]Кальк31 ул (2)'!B31 -> Цена за 1 кв.м. в месяц без НДС (Административные расходы) | C28: ='Кальк АУП'!C34 -> #REF!
B29: ='[59]Кальк31 ул (2)'!B32 -> ИТОГО Цена за 1 кв.м. без НДС | C29: =C28+C27 -> #REF!
B30: НДС | C30: =ROUND(C29*12%,2) -> #REF!
B31: Цена с НДС за 1 кв.м. | C31: =C30+C29 -> #REF! | D31: за 1 кв.м. у фмн и хбн
B32: Сумма расходов на Международную школу (в месяц) | C32: =ROUND(C31*C25,2) -> #REF!
B33: Сумма расходов на Международную школу (2016 год) | C33: =C32*4 -> #REF!
BF35: =C33+'Кальк Турк без фмн'!D39+'Кальк31 ул (Адм Корп)'!D33+'Кальк31 ул (31)'!D36+'Кальк31 ул (31)'!D37 -> #REF!
A36: Руководитель службы оранизации | F36: Н. Сакенов | BF36: 433505396
A37: обслуживания комплекса в г. Астана | C37: С. Алимханов | BF37: =BF35-BF36 -> #REF!
A39: Старший менеджер-экономист | C39: А. Алькеева | F39: М. Баянжанова
A41: Исполнитель | C41: А. Какимова | F41: А. Какимова

Sheet Кальк МШ Ор 2017-2018
C1: "Утверждаю"
C2: Директор ЧУ "Дирекция строящихся
C3: Назарбаев Интеллектуальных школ"
C4: ____________________________ Ш. Риаханов
C5: "____" ________________________ 2014 года
A7: Калькуляция стоимости услуг по сервисному и хозяйственно-бытовому обслуживанию Объекта, расположенного по ул.Орынбор
A9: на 2017-2018 год | C9: тенге
A10: № п/п | B10: Показатель | C10: Сумма 2017 год | BF10: Сумма 2018 год
A11: 1 | B11: ФОТ с отчислениями | C11: ='штатка школа Орынб 2017-2018'!Q9+'штатка школа Орынб 2017-2018'!T9+'штатка школа Орынб 2017-2018'!U9 -> 94615987 | BF11: =C11 -> 94615987 | BH11: ='штатка школа Орынб'!Q9+'штатка школа Орынб'!T9+'штатка школа Орынб'!U9 -> 26610746
A12: 2 | B12: Страхование ГПО работодателя без НДС | C12: =#REF!+#REF! -> #REF! | BF12: =C12 -> #REF! | BG12: =#REF! -> #REF! | BH12: =#REF! -> #REF!
A13: 3 | B13: Медицинское страхование без НДС | C13: =#REF!+#REF! -> #REF! | BF13: =C13 -> #REF! | BG13: =#REF! -> #REF! | BH13: =#REF! -> #REF!
A14: 4 | B14: Услуги банка без НДС | C14: ='штатка школа Орынб 2017-2018'!Q9*0.81*0.1% -> 69735.168 | BF14: =C14 -> 69735.168 | BH14: =#REF! -> #REF!
A15: 5 | B15: Обучение техперсонала | C15: =#REF!/1.12 -> #REF! | BF15: =#REF!/1.12 -> #REF! | BJ15: =BF15*1.12 -> #REF!
A16: 6 | B16: Услуги по обслуживанию зданий и сооружений без НДС
A17: 7 | B17: Коммунальные услуги без НДС
A18: 6 | B18: Запасы без НДС | C18: =BH18/1.12 -> #REF! | BF18: =(хозМШ!T9+моющОрынб!AB9+ТМЦОрынб!Z9+'гсм школа'!#REF!+'гсм школа'!#REF!+'гсм школа'!#REF!+'гсм школа'!#REF!)/1.12 -> #REF! | BG18: =моющОрынб!T9+ТМЦОрынб!T9 -> 1559017 | BH18: =моющОрынб!AB9+хозМШ!V9+'ТМЦ МШ'!R9+'гсм школа'!#REF!+'гсм школа'!#REF!+'гсм школа'!#REF!+'гсм школа'!#REF! -> #REF!
A19: 9 | B19: Услуги по обучению тех персонала без НДС
A20: 10 | B20: Услуги по сервисному обслуживанию пожарной сигнализации, без НДС
A21: 11 | B21: Услуги дератизации и утилизации, нотариальные услуги без НДС
A22: 12 | B22: КПН по безвозмездно полученному имуществу (без НДС)
B23: ИТОГО без НДС 2016 года) | C23: =ROUND(SUM(C11:C22),2) -> #REF! | D23: =(#REF!+#REF!)*1.12 -> #REF! | E23: =(#REF!+#REF!)*1.12 -> #REF! | F23: =#REF!*1.12 -> #REF! | BF23: =ROUND(SUM(BF11:BF22),2) -> #REF!
B24: ИТОГО без НДС (в месяц) | C24: =ROUND(C23/12,2) -> #REF! | D24: =C23*1.12 -> #REF! | BF24: =ROUND(BF23/12,2) -> #REF!
B25: Площадь здания по ул.Орынбор | C25: =26303+3291 -> 29594 | BF25: =26303+3291 -> 29594
B26: Итого полезная площадь объектов | C26: =C25 -> 29594 | BF26: =BF25 -> 29594
B27: Цена за 1 кв.м. без НДС | C27: =ROUND(C24/C26,2) -> #REF! | BF27: =ROUND(BF24/BF26,2) -> #REF!
B28: ='[59]Кальк31 ул (2)'!B31 -> Цена за 1 кв.м. в месяц без НДС (Административные расходы) | C28: ='Кальк АУП'!C34 -> #REF! | BF28: =C28 -> #REF!
B29: ='[59]Кальк31 ул (2)'!B32 -> ИТОГО Цена за 1 кв.м. без НДС | C29: =C28+C27 -> #REF! | BF29: =BF28+BF27 -> #REF!
B30: НДС | C30: =ROUND(C29*12%,2) -> #REF! | BF30: =ROUND(BF29*12%,2) -> #REF!
B31: Цена с НДС за 1 кв.м. | C31: =C30+C29 -> #REF! | D31: за 1 кв.м. у фмн и хбн | BF31: =BF30+BF29 -> #REF!
B32: Сумма расходов на Международную школу (в месяц) | C32: =ROUND(C31*C25,2) -> #REF! | BF32: =ROUND(BF31*BF25,2) -> #REF!
B33: Сумма расходов на Международную школу (2017-2018 год) | C33: =C32*12 -> #REF! | BF33: =BF32*12 -> #REF!
A36: Руководитель службы оранизации | F36: Н. Сакенов
A37: обслуживания комплекса в г. Астана | C37: С. Алимханов
A39: Старший менеджер-экономист | C39: А. Алькеева | F39: М. Баянжанова
A41: Исполнитель | C41: А. Какимова | F41: А. Какимова
BF43: 4.4222595e+08
BF44: =BF11+BF12+BF13+BF14+BF15*1.12+BF18*1.12+'Кальк31 ул (Адм Корп) 2017-2018'!BZ11+'Кальк31 ул (Адм Корп) 2017-2018'!BZ12+'Кальк31 ул (Адм Корп) 2017-2018'!BZ13+'Кальк31 ул (Адм Корп) 2017-2018'!BZ14+'Кальк31 ул (Адм Корп) 2017-2018'!BZ18*1.12+'Кальк31 ул (Адм Корп) 2017-2018'!BZ19*1.12+'Кальк31 2017-2018'!BX11+'Кальк31 2017-2018'!BX12+'Кальк31 2017-2018'!BX13+'Кальк31 2017-2018'!BX14+'Кальк31 2017-2018'!BX18*1.12+'Кальк31 2017-2018'!BX19*1.12+'Кальк31 2017-2018'!BX21+C28*C26*12+'Кальк31 ул (Адм Корп) 2017-2018'!BZ28*'Кальк31 ул (Адм Корп) 2017-2018'!BZ26*12+'Кальк31 2017-2018'!BX30*'Кальк31 2017-2018'!BX28*12 -> #REF!
BF46: =BF28*BF25 -> #REF!
BF47: ='Кальк31 ул (Адм Корп) 2017-2018'!BZ28*'Кальк31 ул (Адм Корп) 2017-2018'!BZ26 -> #REF!
BF48: ='Кальк31 2017-2018'!BX30*'Кальк31 2017-2018'!BX28 -> #REF!
BF49: =SUM(BF46:BF48)*12 -> #REF!

Sheet Кальк Турк с фмн
D1: "Утверждаю" | G1: "Утверждаю"
D2: Директор ЧУ "Дирекция строящихся | G2: Директор ЧУ "Дирекция строящихся
D3: Назарбаев Интеллектуальных школ" | G3: Назарбаев Интеллектуальных школ"
D4: ____________________________ Ш. Риаханов | G4: ____________________________ Ш. Риаханов
D5: "____" ________________________ 2014 года | G5: "____" ________________________ 2014 года
A7: Калькуляция стоимости услуг по сервисному и хозяйственно-бытовому обслуживанию Объекта в г. Астана, расположенного адресу: г. Астана ул.Туркестан, 2
A9: на 2016 год | G9: тенге
A10: № п/п | B10: Показатель | C10: Сумма | D10: Сумма | E10: калькуляция стоимости по общим расходам для школы | F10: калькуляция на доп.затраты | G10: калькуляция на доп.затраты по Международной школе
A11: 1 | B11: ФОТ с отчислениями | C11: =E11+F11+G11 -> 52264044 | D11: ='штатка школа МШ'!Q9+'штатка школа МШ'!T9+'штатка школа МШ'!U9 -> 0 | E11: ='[59]ФОТ МШ'!AX21+'[59]ФОТ МШ'!BA21+'[59]ФОТ МШ'!BB21 -> 52264044 | BJ11: ='штатка школа МШ'!Q9+'штатка школа МШ'!T9+'штатка школа МШ'!U9 -> 0
A12: 2 | B12: Страхование ГПО работодателя без НДС | C12: =E12+F12+G12 -> #REF! | D12: =#REF! -> #REF! | E12: ='[59]ГПО ФМН'!G48-'[59]ГПО МШ '!CD40 -> #REF! | BJ12: =#REF! -> #REF!
A13: 3 | B13: Медицинское страхование без НДС | C13: =E13+F13+G13 -> 840000 | D13: =#REF! -> #REF! | E13: =('[59]мед страх'!C16-'[59]ФОТ МШ'!C16)*'[59]мед страх'!F12 -> 840000 | BJ13: =#REF! -> #REF! | BK13: =21*60000 -> 1260000
A14: 4 | B14: Услуги банка без НДС | C14: =E14+F14+G14 -> 38520 | D14: =#REF! -> #REF! | E14: ='[59]банк услуги'!F9 -> 38520 | BJ14: =#REF! -> #REF!
A15: 5 | B15: Расходы на соц.сферу без НДС | C15: =E15+F15+G15 -> 0 | D15: =E15 -> 0
A16: 6 | B16: Услуги по обслуживанию зданий и сооружений без НДС | C16: =E16+F16+G16 -> 0 | D16: =E16 -> 0
A17: 7 | B17: Коммунальные услуги без НДС | C17: =E17+F17+G17 -> 0 | D17: =E17 -> 0
A18: 8 | B18: Запасы без НДС | C18: =E18+F18+G18 -> 6031371.2 | D18: =BJ18/1.12 -> #REF! | F18: 6031371.2 | BJ18: =моющМШ!T9+хозМШ!V9+'ТМЦ МШ'!T9+'гсм школа'!#REF!+'гсм школа'!#REF!+'гсм школа'!#REF!+'гсм школа'!#REF! -> #REF! | BK18: =моющМШ!T9+хозМШ!V9+'ТМЦ МШ'!T9+'гсм школа'!#REF!+'гсм школа'!#REF!+'гсм школа'!#REF!+'гсм школа'!#REF! -> #REF!
A19: 9 | B19: Услуги по обучению без НДС | C19: =E19+F19+G19 -> 11607.143 | D19: =BJ19/1.12 -> #REF! | F19: 11607.143 | BJ19: =#REF! -> #REF! | BK19: =#REF! -> #REF!
A20: 10 | B20: Прочие услуги, без НДС | C20: =E20+F20+G20 -> 0
A21: 11 | B21: Услуги дератизации и утилизации, нотариальные услуги без НДС | C21: =E21+F21+G21 -> 0
A22: 12 | B22: Обслуживание зданий (фильтры, счетчики) (без НДС) | C22: =E22+F22+G22 -> 0
A23: 12 | B23: КПН по безвозмездно полученному имуществу (без НДС) | C23: =E23+F23+G23 -> 0
B24: ИТОГО без НДС (2016 год) | C24: =SUM(C11:C23) -> #REF! | D24: =SUM(D11:D23) -> #REF! | E24: =SUM(E11:E23) -> #REF! | F24: =SUM(F11:F23) -> 6042978.4 | G24: =SUM(G11:G23) -> 0 | H24: =(#REF!+E24)*1.12 -> #REF! | I24: =(#REF!+E24)*1.12 -> #REF! | J24: =E24*1.12 -> #REF!
B25: ИТОГО без НДС (в месяц) | C25: =C24/5 -> #REF! | D25: =D24/12 -> #REF! | E25: =E24/5 -> #REF! | F25: =F24/5 -> 1208595.7 | G25: =G24/5 -> 0 | H25: =C24*1.12 -> #REF!
B26: Площадь здания на Туркистан (2016 год) | C26: 12104 | D26: =E26 -> 12104 | E26: =E28+E29 -> 12104 | F26: 12104 | G26: =G28+G29 -> 0
B27: в том числе:
B28: -Интеллектуальная школа в г.Астана (ФМН) | C28: 5447 | D28: =E28 -> 5447 | E28: =C28 -> 5447 | F28: =E28 -> 5447
B29: -Международная школа в г. Астана | C29: =C26-C28 -> 6657 | D29: =E29 -> 6657 | E29: =C29 -> 6657 | F29: =E29 -> 6657
B30: Итого полезная площадь объектов | C30: =C26 -> 12104 | D30: =D29+D28 -> 12104 | E30: =C30 -> 12104 | F30: =F26 -> 12104 | G30: =G26 -> 0
B31: Цена за 1 кв.м. без НДС | D31: =ROUND(D25/D30,2) -> #REF! | E31: =E25/E30 -> #REF! | F31: =F25/F30 -> 99.850931 | G31: =G25/G30 -> #DIV/0!
B32: ='[59]Кальк31 ул (2)'!B31 -> Цена за 1 кв.м. в месяц без НДС (Административные расходы) | D32: ='Кальк АУП'!C34 -> #REF!
B33: ='[59]Кальк31 ул (2)'!B32 -> ИТОГО Цена за 1 кв.м. без НДС | D33: =D32+D31 -> #REF!
B34: НДС | D34: =ROUND(D33*12%,2) -> #REF! | E34: =E31*12% -> #REF! | F34: =F31*12% -> 11.982112 | G34: =G31*12% -> #DIV/0!
B35: Цена с НДС за 1 кв.м. | D35: =D33+D34 -> #REF! | E35: =E34+E31 -> #REF! | F35: =F34+F31 -> 111.83304 | G35: =G34+G31 -> #DIV/0! | H35: за 1 кв.м. у фмн и хбн
B36: Сумма расходов на Интеллектуальную школу в г.Астана (ФМН) (в месяц) | C36: =E36+F36 -> #REF! | D36: =D35*D28 -> #REF! | E36: =E35*E28 -> #REF! | F36: =F35*F28 -> 609154.59 | G36: =G38/5 -> 0 | H36: за 1 кв.м. у Туркистан
B37: Сумма расходов на Международную школу (в месяц) | C37: =E37+G37 -> #REF! | D37: =D35*D29 -> #REF! | E37: =E35*E29 -> #REF! | F37: =F35*F29 -> 744472.57 | G37: =ROUND(G35*G29,0) -> #DIV/0!
B38: Сумма расходов на Интеллектуальной школы в г.Астана (ФМН) (2016 год) | C38: =E38+F38 -> #REF! | D38: =D36*12 -> #REF! | E38: =E35*E28*5 -> #REF! | F38: =F36*5 -> 3045772.9 | H38: итого на фмн
B39: Сумма расходов на Международную школу (2016 год) | C39: =E39+G39 -> #REF! | D39: =D37*12 -> #REF! | E39: =E35*E29*5 -> #REF! | F39: =F37*5 -> 3722362.8 | G39: =G35*G29*5 -> #DIV/0!
A41: Руководитель службы оранизации
A42: обслуживания комплекса в г. Астана | D42: С. Алимханов | G42: Н. Сакенов
A44: Старший менеджер-экономист | D44: А. Алькеева | G44: М. Баянжанова
A46: Исполнитель | D46: А. Какимова | G46: А. Какимова
C50: =SUM(C11:C14)+SUM(C15:C22)*1.12 -> #REF!

Sheet Кальк Турк без фмн
D1: "Утверждаю" | G1: "Утверждаю"
D2: Директор ЧУ "Дирекция строящихся | G2: Директор ЧУ "Дирекция строящихся
D3: Назарбаев Интеллектуальных школ" | G3: Назарбаев Интеллектуальных школ"
D4: ____________________________ Ш. Риаханов | G4: ____________________________ Ш. Риаханов
D5: "____" ________________________ 2014 года | G5: "____" ________________________ 2014 года
A7: Калькуляция стоимости услуг по сервисному и хозяйственно-бытовому обслуживанию Объекта в г. Астана, расположенного адресу: г. Астана ул.Туркестан, 2
A9: на 2016 год | G9: тенге
A10: № п/п | B10: Показатель | C10: Сумма | D10: Сумма | E10: калькуляция стоимости по общим расходам для школы | F10: калькуляция на доп.затраты | G10: калькуляция на доп.затраты по Международной школе
A11: 1 | B11: ФОТ с отчислениями | C11: =E11+F11+G11 -> 52264044 | D11: ='штатка школа МШ'!Q9+'штатка школа МШ'!T9+'штатка школа МШ'!U9 -> 0 | E11: ='[59]ФОТ МШ'!AX21+'[59]ФОТ МШ'!BA21+'[59]ФОТ МШ'!BB21 -> 52264044 | BJ11: ='штатка школа МШ'!Q9+'штатка школа МШ'!T9+'штатка школа МШ'!U9 -> 0 | BK11: ='штатка школа МШ'!Q9+'штатка школа МШ'!T9+'штатка школа МШ'!U9 -> 0 | BO11: ='штатка школа МШ'!Q9+'штатка школа МШ'!T9+'штатка школа МШ'!U9 -> 0
A12: 2 | B12: Страхование ГПО работодателя без НДС | C12: =E12+F12+G12 -> #REF! | D12: =#REF! -> #REF! | E12: ='[59]ГПО ФМН'!G48-'[59]ГПО МШ '!CD40 -> #REF! | BJ12: =#REF! -> #REF! | BO12: =#REF!+#REF! -> #REF!
A13: 3 | B13: Медицинское страхование без НДС | C13: =E13+F13+G13 -> 840000 | D13: =#REF! -> #REF! | E13: =('[59]мед страх'!C16-'[59]ФОТ МШ'!C16)*'[59]мед страх'!F12 -> 840000 | BJ13: =#REF! -> #REF! | BK13: =21*60000 -> 1260000
A14: 4 | B14: Услуги банка без НДС | C14: =E14+F14+G14 -> 38520 | D14: =#REF! -> #REF! | E14: ='[59]банк услуги'!F9 -> 38520 | BJ14: =#REF! -> #REF! | BO14: =#REF! -> #REF!
A15: 5 | B15: Расходы на соц.сферу без НДС | C15: =E15+F15+G15 -> 0 | D15: =E15 -> 0
A16: 6 | B16: Услуги по обслуживанию зданий и сооружений без НДС | C16: =E16+F16+G16 -> 0 | D16: =E16 -> 0
A17: 7 | B17: Коммунальные услуги без НДС | C17: =E17+F17+G17 -> 0 | D17: =E17 -> 0 | BM17: =моющМШ!R9+хозМШ!T9+'ТМЦ МШ'!R9+'гсм школа'!#REF!+'гсм школа'!#REF!+'гсм школа'!#REF!+'гсм школа'!#REF! -> #REF!
A18: 8 | B18: Запасы без НДС | C18: =E18+F18+G18 -> 6031371.2 | D18: =BJ18/1.12 -> #REF! | F18: 6031371.2 | BJ18: =моющМШ!T9+хозМШ!V9+'ТМЦ МШ'!T9+'гсм школа'!#REF!+'гсм школа'!#REF!+'гсм школа'!#REF!+'гсм школа'!#REF! -> #REF! | BK18: =моющМШ!T9+хозМШ!V9+'ТМЦ МШ'!T9+'гсм школа'!#REF!+'гсм школа'!#REF!+'гсм школа'!#REF!+'гсм школа'!#REF! -> #REF! | BO18: =('гсм школа'!#REF!+'гсм школа'!#REF!+'гсм школа'!#REF!+'гсм школа'!#REF!+моющМШ!R9+хозМШ!T9+'ТМЦ МШ'!R9)/1.12 -> #REF!
A19: 9 | B19: Услуги по обучению без НДС | C19: =E19+F19+G19 -> 11607.143 | D19: =BJ19/1.12 -> #REF! | F19: 11607.143 | BJ19: =#REF! -> #REF! | BK19: =#REF! -> #REF! | BO19: =(#REF!)/1.12 -> #REF!
A20: 10 | B20: Прочие услуги, без НДС | C20: =E20+F20+G20 -> 0
A21: 11 | B21: Услуги дератизации и утилизации, нотариальные услуги без НДС | C21: =E21+F21+G21 -> 0
A22: 12 | B22: Обслуживание зданий (фильтры, счетчики) (без НДС) | C22: =E22+F22+G22 -> 0
A23: 12 | B23: КПН по безвозмездно полученному имуществу (без НДС) | C23: =E23+F23+G23 -> 0
B24: ИТОГО без НДС (2016 год) | D24: =SUM(D11:D23) -> #REF! | E24: =SUM(E11:E23) -> #REF! | F24: =SUM(F11:F23) -> 6042978.4 | G24: =SUM(G11:G23) -> 0 | J24: =E24*1.12 -> #REF!
B25: ИТОГО без НДС (в месяц) | C25: =C24/5 -> 0 | D25: =D24/12 -> #REF! | E25: =E24/5 -> #REF! | F25: =F24/5 -> 1208595.7 | G25: =G24/5 -> 0 | H25: =C24*1.12 -> 0
B26: Площадь здания на Туркистан (2016 год) | C26: 12104 | D26: =E26 -> 12104 | E26: =E28+E29 -> 12104 | F26: 12104 | G26: =G28+G29 -> 0
B27: в том числе:
B28: -Интеллектуальная школа в г.Астана (ФМН) | C28: 5447 | D28: =E28 -> 5447 | E28: =C28 -> 5447 | F28: =E28 -> 5447
B29: -Международная школа в г. Астана | C29: =C26-C28 -> 6657 | D29: =E29 -> 6657 | E29: =C29 -> 6657 | F29: =E29 -> 6657
B30: Итого полезная площадь объектов | C30: =C26 -> 12104 | D30: =D29+D28 -> 12104 | E30: =C30 -> 12104 | F30: =F26 -> 12104 | G30: =G26 -> 0
B31: Цена за 1 кв.м. без НДС | D31: =ROUND(D25/D30,2) -> #REF! | E31: =E25/E30 -> #REF! | F31: =F25/F30 -> 99.850931 | G31: =G25/G30 -> #DIV/0!
B32: ='[59]Кальк31 ул (2)'!B31 -> Цена за 1 кв.м. в месяц без НДС (Административные расходы)
B33: ='[59]Кальк31 ул (2)'!B32 -> ИТОГО Цена за 1 кв.м. без НДС | D33: =D32+D31 -> #REF!
B34: НДС | D34: =ROUND(D33*12%,2) -> #REF! | E34: =E31*12% -> #REF! | F34: =F31*12% -> 11.982112 | G34: =G31*12% -> #DIV/0!
B35: Цена с НДС за 1 кв.м. | D35: =D33+D34 -> #REF! | E35: =E34+E31 -> #REF! | F35: =F34+F31 -> 111.83304 | G35: =G34+G31 -> #DIV/0! | H35: за 1 кв.м. у фмн и хбн
B36: Сумма расходов на Интеллектуальную школу в г.Астана (ФМН) (в месяц) | C36: =E36+F36 -> #REF! | D36: =D35*D28 -> #REF! | E36: =E35*E28 -> #REF! | F36: =F35*F28 -> 609154.59 | G36: =G38/5 -> 0 | H36: за 1 кв.м. у Туркистан
B37: Сумма расходов на Международную школу (в месяц) | D37: =ROUND(D35*D26,2) -> #REF! | E37: =E35*E29 -> #REF! | G37: =ROUND(G35*G29,0) -> #DIV/0!
B38: Сумма расходов на Интеллектуальной школы в г.Астана (ФМН) (2016 год) | C38: =E38+F38 -> #REF! | D38: =D36*12 -> #REF! | E38: =E35*E28*5 -> #REF! | F38: =F36*5 -> 3045772.9 | H38: итого на фмн
B39: Сумма расходов на Международную школу (2016 год) | C39: =E39+G39 -> #REF! | D39: =ROUND(D37*12,2) -> #REF! | E39: =E35*E29*5 -> #REF! | F39: =F35*F29*5 -> 3722362.8 | G39: =G35*G29*5 -> #DIV/0!
A41: Руководитель службы оранизации
A42: обслуживания комплекса в г. Астана | D42: С. Алимханов | G42: Н. Сакенов
A44: Старший менеджер-экономист | D44: А. Алькеева | G44: М. Баянжанова
A46: Исполнитель | D46: А. Какимова | G46: А. Какимова
C50: =SUM(C11:C14)+SUM(C15:C22)*1.12 -> #REF!

Sheet Кальк31 ул (Адм Корп)
D1: "Утверждаю" | E1: "Утверждаю"
D2: Директор ЧУ "Дирекция строящихся | E2: Директор ЧУ "Дирекция строящихся
D3: Назарбаев Интеллектуальных школ" | E3: Назарбаев Интеллектуальных школ"
D4: ____________________________ Ш. Риаханов | E4: ____________________________ Ш. Риаханов
E5: "____" ________________________ 2014 года
A7: Калькуляция стоимости услуг по сервисному и хозяйственно-бытовому обслуживанию Объектов, расположенным по адресу: г. Астана, ул. 31, д. 37а
A9: на 2016 год | I9: тенге
A10: № п/п | B10: Показатель | C10: Сумма | D10: Сумма | E10: калькуляция стоимости услуг для спального корпуса в г. Астана | F10: калькуляция стоимости по общим расходам для НИШ в г. Астана | G10: калькуляция на доп.затраты по ФМН | H10: калькуляция на доп.затраты по МБ | I10: калькуляция на доп.затраты по спальному корпусу
A11: 1 | B11: ФОТ с отчислениями | C11: =F11+G11+H11+I11 -> #REF! | D11: =#REF!+#REF!+#REF! -> #REF! | E11: ='[59]ФОТ инт'!AM13+'[59]ФОТ инт'!AP13+'[59]ФОТ инт'!AQ13 -> 21791851 | F11: ='[59]ФОТ инт'!AQ23+'[59]ФОТ ФМН'!AQ30+'[59]ФОТ МБ'!AQ41 -> 140214816 | I11: =D11+'[59]Кальк Турк'!D11+'[59]Кальк МШ Ор'!C11 -> #REF! | BL11: =D11-'[59]Бюджет 1 кв.метр'!E47-'[59]Бюджет 1 кв.метр'!F47-'[59]Бюджет 1 кв.метр'!G47-'[59]Бюджет 1 кв.метр'!H47-'[59]Бюджет 1 кв.метр'!E58-'[59]Бюджет 1 кв.метр'!F58-'[59]Бюджет 1 кв.метр'!G58-'[59]Бюджет 1 кв.метр'!H58 -> #REF! | BU11: =#REF!+#REF!+#REF! -> #REF! | BW11: =BU11+'Кальк31 ул (31)'!BU11+'Кальк АУП'!BF11+'Кальк Турк без фмн'!BJ11+'Кальк МШ Ор'!BF11 -> #REF! | BX11: =#REF!+#REF!+#REF! -> #REF! | BY11: =BW11-BX11 -> #REF! | CA11: =#REF!+#REF!+#REF! -> #REF!
A12: 2 | B12: Страхование ГПО работодателя без НДС | C12: =F12+G12+H12+I12 -> 364536 | D12: =#REF! -> #REF! | E12: ='[59]ГПО инт'!AV75 -> 59896.8 | F12: ='[59]ГПО инт'!AV75+'[59]ГПО ФМН'!G48+'[59]ГПО МБ'!G68 -> 364536 | BL12: =D12-'[59]Бюджет 1 кв.метр'!E123-'[59]Бюджет 1 кв.метр'!F123-'[59]Бюджет 1 кв.метр'!G123-'[59]Бюджет 1 кв.метр'!H123 -> #REF! | BU12: =#REF! -> #REF! | BW12: =BU12+'Кальк31 ул (31)'!BU12+'Кальк АУП'!BF12+'Кальк Турк без фмн'!BJ12+'Кальк МШ Ор'!BF12 -> #REF! | BX12: =#REF! -> #REF! | BY12: =BW12-BX12 -> #REF!
A13: 3 | B13: Медицинское страхование без НДС | C13: =F13+G13+H13+I13 -> 8900000 | D13: =#REF! -> #REF! | E13: =[59]медстрах!G15 -> 900000 | F13: =[59]медстрах!G15+[59]медстрахФМН!D7+'[59]мед страх МБ'!D7 -> 8900000 | BL13: =D13-'[59]Бюджет 1 кв.метр'!E126-'[59]Бюджет 1 кв.метр'!F126-'[59]Бюджет 1 кв.метр'!G126-'[59]Бюджет 1 кв.метр'!H126 -> #REF! | BM13: ='[59]ФОТ комплекс'!C64-'[59]ФОТ комплекс'!C8-'[59]ФОТ комплекс'!C41 -> 146 | BU13: =#REF! -> #REF! | BW13: =BU13+'Кальк31 ул (31)'!BU13+'Кальк АУП'!BF13+'Кальк Турк без фмн'!BJ13+'Кальк МШ Ор'!BF13 -> #REF! | BX13: =#REF! -> #REF! | BY13: =BW13-BX13 -> #REF!
A14: 4 | B14: Услуги банка без НДС | C14: =F14+G14+H14+I14 -> 123816.2 | D14: =#REF! -> #REF! | E14: ='[59]банк усл'!F9 -> 16061 | F14: ='[59]банк усл'!F9+'[59]банк усл ФМН'!F7+'[59]банк услугиМБ'!F7 -> 123816.2 | BL14: =D14-'[59]Бюджет 1 кв.метр'!E134-'[59]Бюджет 1 кв.метр'!F134-'[59]Бюджет 1 кв.метр'!G134-'[59]Бюджет 1 кв.метр'!H134 -> #REF! | BM14: =D13/100000 -> #REF! | BN14: =BM14*64800 -> #REF! | BO14: =D13-BN14 -> #REF! | BU14: =#REF! -> #REF! | BW14: =BU14+'Кальк31 ул (31)'!BU14+'Кальк АУП'!BF14+'Кальк Турк без фмн'!BJ14+'Кальк МШ Ор'!BF14 -> #REF! | BX14: =#REF! -> #REF! | BY14: =BW14-BX14 -> #REF!
A15: 5 | B15: Расходы на соц.сферу без НДС | C15: =F15+G15+H15+I15 -> 296875 | D15: =('[59]Бюджет 1 кв.метр'!E195+'[59]Бюджет 1 кв.метр'!F195+'[59]Бюджет 1 кв.метр'!G195+'[59]Бюджет 1 кв.метр'!H195)/1.12 -> 0 | E15: ='[59]соцсфера ИНТ'!F6 -> 46875 | F15: =('[59]соцсфера ИНТ'!H6+[59]соцсфера!H7+'[59]соцсфера МБ'!H6)/1.12 -> 296875 | BL15: =D15*1.12-'[59]Бюджет 1 кв.метр'!E156-'[59]Бюджет 1 кв.метр'!F156-'[59]Бюджет 1 кв.метр'!G156-'[59]Бюджет 1 кв.метр'!H156 -> -20990863
A16: 6 | B16: Услуги по обслуживанию зданий и сооружений без НДС | C16: =F16+G16+H16+I16 -> 0
A17: 7 | B17: Коммунальные услуги без НДС | C17: =F17+G17+H17+I17 -> 0
A18: 8 | B18: Запасы без НДС | C18: =F18+G18+H18+I18 -> 38125059 | D18: =BU18/1.12 -> #REF! | E18: =I18 -> 8421211.4 | G18: 29703847 | I18: 8421211.4 | BL18: =D18*1.12-'[59]Бюджет 1 кв.метр'!E61-'[59]Бюджет 1 кв.метр'!F61-'[59]Бюджет 1 кв.метр'!G61-'[59]Бюджет 1 кв.метр'!H61 -> #REF! | BU18: =хозАДМ!V9+#REF!+'хоз кот и ул освещ'!V4 -> #REF! | BW18: =BU18+'Кальк31 ул (31)'!BU18+'Кальк Турк без фмн'!BJ18+'Кальк МШ Ор'!BF18 -> #REF! | BX18: =#REF! -> #REF! | BY18: =BW18-BX18 -> #REF!
A19: 9 | B19: Услуги и обучению без НДС | C19: =F19+G19+H19+I19 -> 35336 | D19: =BU19/1.12 -> #REF! | G19: 35336 | BL19: =D19*1.12-'[59]Бюджет 1 кв.метр'!E164-'[59]Бюджет 1 кв.метр'!F164-'[59]Бюджет 1 кв.метр'!G164-'[59]Бюджет 1 кв.метр'!H164 -> #REF! | BU19: =#REF! -> #REF! | BW19: =BU19+'Кальк31 ул (31)'!BU19+'Кальк Турк без фмн'!BJ19 -> #REF! | BX19: =#REF! -> #REF! | BY19: =BW19-BX19 -> #REF!
A20: 10 | B20: Прочие услуги, без НДС | C20: =F20+G20+H20+I20 -> 0 | D20: =BU20/1.12 -> #REF! | BU20: =#REF! -> #REF! | BW20: =BU20+'Кальк31 ул (31)'!BU20 -> #REF! | BX20: =#REF! -> #REF! | BY20: =BW20-BX20 -> #REF!
A21: 11 | B21: Услуги дератизации и утилизации | C21: =F21+G21+H21+I21 -> 0 | BL21: 31 ул. | BO21: турк | BR21: орынб | BW21: =SUM(BW11:BW20) -> #REF!
A22: 12 | B22: Информационные услуги | C22: 0 | BL22: с НДС | BM22: НДС | BN22: без НДС | BO22: с НДС | BP22: НДС | BQ22: без НДС | BR22: с НДС | BS22: НДС | BT22: без НДС
B23: ИТОГО без НДС (январь-декабрь 2016 года) | C23: =SUM(C11:C22) -> #REF! | D23: =SUM(D11:D15)+D18+D19+D20 -> #REF! | E23: =SUM(E11:E15)+E18+E19 -> 31235895 | F23: =SUM(F11:F22) -> 1.4990004e+08 | G23: =SUM(G11:G22) -> 29739183 | H23: =SUM(H11:H22) -> 0 | I23: =SUM(I11:I22) -> #REF! | J23: =(#REF!+F23)*1.12 -> #REF! | K23: =(#REF!+F23)*1.12 -> #REF! | L23: =F23*1.12 -> 1.6788805e+08 | BL23: =D23*1.12 -> #REF! | BM23: =BL23-D23 -> #REF! | BO23: ='[59]Кальк Турк'!D24*1.12 -> 66414239 | BP23: =BO23-'[59]Кальк Турк'!D24 -> 7115811.4 | BQ23: ='[59]Кальк Турк'!D24 -> 59298428
B24: ИТОГО без НДС (в месяц) | C24: =C23/12 -> #REF! | D24: =D23/12 -> #REF! | E24: =E23/12 -> 2602991.3 | F24: =F23/12 -> 12491670 | G24: =G23/12 -> 2478265.3 | H24: =H23/12 -> 0 | I24: =I23/12 -> #REF! | J24: =C23*1.12 -> #REF!
B25: Площадь Адм.блока | D25: ='площ для обсл объек'!F5 -> 10053.2 | BL25: (надо откорректировать при корректировке)
B26: Итого полезная площадь объектов | C26: =SUM(#REF!) -> #REF! | D26: =SUM(D25:D25) -> 10053.2 | E26: =SUM(#REF!) -> #REF! | F26: =SUM(#REF!) -> #REF! | G26: =SUM(#REF!) -> #REF! | H26: =SUM(#REF!) -> #REF! | I26: =SUM(#REF!) -> #REF! | BL26: с НДС | BM26: НДС | BN26: без НДС | BO26: с НДС | BP26: НДС | BQ26: без НДС | BR26: с НДС | BS26: НДС | BT26: без НДС
B27: Цена за 1 кв.м. в месяц без НДС | D27: =ROUND(D24/D26,2) -> #REF! | E27: =E24/E26 -> #REF! | F27: =F24/F26 -> #REF! | G27: =G24/(#REF!+#REF!) -> #REF! | H27: =H24/H26 -> #REF! | I27: =I24/I26 -> #REF! | BL27: =D27*D26*1.12*12 -> #REF! | BO27: ='[59]Кальк Турк'!D31*1.12*'[59]Кальк Турк'!D30*6 -> 66414009 | BP27: =BO27-BQ27 -> 7115786.7 | BQ27: ='[59]Кальк Турк'!D31*'[59]Кальк Турк'!D30*6 -> 59298222 | BU27: =D24/D26 -> #REF!
B28: Цена за 1 кв.м. в месяц без НДС (Административные расходы) | D28: =ROUND('Кальк АУП'!C34,2) -> #REF! | BL28: =D28*1.12*D26*12 -> #REF! | BM28: =BL28-BN28 -> #REF! | BN28: =D28*D26*12 -> #REF! | BO28: ='[59]Кальк Турк'!D32*1.12*'[59]Кальк Турк'!D30*6 -> 4825835.8 | BP28: =BO28-BQ28 -> 517053.83 | BQ28: ='[59]Кальк Турк'!D32*6*'[59]Кальк Турк'!D30 -> 4308781.9 | BU28: =D28 -> #REF!
B29: ИТОГО Цена за 1 кв.м. без НДС | D29: =D28+D27 -> #REF! | BU29: =SUM(BU27:BU28) -> #REF!
B30: НДС | D30: =ROUND(D29*12%,2) -> #REF! | E30: =E27*12% -> #REF! | F30: =F27*12% -> #REF! | G30: =G27*12% -> #REF! | H30: =H27*12% -> #REF! | I30: =I27*12% -> #REF! | BU30: =BU29*12% -> #REF!
B31: ИТОГО Цена за 1 кв.м. в месяц с НДС | D31: =D30+D29 -> #REF! | E31: =E30+E27 -> #REF! | F31: =F30+F27 -> #REF! | G31: =G30+G27 -> #REF! | H31: =H30+H27 -> #REF! | I31: =I30+I27 -> #REF! | J31: за 1 кв.м. у фмн и хбн | BL31: =D31*D26*12 -> #REF! | BM31: =BL31-BN31 -> #REF! | BN31: =D29*D26*12 -> #REF! | BO31: ='[59]Кальк Турк'!D35*'[59]Кальк Турк'!D30*6 -> 71239787 | BP31: =BO31-BQ31 -> 7632782.4 | BQ31: ='[59]Кальк Турк'!D33*6*'[59]Кальк Турк'!D30 -> 63607004 | BT31: ='[59]Кальк Турк'!G33*6*'[59]Кальк Турк'!G30 -> #REF! | BU31: =BU29+BU30 -> #REF!
B32: Сумма расходов на Адм.блок в г.Астана (МБ) (в месяц) | D32: =ROUND(D31*D25,2) -> #REF! | BU32: =D31*D25 -> #REF!
B33: Сумма расходов на Адм.блок в г.Астана (январь-декабрь 2016 года) | D33: =ROUND(D32*12,2) -> #REF!
BL34: =D31-'[59]Кальк31 ул (2)'!D34 -> #REF!
A35: Руководитель службы оранизации | E35: Н. Сакенов | BL35: =#REF!-'[59]Кальк31 ул (2)'!D38 -> #REF!
A36: обслуживания комплекса в г. Астана | D36: С. Алимханов | BL36: =BL35*2 -> #REF! | BM36: 489.39
BL37: =BL36-BO14 -> #REF! | BM37: =BM36*1.12 -> 548.1168
A38: Старший менеджер-экономист | D38: А. Алькеева | E38: М. Баянжанова
BM39: =#REF!+#REF!+#REF!+3222.12 -> #REF!
A40: Исполнитель | D40: А. Какимова | E40: А. Какимова | BM40: =13674.8-3222.12 -> 10452.68
BM41: 596.74
BM42: =BM41*BM40 -> 6237532.3
C43: =C23*1.12-#REF!-#REF! -> #REF! | F43: =F23*1.12-#REF!-#REF! -> #REF! | G43: =G23*1.12-#REF!-#REF! -> #REF! | H43: =H23*1.12-#REF!-#REF! -> #REF! | I43: =I23*1.12-#REF!-#REF! -> #REF! | BM43: =BM42*12 -> 74850387
C44: #REF!
C45: =C44/1.12 -> #REF! | F45: =C52*#REF!*12 -> #REF!
C46: =SUM(C11:C14)+SUM(C15:C22)*1.12 -> #REF!
C47: 6.8408585e+08
C48: -1.7553386e+08
C52: ='[59]ФОТ ауп'!AM58/('Кальк31 ул (Адм Корп)'!#REF!+'Кальк31 ул (Адм Корп)'!#REF!+'Кальк31 ул (Адм Корп)'!#REF!+'[59]Кальк Турк'!C26+'[59]Кальк МШ Ор'!C25)/12 -> #REF!

Sheet Кальк31 ул (31)
D1: Приложение_____ | E1: "Утверждаю"
D2: к Протоколу заседания Правления | E2: Директор ЧУ "Дирекция строящихся
D3: АОО "Назарбаев Интеллектуальные школы" | E3: Назарбаев Интеллектуальных школ"
D4: от ____ _______________2016 года | E4: ____________________________ Ш. Риаханов
E5: "____" ________________________ 2014 года
A7: Сравнительная таблица калькуляции стоимости услуг по сервисному и хозяйственно-бытовому обслуживанию Объектов, расположенным по адресу: г. Астана, г. Астана, ул. 31, д. 35, 35а, 37
A9: на 2018 гг | I9: тенге
A10: № п/п | B10: Показатель | C10: Сумма | D10: Сумма 2018 год | E10: калькуляция стоимости услуг для спального корпуса в г. Астана | F10: калькуляция стоимости по общим расходам для НИШ в г. Астана | G10: калькуляция на доп.затраты по ФМН | H10: калькуляция на доп.затраты по МБ | I10: калькуляция на доп.затраты по спальному корпусу | CQ10: Сумма 2018 год | CR10: Сумма 2019 год | CV10: Сумма 2017 год | CW10: % удорожания | CX10: Комментарий
A11: 1 | B11: ФОТ с отчислениями | C11: =F11+G11+H11+I11 -> 4.3560384e+08 | D11: ='штатка МБ 2.01.'!Q9+'штатка МБ 2.01.'!T9+'штатка МБ 2.01.'!U9+'штатка ФМН 2.01.'!Q9+'штатка ФМН 2.01.'!T9+'штатка ФМН 2.01.'!U9+'штатка спальн блок 2.01.'!Q10+'штатка спальн блок 2.01.'!T10+'штатка спальн блок 2.01.'!U10+'штатка МБ 2.01.'!W9+'штатка ФМН 2.01.'!W110+'штатка спальн блок 2.01.'!W10 -> 2.3154855e+08 | E11: ='[60]ФОТ инт'!AM13+'[60]ФОТ инт'!AP13+'[60]ФОТ инт'!AQ13 -> 21791851 | F11: ='[60]ФОТ инт'!AQ23+'[60]ФОТ ФМН'!AQ30+'[60]ФОТ МБ'!AQ41 -> 140214816 | I11: =D11+'[60]Кальк Турк'!D11+'[60]Кальк МШ Ор'!C11 -> 2.9538902e+08 | BL11: =D11-'[60]Бюджет 1 кв.метр'!E47-'[60]Бюджет 1 кв.метр'!F47-'[60]Бюджет 1 кв.метр'!G47-'[60]Бюджет 1 кв.метр'!H47-'[60]Бюджет 1 кв.метр'!E58-'[60]Бюджет 1 кв.метр'!F58-'[60]Бюджет 1 кв.метр'!G58-'[60]Бюджет 1 кв.метр'!H58 -> 63599374 | BU11: ='штатка МБ 2.01.'!Q9+'штатка МБ 2.01.'!T9+'штатка МБ 2.01.'!U9+'штатка ФМН 2.01.'!Q9+'штатка ФМН 2.01.'!T9+'штатка ФМН 2.01.'!U9+'штатка спальн блок 2.01.'!Q10+'штатка спальн блок 2.01.'!T10+'штатка спальн блок 2.01.'!U10 -> 2.2946065e+08 | BW11: ='штатка МБ 2.01.'!Q9+'штатка МБ 2.01.'!T9+'штатка МБ 2.01.'!U9+'штатка ФМН 2.01.'!Q9+'штатка ФМН 2.01.'!T9+'штатка ФМН 2.01.'!U9+'штатка спальн блок 2.01.'!Q10+'штатка спальн блок 2.01.'!T10+'штатка спальн блок 2.01.'!U10 -> 2.2946065e+08 | CH11: ='штатка МБ 2.01.'!Q9+'штатка спальн блок 2.01.'!Q10+'штатка ФМН 2.01.'!Q9+'штатка МБ 2.01.'!T9+'штатка МБ 2.01.'!U9+'штатка ФМН 2.01.'!T9+'штатка ФМН 2.01.'!U9+'штатка спальн блок 2.01.'!T10+'штатка спальн блок 2.01.'!U10 -> 2.2946065e+08 | CI11: =D11-CH11 -> 2087904 | CK11: =D11+#REF!+'Кальк Турк без фмн'!D11 -> #REF! | CQ11: =D11 -> 2.3154855e+08 | CR11: =D11 -> 2.3154855e+08 | CV11: 1.7789496e+08 | CW11: =(D11-CV11)/CV11 -> 0.30160265 | CX11: ФОТ увеличен в связи с тем, что в 2017 году выплаты по ОСМС планировались с июля(6 месяцев), в 2018 году план предусмотрен на весь год (12 месяцев) | CY11: ='штатка МБ 2.01.'!Q9+'штатка МБ 2.01.'!V9+'штатка МБ 2.01.'!W9+'штатка ФМН 2.01.'!Q9+'штатка ФМН 2.01.'!V9+'штатка ФМН 2.01.'!W110+'штатка спальн блок 2.01.'!Q10+'штатка спальн блок 2.01.'!V10+'штатка спальн блок 2.01.'!W10 -> 2.3154855e+08
A12: 2 | B12: Страхование ГПО работодателя без НДС | C12: =F12+G12+H12+I12 -> 364536 | D12: =#REF!+#REF!+#REF! -> #REF! | E12: ='[60]ГПО инт'!AV75 -> 59896.8 | F12: ='[60]ГПО инт'!AV75+'[60]ГПО ФМН'!G48+'[60]ГПО МБ'!G68 -> 364536 | BL12: =D12-'[60]Бюджет 1 кв.метр'!E123-'[60]Бюджет 1 кв.метр'!F123-'[60]Бюджет 1 кв.метр'!G123-'[60]Бюджет 1 кв.метр'!H123 -> #REF! | BU12: =#REF!+#REF!+#REF! -> #REF! | CH12: =D12 -> #REF! | CI12: =D12-CH12 -> #REF! | CK12: =D12+#REF!+'Кальк Турк без фмн'!D12 -> #REF! | CQ12: =D12 -> #REF! | CR12: =D12 -> #REF! | CV12: 493518 | CW12: =(D12-CV12)/CV12 -> #REF! | CX12: ФЗП работников остался на уровне 2017 года | CY12: =#REF!+#REF!+#REF! -> #REF!
A13: 3 | B13: Медицинское страхование без НДС | C13: =F13+G13+H13+I13 -> 8900000 | E13: =[60]медстрах!G15 -> 900000 | F13: =[60]медстрах!G15+[60]медстрахФМН!D7+'[60]мед страх МБ'!D7 -> 8900000 | BL13: =D13-'[60]Бюджет 1 кв.метр'!E126-'[60]Бюджет 1 кв.метр'!F126-'[60]Бюджет 1 кв.метр'!G126-'[60]Бюджет 1 кв.метр'!H126 -> -6540000 | BM13: ='[60]ФОТ комплекс'!C64-'[60]ФОТ комплекс'!C8-'[60]ФОТ комплекс'!C41 -> 167 | BU13: =#REF!+#REF!+#REF! -> #REF! | CH13: =D13 -> 0 | CK13: =D13+#REF!+'Кальк Турк без фмн'!D13 -> #REF! | CQ13: =#REF!+#REF!+#REF! -> #REF! | CR13: =#REF!+#REF!+#REF! -> #REF! | CV13: 6700340 | CW13: =(D13-CV13)/CV13 -> -1 | CX13: На 2018 год не планируется | CY13: =#REF!+#REF!+#REF! -> #REF!
A14: 4 | B14: Услуги банка без НДС | C14: =F14+G14+H14+I14 -> 123816.2 | D14: =#REF!+#REF! -> #REF! | E14: ='[60]банк усл'!F9 -> 16061 | F14: ='[60]банк усл'!F9+'[60]банк усл ФМН'!F7+'[60]банк услугиМБ'!F7 -> 123816.2 | BL14: =D14-'[60]Бюджет 1 кв.метр'!E134-'[60]Бюджет 1 кв.метр'!F134-'[60]Бюджет 1 кв.метр'!G134-'[60]Бюджет 1 кв.метр'!H134 -> #REF! | BM14: =D13/100000 -> 0 | BN14: =BM14*64800 -> 0 | BO14: =D13-BN14 -> 0 | BU14: =#REF!+#REF!+#REF! -> #REF! | CH14: =D14 -> #REF! | CI14: =D14-CH14 -> #REF! | CK14: =D14+#REF!+'Кальк Турк без фмн'!D14 -> #REF! | CQ14: =D14 -> #REF! | CR14: =D14 -> #REF! | CV14: 70720 | CW14: =(D14-CV14)/CV14 -> #REF! | CY14: =#REF!+#REF! -> #REF!
A15: 5 | B15: Расходы на соц.сферу без НДС | C15: =F15+G15+H15+I15 -> 296875 | D15: =('[60]Бюджет 1 кв.метр'!E195+'[60]Бюджет 1 кв.метр'!F195+'[60]Бюджет 1 кв.метр'!G195+'[60]Бюджет 1 кв.метр'!H195)/1.12 -> 0 | E15: ='[60]соцсфера ИНТ'!F6 -> 46875 | F15: =('[60]соцсфера ИНТ'!H6+[60]соцсфера!H7+'[60]соцсфера МБ'!H6)/1.12 -> 296875 | BL15: =D15*1.12-'[60]Бюджет 1 кв.метр'!E156-'[60]Бюджет 1 кв.метр'!F156-'[60]Бюджет 1 кв.метр'!G156-'[60]Бюджет 1 кв.метр'!H156 -> -20990863 | CQ15: =('[60]Бюджет 1 кв.метр'!CR195+'[60]Бюджет 1 кв.метр'!CS195+'[60]Бюджет 1 кв.метр'!CT195+'[60]Бюджет 1 кв.метр'!CU195)/1.12 -> #REF! | CR15: =('[60]Бюджет 1 кв.метр'!CS195+'[60]Бюджет 1 кв.метр'!CT195+'[60]Бюджет 1 кв.метр'!CU195+'[60]Бюджет 1 кв.метр'!CV195)/1.12 -> #REF!
A16: 6 | B16: НДС | C16: =F16+G16+H16+I16 -> 0 | CH16: =#REF!+#REF!+#REF! -> #REF!
A17: 7 | B17: Коммунальные услуги без НДС | C17: =F17+G17+H17+I17 -> 0
A18: 5 | B18: Запасы без НДС | C18: =F18+G18+H18+I18 -> 38125059 | D18: =('моющ МБ 2.03.05'!V14+'моющФМН 2.03.05'!V14+'моющИНТ 2.03.05.'!V9+'хоз 2.03.06.'!AY9+'хоз 2.03.06.'!AZ9+'хоз 2.03.06.'!BA9+'пр запасы фмн 2.03.09.'!T9+'пр запасы мб 2.03.09.'!T9+'2.03.01.0приобретение комп к ОС'!Q9+'2.03.01.0приобретение комп к ОС'!S9+'2.03.01.0приобретение комп к ОС'!U9)/1.12 -> 11240869 | E18: =I18 -> 8421211.4 | G18: =('[61]гсм школа'!$M$48+'[61]гсм школа'!$M$50+'[61]моющ школы'!$R$15+'[61]хоз школы'!$R$9+'[61]тмц школы'!$R$9)/1.12 -> 29703847 | I18: =([61]моющИНТ!$R$9+[61]хозИНТ!$R$8+[61]тмцИНТ!$R$9)/1.12 -> 8421211.4 | BL18: =D18*1.12-'[60]Бюджет 1 кв.метр'!E61-'[60]Бюджет 1 кв.метр'!F61-'[60]Бюджет 1 кв.метр'!G61-'[60]Бюджет 1 кв.метр'!H61 -> -19208750 | BU18: ='моющ МБ 2.03.05'!X14+'моющФМН 2.03.05'!X14+'хоз свод'!T9+#REF!+'пр запасы фмн 2.03.09.'!V9+'пр запасы мб 2.03.09.'!V9+'хоз кот и ул освещ'!V4+'хоз кот и ул освещ'!V4+'моющИНТ 2.03.05.'!X9+хозИНТ!T7+тмцИНТ!T9+'гсм школа'!I47+'гсм школа'!I48+'гсм школа'!I49+'гсм школа'!I50+'гсм школа'!I52+'гсм школа'!I54+'гсм школа'!I56+'гсм школа'!I58+'гсм школа'!#REF!+'гсм школа'!#REF!+'гсм школа'!#REF! -> #REF! | BV18: ='гсм школа'!K47+'гсм школа'!K48+'гсм школа'!K49+'гсм школа'!K50+'гсм школа'!K52+'гсм школа'!K54+'гсм школа'!K56+'гсм школа'!K58+'гсм школа'!#REF!+'гсм школа'!#REF!+'гсм школа'!#REF!+'гсм школа'!#REF!+'гсм школа'!#REF!+'гсм школа'!#REF!+'моющ МБ 2.03.05'!X14+'моющФМН 2.03.05'!X14+'хоз свод'!T9+#REF!+'пр запасы фмн 2.03.09.'!V9+'пр запасы мб 2.03.09.'!V9+'моющИНТ 2.03.05.'!X9+хозИНТ!V7+'хоз кот и ул освещ'!V4+'хоз кот и ул освещ'!V4+тмцИНТ!T9 -> #REF! | CH18: =('гсм школа'!I47+'гсм школа'!I48+'гсм школа'!I49+'гсм школа'!I50+'гсм школа'!I52+'гсм школа'!I54+'гсм школа'!I56+'гсм школа'!I58+'гсм школа'!#REF!+'гсм школа'!#REF!+'гсм школа'!#REF!+'гсм школа'!#REF!+'гсм школа'!#REF!+'гсм школа'!#REF!+'моющ МБ 2.03.05'!V14+'моющФМН 2.03.05'!V14+#REF!+#REF!+'пр запасы фмн 2.03.09.'!T9+'пр запасы мб 2.03.09.'!T9+'моющИНТ 2.03.05.'!V9+хозИНТ!T7+'хоз кот и ул освещ'!V4+'хоз кот и ул освещ'!V4+тмцИНТ!R9) -> #REF! | CI18: =D18-CH18 -> #REF! | CK18: =(D18+#REF!+'Кальк Турк без фмн'!D18)*1.12 -> #REF! | CQ18: =('гсм школа'!#REF!+'моющ МБ 2.03.05'!#REF!+'моющФМН 2.03.05'!Z14+'хоз 2.03.06.'!AA9+'хозМБ)'!X9+'пр запасы фмн 2.03.09.'!X9+'пр запасы мб 2.03.09.'!X9+'моющИНТ 2.03.05.'!Z9+хозИНТ!X7+тмцИНТ!V9)/1.12 -> #REF! | CR18: =('гсм школа'!#REF!+'моющ МБ 2.03.05'!#REF!+'моющФМН 2.03.05'!AD14+'хоз 2.03.06.'!AE9+'хозМБ)'!AB9+'пр запасы фмн 2.03.09.'!AB9+'пр запасы мб 2.03.09.'!AB9+'моющИНТ 2.03.05.'!AD9+хозИНТ!AB7+тмцИНТ!Z9)/1.12 -> #REF! | CT18: ='гсм школа'!I60+'моющ МБ 2.03.05'!V14+'моющФМН 2.03.05'!V14+'моющИНТ 2.03.05.'!V9+'хоз 2.03.06.'!U9+'хозМБ)'!R9+'пр запасы фмн 2.03.09.'!T9+'пр запасы мб 2.03.09.'!T9+тмцИНТ!R9 -> 4449605.1 | CU18: =CT18/1.12 -> 3972861.7 | CV18: 18755930 | CW18: =(D18-CV18)/CV18 -> -0.40067652 | CX18: Сумма расходов уменьшена, так как учитывается остаток на складе по ранее приобретенным хоз.товарам и мыломоющим средствам. Кроме того, некоторые позиции исключены в связи с отсутствием необходимости | CY18: =('хоз 2.03.06.'!AL9+'хоз 2.03.06.'!AN9+'хоз 2.03.06.'!AP9+'пр запасы фмн 2.03.09.'!T9+'пр запасы мб 2.03.09.'!T9+тмцИНТ!R9)/1.12 -> 9303326.1 | CZ18: =(D18+#REF!)*1.12 -> #REF! | DA18: ='2.03.01.0приобретение комп к ОС'!L9+'моющ МБ 2.03.05'!V14+'моющФМН 2.03.05'!V14+'моющИНТ 2.03.05.'!V9+'хоз 2.03.06.'!AX9+'пр запасы фмн 2.03.09.'!T9+'пр запасы мб 2.03.09.'!T9+#REF! -> #REF! | DB18: =CZ18-DA18 -> #REF! | DD18: ='2.03.01.0приобретение комп к ОС'!L9+'моющ МБ 2.03.05'!V14+'моющФМН 2.03.05'!V14+'моющИНТ 2.03.05.'!V9+'хоз 2.03.06.'!AX9+'пр запасы фмн 2.03.09.'!T9+'пр запасы мб 2.03.09.'!T9+#REF! -> #REF!
A19: 6 | B19: Услуги по обучению без НДС | C19: =F19+G19+H19+I19 -> 35336 | D19: =#REF!+#REF! -> #REF! | G19: =('[61]Свободная форма курсы'!$G$53+'[61]Свободная форма курсы'!$G$79)/1.12 -> 35336 | BL19: =D19*1.12-'[60]Бюджет 1 кв.метр'!E164-'[60]Бюджет 1 кв.метр'!F164-'[60]Бюджет 1 кв.метр'!G164-'[60]Бюджет 1 кв.метр'!H164 -> #REF! | BU19: =#REF!+#REF! -> #REF! | CH19: =(#REF!+#REF!) -> #REF! | CK19: =(D19+#REF!+'Кальк Турк без фмн'!D19)*1.12 -> #REF! | CQ19: =(#REF!+#REF!)/1.12 -> #REF! | CR19: =(#REF!+#REF!)/1.12 -> #REF! | CV19: 25000 | CW19: =(D19-CV19)/CV19 -> #REF! | CX19: Расходы увеличены в связи с удорожанием услуг по ежегодной проверке знаний в области электробезопасности электриков и энергетиков и планированием услуг по обучению слесарей (электрослесарь) КИПиА 2 разряд 2 х энергетиков школ для контролирования систем приточной вентиляции,систем пожарно-охранной сигнализации, автоматики тепловых пунктов | CY19: =#REF!+#REF! -> #REF! | CZ19: =#REF!+#REF! -> #REF!
A20: 7 | B20: Прочие услуги, без НДС | C20: =F20+G20+H20+I20 -> 0 | D20: =(#REF!)/1.12 -> #REF! | BU20: =#REF!+#REF!+#REF!+#REF! -> #REF! | CH20: =(#REF!+#REF!+#REF!+#REF!) -> #REF! | CK20: =(D20+#REF!)*1.12 -> #REF! | CQ20: =(#REF!+#REF!+#REF!+#REF!)/1.12 -> #REF! | CR20: =(#REF!+#REF!+#REF!+#REF!)/1.12 -> #REF! | CV20: 1067828.6 | CW20: =(D20-CV20)/CV20 -> #REF! | CX20: В 2017 году предусмотрен ремонт спец.тех.оборудования (кусторезы, МКСМ, газонокосилки), в 2018 году планируется только ремонт 2х МКСМ | CY20: =#REF!/1.12 -> #REF!
A21: 8 | B21: Налог на транспорт | C21: =F21+G21+H21+I21 -> 0 | D21: ='налог на транс 2.22.03'!K18 -> 14430 | BL21: 31 ул. | BO21: турк | BR21: орынб | BU21: ='налог на транс 2.22.03'!K18 -> 14430 | CH21: ='налог на транс 2.22.03'!K18 -> 14430 | CK21: =D21 -> 14430 | CQ21: ='налог на транс 2.22.03'!N18 -> 20525 | CR21: ='налог на транс 2.22.03'!Q18 -> 21549 | CV21: 12557 | CW21: =(D21-CV21)/CV21 -> 0.14915983 | CX21: На 2017 год расчет планировался на 1 МКСМ, в 2017 году ФМН г. Астаны передали 1 МКСМ на баланс Дирекции, в связи с чем рассчитан налог на транспорт на 2018 год на 2 МКСМ
A22: 12 | B22: Информационные услуги | C22: ='[62]Бюджет Адм+школы new'!$Z$57/1.12 -> 0 | BL22: с НДС | BM22: НДС | BN22: без НДС | BO22: с НДС | BP22: НДС | BQ22: без НДС | BR22: с НДС | BS22: НДС | BT22: без НДС
B23: ИТОГО без НДС (январь-декабрь) | C23: =SUM(C11:C22) -> 4.8344946e+08 | D23: =SUM(D11:D15)+D18+D19+D20+D21 -> #REF! | E23: =SUM(E11:E15)+E18+E19 -> 31235895 | F23: =SUM(F11:F22) -> 1.4990004e+08 | G23: =SUM(G11:G22) -> 29739183 | H23: =SUM(H11:H22) -> 0 | I23: =SUM(I11:I22) -> 3.0381024e+08 | J23: =(#REF!+F23)*1.12 -> #REF! | K23: =(#REF!+F23)*1.12 -> #REF! | L23: =F23*1.12 -> 1.6788805e+08 | BL23: =D23*1.12 -> #REF! | BM23: =BL23-D23 -> #REF! | BO23: ='[60]Кальк Турк'!D24*1.12 -> 40802425 | BP23: =BO23-'[60]Кальк Турк'!D24 -> 4371688.4 | BQ23: ='[60]Кальк Турк'!D24 -> 36430737 | CH23: =CH11+CH12+CH13+CH14+CH16+CH18+CH19+CH20+CH21 -> #REF! | CN23: =D11+D12+D13+D14+CH16+D18+D19+D20+D21 -> #REF! | CO23: расх в год | CQ23: =SUM(CQ11:CQ15)+CQ18+CQ19+CQ20+CQ21 -> #REF! | CR23: =SUM(CR11:CR15)+CR18+CR19+CR20+CR21 -> #REF! | CV23: =SUM(CV11:CV15)+CV18+CV19+CV20+CV21 -> 2.0502085e+08 | CW23: =(D23-CV23)/CV23 -> #REF!
B24: ИТОГО без НДС (в месяц) | C24: =C23/12 -> 40287455 | D24: =D23/12 -> #REF! | E24: =E23/12 -> 2602991.3 | F24: =F23/12 -> 12491670 | G24: =G23/12 -> 2478265.3 | H24: =H23/12 -> 0 | I24: =I23/12 -> 25317520 | J24: =C23*1.12 -> 5.414634e+08 | CH24: =CH23/12 -> #REF! | CN24: =CN23/12 -> #REF! | CO24: в мес | CQ24: =CQ23/12 -> #REF! | CR24: =CR23/12 -> #REF! | CV24: =CV23/12 -> 17085071
B25: Площадь Интеллектуальной школы в г.Астана (ФМН) | C25: 15941.2 | D25: 16815.8 | F25: =C25 -> 15941.2 | G25: 15941.2 | CH25: =D25 -> 16815.8 | CQ25: 16815.8 | CR25: 16815.8 | CV25: 16815.8
B26: Площадь Интеллектуальной школы в г.Астана (МБ) | C26: 15941.2 | D26: 16859.7 | F26: =C26 -> 15941.2 | G26: =F26 -> 15941.2 | H26: =F26 -> 15941.2 | CH26: =D26 -> 16859.7 | CQ26: 16859.7 | CR26: 16859.7 | CV26: 16859.7
B27: Площадь Спального корпуса | C27: 4333.2 | D27: =1369.5+1359.9+1350.8 -> 4080.2 | E27: =C27 -> 4333.2 | F27: 4333.2 | I27: =F27 -> 4333.2 | BL27: (надо откорректировать при корректировке) | CH27: =D27 -> 4080.2 | CQ27: =1369.5+1359.9+1350.8 -> 4080.2 | CR27: =1369.5+1359.9+1350.8 -> 4080.2 | CV27: =1369.5+1359.9+1350.8 -> 4080.2
B28: Итого полезная площадь объектов | C28: =SUM(C25:C27) -> 36215.6 | D28: =SUM(D25:D27) -> 37755.7 | E28: =SUM(E25:E27) -> 4333.2 | F28: =SUM(F25:F27) -> 36215.6 | G28: =SUM(G25:G27) -> 31882.4 | H28: =SUM(H25:H27) -> 15941.2 | I28: =SUM(I25:I27) -> 4333.2 | BL28: с НДС | BM28: НДС | BN28: без НДС | BO28: с НДС | BP28: НДС | BQ28: без НДС | BR28: с НДС | BS28: НДС | BT28: без НДС | CH28: =D28 -> 37755.7 | CN28: =D28 -> 37755.7 | CQ28: =SUM(CQ25:CQ27) -> 37755.7 | CR28: =SUM(CR25:CR27) -> 37755.7 | CV28: =SUM(CV25:CV27) -> 37755.7
B29: Цена за 1 кв.м. в месяц без НДС | D29: =ROUND(D24/D28,2) -> #REF! | E29: =E24/E28 -> 600.70878 | F29: =F24/F28 -> 344.92512 | G29: =G24/(F25+F26) -> 77.731453 | H29: =H24/H28 -> 0 | I29: =I24/I28 -> 5842.6843 | BL29: =D29*D28*1.12*12 -> #REF! | BO29: ='[60]Кальк Турк'!D31*1.12*'[60]Кальк Турк'!D30*6 -> 40802022 | BP29: =BO29-BQ29 -> 4371645.3 | BQ29: ='[60]Кальк Турк'!D31*'[60]Кальк Турк'!D30*6 -> 36430377 | BU29: =D24/D28 -> #REF! | CH29: =ROUND(CH24/CH28,2) -> #REF! | CQ29: =ROUND(CQ24/CQ28,2) -> #REF! | CR29: =ROUND(CR24/CR28,2) -> #REF! | CV29: =ROUND(CV24/CV28,2) -> 452.52
B30: Цена за 1 кв.м. в месяц без НДС (Административные расходы) | BL30: =D30*1.12*D28*12 -> 0 | BM30: =BL30-BN30 -> 0 | BN30: =D30*D28*12 -> 0 | BO30: ='[60]Кальк Турк'!D32*1.12*'[60]Кальк Турк'!D30*6 -> 4825835.8 | BP30: =BO30-BQ30 -> 517053.83 | BQ30: ='[60]Кальк Турк'!D32*6*'[60]Кальк Турк'!D30 -> 4308781.9 | BU30: =D30 -> 0
B31: ИТОГО Цена за 1 кв.м. без НДС | D31: =D30+D29 -> #REF! | BU31: =SUM(BU29:BU30) -> #REF! | CQ31: =CQ30+CQ29 -> #REF! | CR31: =CR30+CR29 -> #REF! | CV31: =CV30+CV29 -> 452.52
B32: НДС | D32: =ROUND(D31*12%,2) -> #REF! | E32: =E29*12% -> 72.085054 | F32: =F29*12% -> 41.391015 | G32: =G29*12% -> 9.3277743 | H32: =H29*12% -> 0 | I32: =I29*12% -> 701.12212 | BU32: =BU31*12% -> #REF! | CQ32: =ROUND(CQ31*12%,2) -> #REF! | CR32: =ROUND(CR31*12%,2) -> #REF! | CV32: =ROUND(CV31*12%,2) -> 54.3
B33: ИТОГО Цена за 1 кв.м. в месяц с НДС (январь-декабрь) | D33: =D32+D31 -> #REF! | E33: =E32+E29 -> 672.79383 | F33: =F32+F29 -> 386.31614 | G33: =G32+G29 -> 87.059227 | H33: =H32+H29 -> 0 | I33: =I32+I29 -> 6543.8064 | J33: за 1 кв.м. у фмн и хбн | BL33: =D33*D28*12 -> #REF! | BM33: =BL33-BN33 -> #REF! | BN33: =D31*D28*12 -> #REF! | BO33: ='[60]Кальк Турк'!D35*'[60]Кальк Турк'!D30*6 -> 45628207 | BP33: =BO33-BQ33 -> 4889047.7 | BQ33: ='[60]Кальк Турк'!D33*6*'[60]Кальк Турк'!D30 -> 40739159 | BT33: ='[60]Кальк Турк'!G33*6*'[60]Кальк Турк'!G30 -> #REF! | BU33: =BU31+BU32 -> #REF! | CN33: =CN24/CN28 -> #REF! | CQ33: =CQ32+CQ31 -> #REF! | CR33: =CR32+CR31 -> #REF! | CV33: =CV32+CV31 -> 506.82 | CW33: =(D33-CV33)/CV33 -> #REF! | CY33: 473.37
B34: Сумма расходов на Интеллектуальную школу в г.Астана (ФМН) (в месяц) | C34: =SUM(F34:I34) -> 22560975 | D34: =ROUND(D33*(D25+D27),0) -> #REF! | E34: =E33*(E27/2) -> 1457675.1 | F34: =F36/12 -> 6995335.3 | G34: =G36/12 -> 1387828.5 | I34: =I36/12 -> 14177811 | J34: за 1 кв.м. у Туркистан | BU34: =D33*(D25+D27/2) -> #REF! | CH34: =ROUND(CH29*(CH25+CH27),0) -> #REF! | CN34: =CN33*(D25+D27) -> #REF! | CQ34: =ROUND(CQ33*(CQ25+CQ27),0) -> #REF! | CR34: =ROUND(CR33*(CR25+CR27),0) -> #REF! | CV34: =ROUND(CV33*(CV25+CV27),0) -> 10590511
B35: Сумма расходов на Интеллектуальную школу в г.Астана (МБ) (в месяц) | C35: =SUM(F35:I35) -> 22560975 | D35: =ROUND(D33*(D26),0) -> #REF! | E35: =E33*(E27/2) -> 1457675.1 | F35: =F37/12 -> 6995335.3 | G35: =G37/12 -> 1387828.5 | H35: =H37/12 -> 0 | I35: =I37/12 -> 14177811 | BU35: =D33*(D26+D27/2) -> #REF! | CH35: =CH29*CH26 -> #REF! | CN35: =D26*CN33 -> #REF! | CQ35: =ROUND(CQ33*(CQ26),0) -> #REF! | CR35: =ROUND(CR33*(CR26),0) -> #REF! | CV35: =ROUND(CV33*(CV26),0) -> 8544833
B36: Сумма расходов на Интеллектуальной школы в г.Астана (ФМН) (январь-декабрь) | C36: =SUM(F36:I36) -> 2.707317e+08 | D36: =ROUND(D34*12,0) -> #REF! | E36: =E34*12 -> 17492101 | F36: =F33*F25*12+F27/2*F33*12 -> 83944024 | G36: =G33*G25*12 -> 16653943 | I36: =I33*I27/2*12 -> 1.7013373e+08 | J36: итого на фмн | BL36: =D36+D37+#REF! -> #REF! | BO36: ='[60]Кальк Турк'!D39+'[60]Кальк Турк'!D38 -> 45628207 | BR36: ='[60]Кальк МШ Ор'!C33 -> 51843556 | CH36: =CH34*12 -> #REF! | CN36: =CN34*12 -> #REF! | CQ36: =ROUND(CQ34*11,0) -> #REF! | CR36: =ROUND(CR34*11,0) -> #REF! | CV36: =ROUND(CV34*12,0) -> 127086132
B37: Сумма расходов на Интеллектуальной школы в г.Астана (МБ) (январь-декабрь) | C37: =SUM(F37:I37) -> 2.707317e+08 | D37: =ROUND(D35*12,0) -> #REF! | E37: =E35*12 -> 17492101 | F37: =F33*F26*12+F27/2*F33*12 -> 83944024 | G37: =G33*G26*12+G27/2*G33*12 -> 16653943 | H37: =H33*H26*12 -> 0 | I37: =I33*I27/2*12 -> 1.7013373e+08 | J37: итого на хбн | BR37: =BR36+BO36+BL36 -> #REF! | CH37: =CH35*12 -> #REF! | CI37: 99137059 | CJ37: =CH37-CI37 -> #REF! | CN37: =CN35*12 -> #REF! | CQ37: =ROUND(CQ35*11,0) -> #REF! | CR37: =ROUND(CR35*11,0) -> #REF! | CV37: =ROUND(CV35*12,0) -> 102537996
BL38: =D33-'[60]Кальк31 ул (2)'!D34 -> #REF! | BU38: 52684282 | BV38: ='[60]Кальк31 ул (Адм Корп)'!D33 -> 44887040 | BW38: =BU38-BV38 -> 7797241.6 | CN38: =SUM(CN36:CN37) -> #REF!
B39: Директор | D39: Ш. Риаханов | E39: Н. Сакенов | BL39: =D36-'[60]Кальк31 ул (2)'!D38 -> #REF!
BL40: =BL39*2 -> #REF! | BM40: 489.39
B41: Заместитель директора | D41: М. Байжуменов | BL41: =BL40-BO14 -> #REF! | BM41: =BM40*1.12 -> 548.1168 | CH41: =CH36+CH37+#REF! -> #REF!
E42: М. Баянжанова | CH42: 288374421
B43: Начальник УЭФ | D43: М. Мукашева | BM43: =D25+D26+D27+3222.12 -> 40977.82 | CH43: =CH42-CH41 -> #REF!
E44: А. Какимова | BM44: =13674.8-3222.12 -> 10452.68
BM45: 596.74
B46: Исполнитель | D46: А. Ашимханова | BM46: =BM45*BM44 -> 6237532.3
C47: =C23*1.12-C36-C37 -> 0 | F47: =F23*1.12-F36-F37 -> 0 | G47: =G23*1.12-G36-G37 -> 0 | H47: =H23*1.12-H36-H37 -> 0 | I47: =I23*1.12-I36-I37 -> 0 | BM47: =BM46*12 -> 74850387
C48: =C36+C37+'[63]Калькуляция Туркестан'!C36+'[63]Калькуляция Туркестан'!C37+'[63]Калькуляция МШ Орынбор'!C31+'[63]Калькуляция АБ'!C33 -> 9.7883024e+08 | D48: 473.37
C49: =C48/1.12 -> 8.7395557e+08 | F49: =C56*C25*12 -> 10729806
C50: =SUM(C11:C14)+SUM(C15:C22)*1.12 -> 4.8806433e+08
C51: =C50+'[63]Калькуляция Туркестан'!C49+'[63]Калькуляция МШ Орынбор'!C49+'[63]Калькуляция АБ'!C51 -> 8.9947646e+08
C52: =C51-'[62]Бюджет Адм+школы new'!$W$79 -> 39856755
C56: ='[60]ФОТ ауп'!AM58/('Кальк31 ул (31)'!C25+'Кальк31 ул (31)'!C26+'Кальк31 ул (31)'!C27+'[60]Кальк Турк'!C26+'[60]Кальк МШ Ор'!C25)/12 -> 56.09054

Sheet Кальк АУП
C1: "Утверждаю"
C2: Директор ЧУ "Дирекция строящихся
C3: Назарбаев Интеллектуальных школ"
C4: ____________________________ Ш. Риаханов
C5: "____" ________________________ 2014 года
A7: Калькуляция стоимости услуг по сервисному и хозяйственно-бытовому обслуживанию Объекта, расположенного по адресу: АУП
A9: на 2016 год | C9: тенге
A10: № п/п | B10: Показатель | C10: калькуляция стоимости услуг для Административного блока в г. Астана
A11: 1 | B11: ФОТ с отчислениями | C11: ='штатка АУП'!Q9+'штатка АУП'!T9+'штатка АУП'!U9 -> 41977404 | BF11: ='штатка АУП'!Q9+'штатка АУП'!T9+'штатка АУП'!U9 -> 41977404 | BG11: ='штатка АУП'!Q9+'штатка АУП'!T9+'штатка АУП'!U9 -> 41977404 | BQ11: ='штатка АУП'!Q9+'штатка АУП'!T9+'штатка АУП'!U9 -> 41977404
A12: 2 | B12: Страхование ГПО работодателя без НДС | C12: =#REF! -> #REF! | BF12: =#REF!+#REF! -> #REF! | BQ12: =#REF!+#REF! -> #REF!
A13: 3 | B13: Медицинское страхование без НДС | C13: =#REF! -> #REF! | BF13: =#REF! -> #REF!
A14: 4 | B14: Услуги банка без НДС | C14: =#REF! -> #REF! | BF14: =#REF! -> #REF! | BQ14: =#REF! -> #REF!
A15: 5 | B15: Расходы на соц.сферу без НДС | C15: =[60]соцсфераАУП!G41/1.12 -> 0
A16: 6 | B16: Услуги по обслуживанию зданий и сооружений без НДС
A17: 7 | B17: Услуги связи
A18: 8 | B18: Коммунальные услуги без НДС
A19: 9 | B19: Запасы без НДС
A20: 10 | B20: Услуги по пошиву одежды и обучению без НДС
A21: 11 | B21: Услуги по сервисному обслуживанию пожарной сигнализации, без НДС
A22: 12 | B22: Услуги дератизации и утилизации, нотариальные услуги без НДС
A23: 13 | B23: Обучение персонала
B25: ИТОГО без НДС (2016 год) | C25: =SUM(C11:C23) -> #REF! | D25: =(#REF!+#REF!)*1.12 -> #REF! | E25: =(#REF!+#REF!)*1.12 -> #REF! | F25: =#REF!*1.12 -> #REF! | BF25: =C25*1.12 -> #REF! | BI25: =C36*C30*12 -> #REF!
B26: ИТОГО без НДС (в месяц) | C26: =C25/12 -> #REF! | D26: =C25*1.12 -> #REF!
B27: Площадь здания по ул.31, д. 35 | C27: 16815.8 | BF27: =ROUND(C27/$C$33,3) -> 0.352 | BG27: =$C$11*BF27 -> 14776046 | BH27: =$C$12*BF27 -> #REF! | BI27: =$C$13*BF27 -> #REF! | BJ27: =$C$14*BF27 -> #REF!
B28: Площадь здания по ул.31, д. 37 | C28: 16859.7 | BF28: =ROUND(C28/$C$33,3) -> 0.353 | BG28: =$C$11*BF28 -> 14818024 | BH28: =$C$12*BF28 -> #REF! | BI28: =$C$13*BF28 -> #REF! | BJ28: =$C$14*BF28 -> #REF!
B29: Площадь здания по ул.31, д. 35А | C29: 4080.2 | BF29: =ROUND(C29/$C$33,3) -> 0.085 | BG29: =$C$11*BF29 -> 3568079.3 | BH29: =$C$12*BF29 -> #REF! | BI29: =$C$13*BF29 -> #REF! | BJ29: =$C$14*BF29 -> #REF!
B30: Площадь здания по ул.31, д. 37А | C30: ='площ для обсл объек'!F5 -> 10053.2 | BF30: =ROUND(C30/$C$33,3) -> 0.21 | BG30: =$C$11*BF30 -> 8815254.8 | BH30: =$C$12*BF30 -> #REF! | BI30: =$C$13*BF30 -> #REF! | BJ30: =$C$14*BF30 -> #REF!
B31: Площадь здания по ул.Туркестан 2 | BF31: =ROUND(C31/$C$33/2,3) -> 0 | BG31: =$C$11*BF31 -> 0 | BH31: =$C$12*BF31 -> #REF! | BI31: =$C$13*BF31 -> #REF! | BJ31: =$C$14*BF31 -> #REF!
B32: Площадь здания по ул.Орынбор | BF32: =ROUND(C32/$C$33/2,3) -> 0 | BG32: =$C$11*BF32 -> 0 | BH32: =$C$12*BF32 -> #REF! | BI32: =$C$13*BF32 -> #REF! | BJ32: =$C$14*BF32 -> #REF!
B33: Итого среднегодовая полезная площадь объектов | C33: =BJ43 -> 47808.9 | BH33: площадь | BI33: 1 полуг | BJ33: 2 полуг
B34: Цена за 1 кв.м. без НДС | C34: =ROUND(C26/C33,2) -> #REF!
B35: НДС | C35: =ROUND(C34*0.12,2) -> #REF!
B36: Цена с НДС за 1 кв.м. | C36: =C34+C35 -> #REF! | D36: за 1 кв.м. у фмн и хбн | BF36: =C30*C36*12 -> #REF! | BG36: фмн | BH36: =C28 -> 16859.7 | BI36: =BH36 -> 16859.7 | BJ36: =BI36 -> 16859.7 | BK36: 6 | BL36: 6 | BM36: =BL36+BK36 -> 12 | BN36: =C36 -> #REF! | BO36: =BN36*BK36*BI36+BN36*BL36*BJ36 -> #REF!
B37: Среднемесячная сумма расходов | C37: =C36*C33 -> #REF! | BG37: хбн | BH37: =C27 -> 16815.8 | BI37: =BH37 -> 16815.8 | BJ37: =BI37 -> 16815.8 | BK37: 6 | BL37: 6 | BM37: =BL37+BK37 -> 12 | BN37: =BN36 -> #REF! | BO37: =BN37*BK37*BI37+BN37*BL37*BJ37 -> #REF!
B38: Сумма расходов в год | C38: =C37*12 -> #REF! | BG38: СК | BH38: =C29 -> 4080.2 | BI38: =BH38 -> 4080.2 | BJ38: =BI38 -> 4080.2 | BK38: 6 | BL38: 6 | BM38: =BL38+BK38 -> 12 | BN38: =BN37 -> #REF! | BO38: =BN38*BK38*BI38+BN38*BL38*BJ38 -> #REF!
BG39: АБлок | BH39: =C30 -> 10053.2 | BI39: =BH39 -> 10053.2 | BJ39: =BI39 -> 10053.2 | BK39: 6 | BL39: 6 | BM39: =BL39+BK39 -> 12 | BN39: =BN38 -> #REF! | BO39: =BN39*BK39*BI39+BN39*BL39*BJ39 -> #REF!
BG40: Турк | BH40: =C31 -> 0 | BJ40: =BH40 -> 0 | BL40: 6 | BM40: =BL40+BK40 -> 6 | BN40: =BN39 -> #REF! | BO40: =BN40*BK40*BI40+BN40*BL40*BJ40 -> #REF!
A41: Руководитель службы оранизации | BG41: Орынб | BH41: =C32 -> 0 | BJ41: =BH41 -> 0 | BL41: 6 | BM41: =BL41+BK41 -> 6 | BN41: =BN40 -> #REF! | BO41: =BN41*BK41*BI41+BN41*BL41*BJ41 -> #REF!
A42: обслуживания комплекса в г. Астана | C42: С. Алимханов | BH42: =SUM(BH36:BH41) -> 47808.9 | BI42: =SUM(BI36:BI41) -> 47808.9 | BJ42: =SUM(BJ36:BJ41) -> 47808.9 | BM42: =SUM(BM36:BM41) -> 60 | BO42: =SUM(BO36:BO41) -> #REF!
BJ43: =((BI42*12)+(BJ40+BJ41)*12)/12 -> 47808.9 | BM43: =BM42/6 -> 10 | BO43: =BO42/1.12 -> #REF!
A44: Старший менеджер-экономист | C44: А. Алькеева
BH45: =(C27*12+C28*12+C29*12+C30*12+C31*12+C32*12)/12 -> 47808.9 | BI45: =((C27+C28+C29+C30)*12+(BH40/6+BH41/6)/12)/12 -> 47808.9
A46: Исполнитель | C46: А. Какимова
C53: =C38-'[60]Бюджет 1 кв.метр'!I235 -> #REF!
C56: =SUM(C11:C14)+SUM(C15:C23)*1.12 -> #REF!

Sheet площ для обсл объек
B2: Площадь зданий, используемая для расчета стоимости квадратного метра
A4: № | B4: Наименование | C4: Общая площадь | D4: Площадь подвала | E4: Площаль чердака | F4: итого площадь для расчета по обслуж. Объекта | G4: в % от все площади
B5: Адм.корпус | C5: =17861.7-1107.4 -> 16754.3 | D5: 2634.3 | E5: 1499.6 | F5: =C5-D5-E5-C6 -> 10053.2 | G5: =ROUND(F5*100/$F$17,2) -> 21.03 | I5: =D5+F5 -> 12687.5
B6: Гостиница (4,5,6,7 эт) | C6: =SUM(C7:C10) -> 2567.2
B7: 4 эт | C7: =28.5+26.9+6.5+3.6+8.7+16.3+160.5+4.3+16.4+3.6+4.3+3.6+16.6+4.4+16.5+3.6+7.1+3.6+21.2+18.7+7+21.1+6+4.3+3.5+16.6+3.4+16.5+4.4+3.4+4.4+16.8+3.5+16.6+4.3+4.3+3.5+16.8+7.2+5.2+35.2+4.2+7.5+4.6+42.4+6 -> 643.6
B8: 5 эт | C8: =28.5+26.9+3.6+6.5+24.4+51.6+4.3+16.4+3.6+4.3+3.6+16.6+4.4+16.5+3.6+7.3+3.6+21+18.7+108.9+7+21.1+6+4.3+3.5+16.6+3.4+16.5+4.4+3.4+4.4+16.8+3.5+16.6+4.3+4.3+3.5+16.8+7.5+5.4+34.2+4.5+7.5+4.6+42.4+6 -> 642.8
B9: 6 эт | C9: =28.5+26.9+3.6+6.5+24.9+51.6+4.3+16.4+3.6+4.3+3.6+16.6+4.4+16.5+3.6+7.1+3.6+21.2+18.7+113+9.1+21.3+3.5+4.3+3.5+16.6+4.4+16.4+3.6+4.4+3.4+16.5+4.4+16.8+3.4+4.3+3.5+16.6+4.3+3.5+16.8+4.3+16.7+3.4+4.3+3.5+16.6+4.3+24.8+3.1 -> 640.5
B10: 7 эт | C10: =28.5+26.9+3.6+6.5+24.5+51.6+4.3+16.4+3.6+4.3+3.6+16.6+4.4+16.5+3.6+7.1+3.6+21.2+18.7+113+9.1+21.3+3.5+4.3+3.5+16.6+4.4+16.4+3.6+4.4+3.7+16.5+4.4+16.8+3.4+4.3+3.5+16.6+4.3+3.5+16.8+4.1+16.7+3.5+4.3+3.5+16.6+4.2+24.9+3.1 -> 640.3
B11: подвал | C11: 125.54 | G11: =ROUND(F11*100/$F$17,0) -> 0
B12: Школа ФМН | C12: 26507 | D12: 6100.8 | E12: 3590.4 | F12: =C12-D12-E12 -> 16815.8 | G12: =ROUND(F12*100/$F$17,2) -> 35.17
B13: Школа МБ | C13: 26488.2 | D13: 6064.1 | E13: 3564.4 | F13: =C13-D13-E13 -> 16859.7 | G13: =ROUND(F13*100/$F$17,2) -> 35.26
B14: Спальный корпус, в т.ч.: | C14: 6890 | D14: =1402 -> 1402 | E14: 1407.8 | F14: =C14-D14-E14 -> 4080.2 | G14: =ROUND(F14*100/$F$17,2)+0.01 -> 8.54
B15: интернат фмн | F15: =F14/2 -> 2040.1 | G15: =ROUND(F15*100/$F$17,2) -> 4.27
B16: интернат мб | F16: =F14/2 -> 2040.1 | G16: =ROUND(F16*100/$F$17,2) -> 4.27
B17: итого площадь всех объектов | F17: =F5+F12+F13+F14 -> 47808.9
B19: данную площадь использовать для выведения стоимости кв.метра по обслуживанию объектов
B21: Руководитель службы | F21: С. Алимханов
B23: Начальник УЭФ | F23: М. Мукашева
B26: Исполнитель | F26: А. Какимова

Sheet штатка комплекс  (2)
T1: Код строки | U1: 2.01.
B2: Расчет по оплате труда штатной численности на 2016 год
B4: ЧУ "Дирекция строящихся Назарбаев Интеллектуальных школ" (Служба по организации обслуживания Комплексав г. Астана) | P4: МРП | Q4: 1852 | R4: изменится
P5: БС | Q5: =17439*1.1 -> 19182.9 | R5: неизменна
E6: =12*K10 -> 0 | K6: =E6-(E6*19%) -> 0 | O6: =O10*19% -> #REF! | P6: МЗП | Q6: 19966 | R6: изменится
A7: № п/п | B7: Должность | C7: Ф.И.О. | D7: Шт. ед. | E7: Тариф. коэф | F7: Оклад | G7: Кол-во месяцев в год | H7: Должностой оклад в год, тенге | I7: Экологические доплаты и надбавки | K7: Прочие доплаты и надбавки | M7: Итог доплаты в год | N7: ФЗП год | O7: Лечебное пособие, тенге | P7: Премия, тенге | Q7: Всего ФОТ, тенге | R7: Выплаты в пенсионный фонд (10%) | S7: ИПН (10%) | T7: Социальный налог | U7: Соц.страхование
I8: Размер | J8: Сумма | K8: Размер | L8: Сумма
A9: 1 | B9: =A9+1 -> 2 | C9: =B9+1 -> 3 | D9: =C9+1 -> 4 | E9: =D9+1 -> 5 | F9: =E9+1 -> 6 | G9: =F9+1 -> 7 | H9: =G9+1 -> 8 | I9: =H9+1 -> 9 | ... U9: =T9+1 -> 21
B10: Всего | D10: =D11+D62+D99+D108 -> #REF! | H10: =H11+H62+H99+H108 -> #REF! | M10: =M11+M62+M99+M108 -> #REF! | N10: =N11+N62+N99+N108 -> #REF! | O10: =O11+O62+O99+O108 -> #REF! | P10: =P11+P62+P99+P108 -> #REF! | Q10: =Q11+Q62+Q99+Q108 -> #REF! | R10: =R11+R62+R99+R108 -> #REF! | S10: =S11+S62+S99+S108 -> #REF! | T10: =T11+T62+T99+T108 -> #REF! | U10: =U11+U62+U99+U108 -> #REF! | W10: =Q10+T10+U10 -> #REF!
B11: Административно- управленческий персонал: | D11: =SUM(D12:D61) -> 3 | F11: =SUM(F12:F61) -> 1089000 | H11: =SUM(H12:H61) -> 13068000 | J11: =SUM(J12:J61) -> 0 | L11: =SUM(L12:L61) -> 0 | M11: =SUM(M12:M61) -> 0 | N11: =SUM(N12:N61) -> 13068000 | O11: =SUM(O12:O61) -> 2178000 | P11: =SUM(P12:P61) -> 4356000 | Q11: =SUM(Q12:Q61) -> 19602000 | R11: =SUM(R12:R61) -> 1960200 | S11: =SUM(S12:S61) -> 1764180 | ... U11: =SUM(U12:U61) -> 882090
A12: 1 | B12: заместитель директора - руководитель проекта | D12: 1 | F12: 544500 | G12: 12 | H12: =D12*F12*G12 -> 6534000 | J12: =I12*$Q$4 -> 0 | L12: =K12*F12 -> 0 | M12: =D12*G12*(J12+L12) -> 0 | N12: =H12+M12 -> 6534000 | O12: =F12*2 -> 1089000 | P12: =F12*4 -> 2178000 | Q12: =N12+O12+P12 -> 9801000 | R12: =Q12*10% -> 980100 | S12: =(Q12-R12)*10% -> 882090 | T12: =(Q12-R12)*6% -> 529254 | U12: =(Q12-R12)*5% -> 441045
A13: 2 | B13: старший менеджер по орг.вопросам | D13: 1 | F13: 302500 | G13: 12 | H13: =D13*F13*G13 -> 3630000 | J13: =I13*$Q$4 -> 0 | L13: =K13*F13 -> 0 | M13: =D13*G13*(J13+L13) -> 0 | N13: =H13+M13 -> 3630000 | O13: =F13*2 -> 605000 | P13: =F13*4 -> 1210000 | Q13: =N13+O13+P13 -> 5445000 | R13: =Q13*10% -> 544500 | S13: =(Q13-R13)*10% -> 490050 | T13: =(Q13-R13)*6% -> 294030 | U13: =(Q13-R13)*5% -> 245025
A14: 3 | B14: менеджер по HR | D14: 1 | F14: 242000 | G14: 12 | H14: =D14*F14*G14 -> 2904000 | J14: =I14*$Q$4 -> 0 | L14: =K14*F14 -> 0 | M14: =D14*G14*(J14+L14) -> 0 | N14: =H14+M14 -> 2904000 | O14: =F14*2 -> 484000 | P14: =F14*4 -> 968000 | Q14: =N14+O14+P14 -> 4356000 | R14: =Q14*10% -> 435600 | S14: =(Q14-R14)*10% -> 392040 | T14: =(Q14-R14)*6% -> 235224 | U14: =(Q14-R14)*5% -> 196020
F15: =ROUNDUP((E15*$Q$5),-3) -> 0 | H15: =D15*F15*G15 -> 0 | J15: =I15*$Q$4 -> 0 | L15: =K15*F15 -> 0 | M15: =D15*G15*(J15+L15) -> 0 | N15: =H15+M15 -> 0 | Q15: =N15+O15+P15 -> 0 | R15: =Q15*10% -> 0 | S15: =(Q15-R15)*10% -> 0 | T15: =(Q15-R15)*6% -> 0 | U15: =(Q15-R15)*5% -> 0
F16: =ROUNDUP((E16*$Q$5),-3) -> 0 | H16: =D16*F16*G16 -> 0 | J16: =I16*$Q$4 -> 0 | L16: =K16*F16 -> 0 | M16: =D16*G16*(J16+L16) -> 0 | N16: =H16+M16 -> 0 | Q16: =N16+O16+P16 -> 0 | R16: =Q16*10% -> 0 | S16: =(Q16-R16)*10% -> 0 | T16: =(Q16-R16)*6% -> 0 | U16: =(Q16-R16)*5% -> 0
F17: =ROUNDUP((E17*$Q$5),-3) -> 0 | H17: =D17*F17*G17 -> 0 | J17: =I17*$Q$4 -> 0 | L17: =K17*F17 -> 0 | M17: =D17*G17*(J17+L17) -> 0 | N17: =H17+M17 -> 0 | Q17: =N17+O17+P17 -> 0 | R17: =Q17*10% -> 0 | S17: =(Q17-R17)*10% -> 0 | T17: =(Q17-R17)*6% -> 0 | U17: =(Q17-R17)*5% -> 0
F18: =ROUNDUP((E18*$Q$5),-3) -> 0 | H18: =D18*F18*G18 -> 0 | J18: =I18*$Q$4 -> 0 | L18: =K18*F18 -> 0 | M18: =D18*G18*(J18+L18) -> 0 | N18: =H18+M18 -> 0 | Q18: =N18+O18+P18 -> 0 | R18: =Q18*10% -> 0 | S18: =(Q18-R18)*10% -> 0 | T18: =(Q18-R18)*6% -> 0 | U18: =(Q18-R18)*5% -> 0
F19: =ROUNDUP((E19*$Q$5),-3) -> 0 | H19: =D19*F19*G19 -> 0 | J19: =I19*$Q$4 -> 0 | L19: =K19*F19 -> 0 | M19: =D19*G19*(J19+L19) -> 0 | N19: =H19+M19 -> 0 | Q19: =N19+O19+P19 -> 0 | R19: =Q19*10% -> 0 | S19: =(Q19-R19)*10% -> 0 | T19: =(Q19-R19)*6% -> 0 | U19: =(Q19-R19)*5% -> 0
F20: =ROUNDUP((E20*$Q$5),-3) -> 0 | H20: =D20*F20*G20 -> 0 | J20: =I20*$Q$4 -> 0 | L20: =K20*F20 -> 0 | M20: =D20*G20*(J20+L20) -> 0 | N20: =H20+M20 -> 0 | Q20: =N20+O20+P20 -> 0 | R20: =Q20*10% -> 0 | S20: =(Q20-R20)*10% -> 0 | T20: =(Q20-R20)*6% -> 0 | U20: =(Q20-R20)*5% -> 0
F21: =ROUNDUP((E21*$Q$5),-3) -> 0 | H21: =D21*F21*G21 -> 0 | J21: =I21*$Q$4 -> 0 | L21: =K21*F21 -> 0 | M21: =D21*G21*(J21+L21) -> 0 | N21: =H21+M21 -> 0 | Q21: =N21+O21+P21 -> 0 | R21: =Q21*10% -> 0 | S21: =(Q21-R21)*10% -> 0 | T21: =(Q21-R21)*6% -> 0 | U21: =(Q21-R21)*5% -> 0
F22: =ROUNDUP((E22*$Q$5),-3) -> 0 | H22: =D22*F22*G22 -> 0 | J22: =I22*$Q$4 -> 0 | L22: =K22*F22 -> 0 | M22: =D22*G22*(J22+L22) -> 0 | N22: =H22+M22 -> 0 | Q22: =N22+O22+P22 -> 0 | R22: =Q22*10% -> 0 | S22: =(Q22-R22)*10% -> 0 | T22: =(Q22-R22)*6% -> 0 | U22: =(Q22-R22)*5% -> 0
F23: =ROUNDUP((E23*$Q$5),-3) -> 0 | H23: =D23*F23*G23 -> 0 | J23: =I23*$Q$4 -> 0 | L23: =K23*F23 -> 0 | M23: =D23*G23*(J23+L23) -> 0 | N23: =H23+M23 -> 0 | Q23: =N23+O23+P23 -> 0 | R23: =Q23*10% -> 0 | S23: =(Q23-R23)*10% -> 0 | T23: =(Q23-R23)*6% -> 0 | U23: =(Q23-R23)*5% -> 0
F24: =ROUNDUP((E24*$Q$5),-3) -> 0 | H24: =D24*F24*G24 -> 0 | J24: =I24*$Q$4 -> 0 | L24: =K24*F24 -> 0 | M24: =D24*G24*(J24+L24) -> 0 | N24: =H24+M24 -> 0 | Q24: =N24+O24+P24 -> 0 | R24: =Q24*10% -> 0 | S24: =(Q24-R24)*10% -> 0 | T24: =(Q24-R24)*6% -> 0 | U24: =(Q24-R24)*5% -> 0
F25: =ROUNDUP((E25*$Q$5),-3) -> 0 | H25: =D25*F25*G25 -> 0 | J25: =I25*$Q$4 -> 0 | L25: =K25*F25 -> 0 | M25: =D25*G25*(J25+L25) -> 0 | N25: =H25+M25 -> 0 | Q25: =N25+O25+P25 -> 0 | R25: =Q25*10% -> 0 | S25: =(Q25-R25)*10% -> 0 | T25: =(Q25-R25)*6% -> 0 | U25: =(Q25-R25)*5% -> 0
F26: =ROUNDUP((E26*$Q$5),-3) -> 0 | H26: =D26*F26*G26 -> 0 | J26: =I26*$Q$4 -> 0 | L26: =K26*F26 -> 0 | M26: =D26*G26*(J26+L26) -> 0 | N26: =H26+M26 -> 0 | Q26: =N26+O26+P26 -> 0 | R26: =Q26*10% -> 0 | S26: =(Q26-R26)*10% -> 0 | T26: =(Q26-R26)*6% -> 0 | U26: =(Q26-R26)*5% -> 0
... F61: =ROUNDUP((E61*$Q$5),-3) -> 0 | H61: =D61*F61*G61 -> 0 | J61: =I61*$Q$4 -> 0 | L61: =K61*F61 -> 0 | M61: =D61*G61*(J61+L61) -> 0 | N61: =H61+M61 -> 0 | Q61: =N61+O61+P61 -> 0 | R61: =Q61*10% -> 0 | S61: =(Q61-R61)*10% -> 0 | T61: =(Q61-R61)*6% -> 0 | U61: =(Q61-R61)*5% -> 0
B62: Учебно-вспомогательный персонал | D62: =SUM(D63:D98) -> 0 | F62: =SUM(F63:F98) -> 0 | H62: =SUM(H63:H98) -> 0 | J62: =SUM(J63:J98) -> 0 | L62: =SUM(L63:L98) -> 0 | M62: =SUM(M63:M98) -> 0 | N62: =SUM(N63:N98) -> 0 | O62: =SUM(O63:O98) -> 0 | P62: =SUM(P63:P98) -> 0 | Q62: =SUM(Q63:Q98) -> 0 | R62: =SUM(R63:R98) -> 0 | S62: =SUM(S63:S98) -> 0 | ... U62: =SUM(U63:U98) -> 0
B63: …. | F63: =ROUNDUP((E63*$Q$5),-3) -> 0 | H63: =D63*F63*G63 -> 0 | J63: =I63*$Q$4 -> 0 | L63: =K63*F63 -> 0 | M63: =D63*G63*(J63+L63) -> 0 | N63: =H63+M63 -> 0 | Q63: =N63+O63+P63 -> 0 | R63: =Q63*10% -> 0 | S63: =(Q63-R63)*10% -> 0 | T63: =(Q63-R63)*6% -> 0 | U63: =(Q63-R63)*5% -> 0
F64: =ROUNDUP((E64*$Q$5),-3) -> 0 | H64: =D64*F64*G64 -> 0 | J64: =I64*$Q$4 -> 0 | L64: =K64*F64 -> 0 | M64: =D64*G64*(J64+L64) -> 0 | N64: =H64+M64 -> 0 | Q64: =N64+O64+P64 -> 0 | R64: =Q64*10% -> 0 | S64: =(Q64-R64)*10% -> 0 | T64: =(Q64-R64)*6% -> 0 | U64: =(Q64-R64)*5% -> 0
F65: =ROUNDUP((E65*$Q$5),-3) -> 0 | H65: =D65*F65*G65 -> 0 | J65: =I65*$Q$4 -> 0 | L65: =K65*F65 -> 0 | M65: =D65*G65*(J65+L65) -> 0 | N65: =H65+M65 -> 0 | Q65: =N65+O65+P65 -> 0 | R65: =Q65*10% -> 0 | S65: =(Q65-R65)*10% -> 0 | T65: =(Q65-R65)*6% -> 0 | U65: =(Q65-R65)*5% -> 0
F66: =ROUNDUP((E66*$Q$5),-3) -> 0 | H66: =D66*F66*G66 -> 0 | J66: =I66*$Q$4 -> 0 | L66: =K66*F66 -> 0 | M66: =D66*G66*(J66+L66) -> 0 | N66: =H66+M66 -> 0 | Q66: =N66+O66+P66 -> 0 | R66: =Q66*10% -> 0 | S66: =(Q66-R66)*10% -> 0 | T66: =(Q66-R66)*6% -> 0 | U66: =(Q66-R66)*5% -> 0
F67: =ROUNDUP((E67*$Q$5),-3) -> 0 | H67: =D67*F67*G67 -> 0 | J67: =I67*$Q$4 -> 0 | L67: =K67*F67 -> 0 | M67: =D67*G67*(J67+L67) -> 0 | N67: =H67+M67 -> 0 | Q67: =N67+O67+P67 -> 0 | R67: =Q67*10% -> 0 | S67: =(Q67-R67)*10% -> 0 | T67: =(Q67-R67)*6% -> 0 | U67: =(Q67-R67)*5% -> 0
F68: =ROUNDUP((E68*$Q$5),-3) -> 0 | H68: =D68*F68*G68 -> 0 | J68: =I68*$Q$4 -> 0 | L68: =K68*F68 -> 0 | M68: =D68*G68*(J68+L68) -> 0 | N68: =H68+M68 -> 0 | Q68: =N68+O68+P68 -> 0 | R68: =Q68*10% -> 0 | S68: =(Q68-R68)*10% -> 0 | T68: =(Q68-R68)*6% -> 0 | U68: =(Q68-R68)*5% -> 0
F69: =ROUNDUP((E69*$Q$5),-3) -> 0 | H69: =D69*F69*G69 -> 0 | J69: =I69*$Q$4 -> 0 | L69: =K69*F69 -> 0 | M69: =D69*G69*(J69+L69) -> 0 | N69: =H69+M69 -> 0 | Q69: =N69+O69+P69 -> 0 | R69: =Q69*10% -> 0 | S69: =(Q69-R69)*10% -> 0 | T69: =(Q69-R69)*6% -> 0 | U69: =(Q69-R69)*5% -> 0
F70: =ROUNDUP((E70*$Q$5),-3) -> 0 | H70: =D70*F70*G70 -> 0 | J70: =I70*$Q$4 -> 0 | L70: =K70*F70 -> 0 | M70: =D70*G70*(J70+L70) -> 0 | N70: =H70+M70 -> 0 | Q70: =N70+O70+P70 -> 0 | R70: =Q70*10% -> 0 | S70: =(Q70-R70)*10% -> 0 | T70: =(Q70-R70)*6% -> 0 | U70: =(Q70-R70)*5% -> 0
F71: =ROUNDUP((E71*$Q$5),-3) -> 0 | H71: =D71*F71*G71 -> 0 | J71: =I71*$Q$4 -> 0 | L71: =K71*F71 -> 0 | M71: =D71*G71*(J71+L71) -> 0 | N71: =H71+M71 -> 0 | Q71: =N71+O71+P71 -> 0 | R71: =Q71*10% -> 0 | S71: =(Q71-R71)*10% -> 0 | T71: =(Q71-R71)*6% -> 0 | U71: =(Q71-R71)*5% -> 0
F72: =ROUNDUP((E72*$Q$5),-3) -> 0 | H72: =D72*F72*G72 -> 0 | J72: =I72*$Q$4 -> 0 | L72: =K72*F72 -> 0 | M72: =D72*G72*(J72+L72) -> 0 | N72: =H72+M72 -> 0 | Q72: =N72+O72+P72 -> 0 | R72: =Q72*10% -> 0 | S72: =(Q72-R72)*10% -> 0 | T72: =(Q72-R72)*6% -> 0 | U72: =(Q72-R72)*5% -> 0
F73: =ROUNDUP((E73*$Q$5),-3) -> 0 | H73: =D73*F73*G73 -> 0 | J73: =I73*$Q$4 -> 0 | L73: =K73*F73 -> 0 | M73: =D73*G73*(J73+L73) -> 0 | N73: =H73+M73 -> 0 | Q73: =N73+O73+P73 -> 0 | R73: =Q73*10% -> 0 | S73: =(Q73-R73)*10% -> 0 | T73: =(Q73-R73)*6% -> 0 | U73: =(Q73-R73)*5% -> 0
F74: =ROUNDUP((E74*$Q$5),-3) -> 0 | H74: =D74*F74*G74 -> 0 | J74: =I74*$Q$4 -> 0 | L74: =K74*F74 -> 0 | M74: =D74*G74*(J74+L74) -> 0 | N74: =H74+M74 -> 0 | Q74: =N74+O74+P74 -> 0 | R74: =Q74*10% -> 0 | S74: =(Q74-R74)*10% -> 0 | T74: =(Q74-R74)*6% -> 0 | U74: =(Q74-R74)*5% -> 0
F75: =ROUNDUP((E75*$Q$5),-3) -> 0 | H75: =D75*F75*G75 -> 0 | J75: =I75*$Q$4 -> 0 | L75: =K75*F75 -> 0 | M75: =D75*G75*(J75+L75) -> 0 | N75: =H75+M75 -> 0 | Q75: =N75+O75+P75 -> 0 | R75: =Q75*10% -> 0 | S75: =(Q75-R75)*10% -> 0 | T75: =(Q75-R75)*6% -> 0 | U75: =(Q75-R75)*5% -> 0
... F98: =ROUNDUP((E98*$Q$5),-3) -> 0 | H98: =D98*F98*G98 -> 0 | J98: =I98*$Q$4 -> 0 | L98: =K98*F98 -> 0 | M98: =D98*G98*(J98+L98) -> 0 | N98: =H98+M98 -> 0 | Q98: =N98+O98+P98 -> 0 | R98: =Q98*10% -> 0 | S98: =(Q98-R98)*10% -> 0 | T98: =(Q98-R98)*6% -> 0 | U98: =(Q98-R98)*5% -> 0
B99: Медицинский персонал | D99: =SUM(D100:D107) -> 0 | F99: =SUM(F100:F107) -> 0 | H99: =SUM(H100:H107) -> 0 | J99: =SUM(J100:J107) -> 0 | L99: =SUM(L100:L107) -> 0 | M99: =SUM(M100:M107) -> 0 | N99: =SUM(N100:N107) -> 0 | O99: =SUM(O100:O107) -> 0 | P99: =SUM(P100:P107) -> 0 | Q99: =SUM(Q100:Q107) -> 0 | R99: =SUM(R100:R107) -> 0 | S99: =SUM(S100:S107) -> 0 | ... U99: =SUM(U100:U107) -> 0
B100: … | F100: =ROUNDUP((E100*$Q$5),-3) -> 0 | H100: =D100*F100*G100 -> 0 | J100: =I100*$Q$4 -> 0 | L100: =K100*F100 -> 0 | M100: =D100*G100*(J100+L100) -> 0 | N100: =H100+M100 -> 0 | Q100: =N100+O100+P100 -> 0 | R100: =Q100*10% -> 0 | S100: =(Q100-R100)*10% -> 0 | T100: =(Q100-R100)*6% -> 0 | U100: =(Q100-R100)*5% -> 0
F101: =ROUNDUP((E101*$Q$5),-3) -> 0 | H101: =D101*F101*G101 -> 0 | J101: =I101*$Q$4 -> 0 | L101: =K101*F101 -> 0 | M101: =D101*G101*(J101+L101) -> 0 | N101: =H101+M101 -> 0 | Q101: =N101+O101+P101 -> 0 | R101: =Q101*10% -> 0 | S101: =(Q101-R101)*10% -> 0 | T101: =(Q101-R101)*6% -> 0 | U101: =(Q101-R101)*5% -> 0
F102: =ROUNDUP((E102*$Q$5),-3) -> 0 | H102: =D102*F102*G102 -> 0 | J102: =I102*$Q$4 -> 0 | L102: =K102*F102 -> 0 | M102: =D102*G102*(J102+L102) -> 0 | N102: =H102+M102 -> 0 | Q102: =N102+O102+P102 -> 0 | R102: =Q102*10% -> 0 | S102: =(Q102-R102)*10% -> 0 | T102: =(Q102-R102)*6% -> 0 | U102: =(Q102-R102)*5% -> 0
F103: =ROUNDUP((E103*$Q$5),-3) -> 0 | H103: =D103*F103*G103 -> 0 | J103: =I103*$Q$4 -> 0 | L103: =K103*F103 -> 0 | M103: =D103*G103*(J103+L103) -> 0 | N103: =H103+M103 -> 0 | Q103: =N103+O103+P103 -> 0 | R103: =Q103*10% -> 0 | S103: =(Q103-R103)*10% -> 0 | T103: =(Q103-R103)*6% -> 0 | U103: =(Q103-R103)*5% -> 0
F104: =ROUNDUP((E104*$Q$5),-3) -> 0 | H104: =D104*F104*G104 -> 0 | J104: =I104*$Q$4 -> 0 | L104: =K104*F104 -> 0 | M104: =D104*G104*(J104+L104) -> 0 | N104: =H104+M104 -> 0 | Q104: =N104+O104+P104 -> 0 | R104: =Q104*10% -> 0 | S104: =(Q104-R104)*10% -> 0 | T104: =(Q104-R104)*6% -> 0 | U104: =(Q104-R104)*5% -> 0
F105: =ROUNDUP((E105*$Q$5),-3) -> 0 | H105: =D105*F105*G105 -> 0 | J105: =I105*$Q$4 -> 0 | L105: =K105*F105 -> 0 | M105: =D105*G105*(J105+L105) -> 0 | N105: =H105+M105 -> 0 | Q105: =N105+O105+P105 -> 0 | R105: =Q105*10% -> 0 | S105: =(Q105-R105)*10% -> 0 | T105: =(Q105-R105)*6% -> 0 | U105: =(Q105-R105)*5% -> 0
F106: =ROUNDUP((E106*$Q$5),-3) -> 0 | H106: =D106*F106*G106 -> 0 | J106: =I106*$Q$4 -> 0 | L106: =K106*F106 -> 0 | M106: =D106*G106*(J106+L106) -> 0 | N106: =H106+M106 -> 0 | Q106: =N106+O106+P106 -> 0 | R106: =Q106*10% -> 0 | S106: =(Q106-R106)*10% -> 0 | T106: =(Q106-R106)*6% -> 0 | U106: =(Q106-R106)*5% -> 0
F107: =ROUNDUP((E107*$Q$5),-3) -> 0 | H107: =D107*F107*G107 -> 0 | J107: =I107*$Q$4 -> 0 | L107: =K107*F107 -> 0 | M107: =D107*G107*(J107+L107) -> 0 | N107: =H107+M107 -> 0 | Q107: =N107+O107+P107 -> 0 | R107: =Q107*10% -> 0 | S107: =(Q107-R107)*10% -> 0 | T107: =(Q107-R107)*6% -> 0 | U107: =(Q107-R107)*5% -> 0
B108: Технический персонал | D108: =SUM(D110:D126) -> #REF! | F108: =SUM(F110:F126) -> 2573000 | H108: =SUM(H110:H126) -> #REF! | J108: =SUM(J110:J126) -> 0 | L108: =SUM(L110:L126) -> 7600 | M108: =SUM(M110:M126) -> #REF! | N108: =SUM(N110:N126) -> #REF! | O108: =SUM(O110:O126) -> #REF! | P108: =SUM(P110:P126) -> #REF! | Q108: =SUM(Q110:Q126) -> #REF! | R108: =SUM(R110:R126) -> #REF! | S108: =SUM(S110:S126) -> #REF! | ... U108: =SUM(U110:U126) -> #REF!
B109: Хозяйственный блок
A110: 4 | B110: Рабочий по компл обсл и ремонту зданий | D110: =#REF!+'штатка МБ 2.01.'!D112+'штатка ФМН 2.01.'!D112+'штатка школа МШ'!D112+'штатка школа Орынб'!D112+'штатка спальн блок 2.01.'!D15 -> #REF! | F110: =72000+10000 -> 82000 | G110: 12 | H110: =D110*F110*G110 -> #REF! | J110: =I110*$Q$4 -> 0 | L110: =K110*F110 -> 0 | M110: =D110*G110*(J110+L110) -> #REF! | N110: =H110+M110 -> #REF! | O110: =F110*D110*2 -> #REF! | P110: =F110*D110*4 -> #REF! | Q110: =N110+O110+P110 -> #REF! | R110: =Q110*10% -> #REF! | S110: =(Q110-R110)*10% -> #REF! | T110: =(Q110-R110)*6% -> #REF! | U110: =(Q110-R110)*5% -> #REF!
A111: 5 | B111: Уборщик служебных помещений | D111: ='штатка МБ 2.01.'!D113+'штатка ФМН 2.01.'!D113+'штатка школа МШ'!D113+'штатка школа Орынб'!D113+'штатка спальн блок 2.01.'!D16 -> 129 | F111: =66000+10000 -> 76000 | G111: 12 | H111: =D111*F111*G111 -> 117648000 | J111: =I111*$Q$4 -> 0 | K111: 0.1 | L111: =K111*F111 -> 7600 | M111: =D111*G111*(J111+L111) -> 11764800 | N111: =H111+M111 -> 129412800 | O111: =F111*D111*2 -> 19608000 | P111: =F111*D111*4 -> 39216000 | Q111: =N111+O111+P111 -> 188236800 | R111: =Q111*10% -> 18823680 | S111: =(Q111-R111)*10% -> 16941312 | T111: =(Q111-R111)*6% -> 10164787 | U111: =(Q111-R111)*5% -> 8470656
A112: 6 | B112: Дворник | D112: =#REF!+'штатка МБ 2.01.'!D114+'штатка ФМН 2.01.'!D114+'штатка школа МШ'!D114+'штатка школа Орынб'!D114 -> #REF! | F112: =66000+10000 -> 76000 | G112: 12 | H112: =D112*F112*G112 -> #REF! | J112: =I112*$Q$4 -> 0 | L112: =K112*F112 -> 0 | M112: =D112*G112*(J112+L112) -> #REF! | N112: =H112+M112 -> #REF! | O112: =F112*D112*2 -> #REF! | P112: =F112*D112*4 -> #REF! | Q112: =N112+O112+P112 -> #REF! | R112: =Q112*10% -> #REF! | S112: =(Q112-R112)*10% -> #REF! | T112: =(Q112-R112)*6% -> #REF! | U112: =(Q112-R112)*5% -> #REF!
A113: 7 | B113: Садовник | D113: ='штатка МБ 2.01.'!D115+'штатка ФМН 2.01.'!D115+'штатка школа МШ'!D115+'штатка школа Орынб'!D115 -> 2 | F113: =72000+10000 -> 82000 | G113: 12 | H113: =D113*F113*G113 -> 1968000 | J113: =I113*$Q$4 -> 0 | L113: =K113*F113 -> 0 | M113: =D113*G113*(J113+L113) -> 0 | N113: =H113+M113 -> 1968000 | O113: =F113*D113*2 -> 328000 | P113: =F113*D113*4 -> 656000 | Q113: =N113+O113+P113 -> 2952000 | R113: =Q113*10% -> 295200 | S113: =(Q113-R113)*10% -> 265680 | T113: =(Q113-R113)*6% -> 159408 | U113: =(Q113-R113)*5% -> 132840
A114: 8 | B114: Плотник | D114: =#REF!+'штатка МБ 2.01.'!D116+'штатка ФМН 2.01.'!D116+'штатка школа МШ'!D116+'штатка школа Орынб'!D116 -> #REF! | F114: =72000+28000 -> 100000 | G114: 12 | H114: =D114*F114*G114 -> #REF! | J114: =I114*$Q$4 -> 0 | L114: =K114*F114 -> 0 | M114: =D114*G114*(J114+L114) -> #REF! | N114: =H114+M114 -> #REF! | O114: =F114*D114*2 -> #REF! | P114: =F114*D114*4 -> #REF! | Q114: =N114+O114+P114 -> #REF! | R114: =Q114*10% -> #REF! | S114: =(Q114-R114)*10% -> #REF! | T114: =(Q114-R114)*6% -> #REF! | U114: =(Q114-R114)*5% -> #REF!
A115: 9 | B115: Работник прачечной | D115: ='штатка спальн блок 2.01.'!D19 -> 2 | F115: =66000+10000 -> 76000 | G115: 12 | H115: =D115*F115*G115 -> 1824000 | J115: =I115*$Q$4 -> 0 | L115: =K115*F115 -> 0 | M115: =D115*G115*(J115+L115) -> 0 | N115: =H115+M115 -> 1824000 | O115: =F115*D115*2 -> 304000 | P115: =F115*D115*4 -> 608000 | Q115: =N115+O115+P115 -> 2736000 | R115: =Q115*10% -> 273600 | S115: =(Q115-R115)*10% -> 246240 | T115: =(Q115-R115)*6% -> 147744 | U115: =(Q115-R115)*5% -> 123120
A116: 10 | B116: Комендант | D116: ='штатка спальн блок 2.01.'!D20+#REF! -> #REF! | F116: =120000+30000 -> 150000 | G116: 12 | H116: =D116*F116*G116 -> #REF! | J116: =I116*$Q$4 -> 0 | L116: =K116*F116 -> 0 | M116: =D116*G116*(J116+L116) -> #REF! | N116: =H116+M116 -> #REF! | O116: =F116*D116*2 -> #REF! | P116: =F116*D116*4 -> #REF! | Q116: =N116+O116+P116 -> #REF! | R116: =Q116*10% -> #REF! | S116: =(Q116-R116)*10% -> #REF! | T116: =(Q116-R116)*6% -> #REF! | U116: =(Q116-R116)*5% -> #REF!
A117: 11 | B117: Кастелянша | D117: ='штатка спальн блок 2.01.'!D21 -> 1 | F117: =72000+10000 -> 82000 | G117: 12 | H117: =D117*F117*G117 -> 984000 | J117: =I117*$Q$4 -> 0 | L117: =K117*F117 -> 0 | M117: =D117*G117*(J117+L117) -> 0 | N117: =H117+M117 -> 984000 | O117: =F117*D117*2 -> 164000 | P117: =F117*D117*4 -> 328000 | Q117: =N117+O117+P117 -> 1476000 | R117: =Q117*10% -> 147600 | S117: =(Q117-R117)*10% -> 132840 | T117: =(Q117-R117)*6% -> 79704 | U117: =(Q117-R117)*5% -> 66420
A118: 12 | B118: Заведующий хозяйством | D118: =#REF! -> #REF! | F118: 240000 | G118: 12 | H118: =D118*F118*G118 -> #REF! | J118: =I118*$Q$4 -> 0 | L118: =K118*F118 -> 0 | M118: =D118*G118*(J118+L118) -> #REF! | N118: =H118+M118 -> #REF! | O118: =F118*D118*2 -> #REF! | P118: =F118*D118*4 -> #REF! | Q118: =N118+O118+P118 -> #REF! | R118: =Q118*10% -> #REF! | S118: =(Q118-R118)*10% -> #REF! | T118: =(Q118-R118)*6% -> #REF! | U118: =(Q118-R118)*5% -> #REF!
A119: 13 | B119: Кладовщик | D119: =#REF! -> #REF! | F119: 80000 | G119: 12 | H119: =D119*F119*G119 -> #REF! | J119: =I119*$Q$4 -> 0 | L119: =K119*F119 -> 0 | M119: =D119*G119*(J119+L119) -> #REF! | N119: =H119+M119 -> #REF! | O119: =F119*D119*2 -> #REF! | P119: =F119*D119*4 -> #REF! | Q119: =N119+O119+P119 -> #REF! | R119: =Q119*10% -> #REF! | S119: =(Q119-R119)*10% -> #REF! | T119: =(Q119-R119)*6% -> #REF! | U119: =(Q119-R119)*5% -> #REF!
A120: 14 | B120: Блок энергетики и инженерных сетей | F120: =ROUNDUP((E120*$Q$5),-3) -> 0 | H120: =D120*F120*G120 -> 0 | J120: =I120*$Q$4 -> 0 | L120: =K120*F120 -> 0 | M120: =D120*G120*(J120+L120) -> 0 | N120: =H120+M120 -> 0 | Q120: =N120+O120+P120 -> 0 | R120: =Q120*10% -> 0 | S120: =(Q120-R120)*10% -> 0 | T120: =(Q120-R120)*6% -> 0 | U120: =(Q120-R120)*5% -> 0
A121: 15 | B121: Главный энергетик | D121: ='штатка АУП'!D19 -> 1 | F121: 484000 | G121: 12 | H121: =D121*F121*G121 -> 5808000 | J121: =I121*$Q$4 -> 0 | L121: =K121*F121 -> 0 | M121: =D121*G121*(J121+L121) -> 0 | N121: =H121+M121 -> 5808000 | O121: =F121*D121*2 -> 968000 | P121: =F121*D121*4 -> 1936000 | Q121: =N121+O121+P121 -> 8712000 | R121: =Q121*10% -> 871200 | S121: =(Q121-R121)*10% -> 784080 | T121: =(Q121-R121)*6% -> 470448 | U121: =(Q121-R121)*5% -> 392040
A122: 16 | B122: инженер | D122: ='штатка АУП'!D20 -> 0 | F122: 302500 | G122: 12 | H122: =D122*F122*G122 -> 0 | J122: =I122*$Q$4 -> 0 | L122: =K122*F122 -> 0 | M122: =D122*G122*(J122+L122) -> 0 | N122: =H122+M122 -> 0 | O122: =F122*D122*2 -> 0 | P122: =F122*D122*4 -> 0 | Q122: =N122+O122+P122 -> 0 | R122: =Q122*10% -> 0 | S122: =(Q122-R122)*10% -> 0 | T122: =(Q122-R122)*6% -> 0 | U122: =(Q122-R122)*5% -> 0
A123: 17 | B123: инженер по ТБ | D123: ='штатка АУП'!D21 -> 1 | F123: 302500 | G123: 12 | H123: =D123*F123*G123 -> 3630000 | J123: =I123*$Q$4 -> 0 | L123: =K123*F123 -> 0 | M123: =D123*G123*(J123+L123) -> 0 | N123: =H123+M123 -> 3630000 | O123: =F123*D123*2 -> 605000 | P123: =F123*D123*4 -> 1210000 | Q123: =N123+O123+P123 -> 5445000 | R123: =Q123*10% -> 544500 | S123: =(Q123-R123)*10% -> 490050 | T123: =(Q123-R123)*6% -> 294030 | U123: =(Q123-R123)*5% -> 245025
A124: 18 | B124: Энергетик | D124: =#REF!+'штатка МБ 2.01.'!D127+'штатка ФМН 2.01.'!D127+'штатка школа МШ'!D127+'штатка школа Орынб'!D127 -> #REF! | F124: 240000 | G124: 12 | H124: =D124*F124*G124 -> #REF! | J124: =I124*$Q$4 -> 0 | L124: =K124*F124 -> 0 | M124: =D124*G124*(J124+L124) -> #REF! | N124: =H124+M124 -> #REF! | O124: =F124*D124*2 -> #REF! | P124: =F124*D124*4 -> #REF! | Q124: =N124+O124+P124 -> #REF! | R124: =Q124*10% -> #REF! | S124: =(Q124-R124)*10% -> #REF! | T124: =(Q124-R124)*6% -> #REF! | U124: =(Q124-R124)*5% -> #REF!
A125: 19 | B125: Электрик | D125: =#REF!+'штатка МБ 2.01.'!D128+'штатка ФМН 2.01.'!D128+'штатка школа МШ'!D128+'штатка школа Орынб'!D128 -> #REF! | F125: =78000+22000 -> 100000 | G125: 12 | H125: =D125*F125*G125 -> #REF! | J125: =I125*$Q$4 -> 0 | L125: =K125*F125 -> 0 | M125: =D125*G125*(J125+L125) -> #REF! | N125: =H125+M125 -> #REF! | O125: =F125*D125*2 -> #REF! | P125: =F125*D125*4 -> #REF! | Q125: =N125+O125+P125 -> #REF! | R125: =Q125*10% -> #REF! | S125: =(Q125-R125)*10% -> #REF! | T125: =(Q125-R125)*6% -> #REF! | U125: =(Q125-R125)*5% -> #REF!
A126: 20 | B126: Слесарь-сантехник | D126: =#REF!+'штатка МБ 2.01.'!D130+'штатка ФМН 2.01.'!D129+'штатка школа МШ'!D130+'штатка школа Орынб'!D130 -> #REF! | F126: =72000+28000 -> 100000 | G126: 12 | H126: =D126*F126*G126 -> #REF! | J126: =I126*$Q$4 -> 0 | L126: =K126*F126 -> 0 | M126: =D126*G126*(J126+L126) -> #REF! | N126: =H126+M126 -> #REF! | O126: =F126*D126*2 -> #REF! | P126: =F126*D126*4 -> #REF! | Q126: =N126+O126+P126 -> #REF! | R126: =Q126*10% -> #REF! | S126: =(Q126-R126)*10% -> #REF! | T126: =(Q126-R126)*6% -> #REF! | U126: =(Q126-R126)*5% -> #REF!
B129: Заместитель руководителя | J129: Н. Сакенов
B131: Начальник управления
B132: экономики и финансов | J132: М. Баянжанова
B134: Исполнитель | J134: А. Какимова

Sheet Лист2
A2: № | B2: Наименование | C2: Общая пощадь | D2: Площадь подвала | E2: Площаль чердака | F2: итого площадь для расчета по обслуж. Объекта | G2: в % от все площади
B3: адм.корпус | C3: =17861.7-1107.4 -> 16754.3 | D3: 2634.3 | E3: 1499.6 | F3: =C3-D3-E3-C4 -> 10053.2 | G3: =ROUND(F3*100/$F$15,2) -> 21.03
B4: гостиница (4,5,6,7 эт) | C4: =SUM(C5:C8) -> 2567.2
B5: 4 эт | C5: =28.5+26.9+6.5+3.6+8.7+16.3+160.5+4.3+16.4+3.6+4.3+3.6+16.6+4.4+16.5+3.6+7.1+3.6+21.2+18.7+7+21.1+6+4.3+3.5+16.6+3.4+16.5+4.4+3.4+4.4+16.8+3.5+16.6+4.3+4.3+3.5+16.8+7.2+5.2+35.2+4.2+7.5+4.6+42.4+6 -> 643.6
B6: 5 эт | C6: =28.5+26.9+3.6+6.5+24.4+51.6+4.3+16.4+3.6+4.3+3.6+16.6+4.4+16.5+3.6+7.3+3.6+21+18.7+108.9+7+21.1+6+4.3+3.5+16.6+3.4+16.5+4.4+3.4+4.4+16.8+3.5+16.6+4.3+4.3+3.5+16.8+7.5+5.4+34.2+4.5+7.5+4.6+42.4+6 -> 642.8
B7: 6 эт | C7: =28.5+26.9+3.6+6.5+24.9+51.6+4.3+16.4+3.6+4.3+3.6+16.6+4.4+16.5+3.6+7.1+3.6+21.2+18.7+113+9.1+21.3+3.5+4.3+3.5+16.6+4.4+16.4+3.6+4.4+3.4+16.5+4.4+16.8+3.4+4.3+3.5+16.6+4.3+3.5+16.8+4.3+16.7+3.4+4.3+3.5+16.6+4.3+24.8+3.1 -> 640.5
B8: 7 эт | C8: =28.5+26.9+3.6+6.5+24.5+51.6+4.3+16.4+3.6+4.3+3.6+16.6+4.4+16.5+3.6+7.1+3.6+21.2+18.7+113+9.1+21.3+3.5+4.3+3.5+16.6+4.4+16.4+3.6+4.4+3.7+16.5+4.4+16.8+3.4+4.3+3.5+16.6+4.3+3.5+16.8+4.1+16.7+3.5+4.3+3.5+16.6+4.2+24.9+3.1 -> 640.3
B9: подвал | C9: 125.54 | G9: =ROUND(F9*100/$F$15,0) -> 0
B10: Школа ФМН | C10: 26507 | D10: 6100.8 | E10: 3590.4 | F10: =C10-D10-E10 -> 16815.8 | G10: =ROUND(F10*100/$F$15,2) -> 35.17
B11: Школа МБ | C11: 26488.2 | D11: 6064.1 | E11: 3564.4 | F11: =C11-D11-E11 -> 16859.7 | G11: =ROUND(F11*100/$F$15,2) -> 35.26
B12: Спальный корпус, в т.ч.: | C12: 6890 | D12: =1402 -> 1402 | E12: 1407.8 | F12: =C12-D12-E12 -> 4080.2 | G12: =ROUND(F12*100/$F$15,2)+0.01 -> 8.54
B13: интернат фмн | F13: =F12/2 -> 2040.1 | G13: =ROUND(F13*100/$F$15,2) -> 4.27
B14: интернат мб | F14: =F12/2 -> 2040.1 | G14: =ROUND(F14*100/$F$15,2) -> 4.27
B15: итого плащадь всех объектов | F15: =F3+F10+F11+F12 -> 47808.9
B17: данную площадь использовать для выведения стоимости кв.метра по обслуживанию объектов

Sheet штатка комплекс  (3)
T1: Код строки | U1: 2.01.
B2: Расчет по оплате труда штатной численности на 2016 год
B4: ЧУ "Дирекция строящихся Назарбаев Интеллектуальных школ" (Служба по организации обслуживания Комплексав г. Астана) | P4: МРП | Q4: 1852 | R4: изменится
P5: БС | Q5: =17439*1.1 -> 19182.9 | R5: неизменна
E6: =12*K10 -> 0 | K6: =E6-(E6*19%) -> 0 | O6: =O10*19% -> #REF! | P6: МЗП | Q6: 19966 | R6: изменится
A7: № п/п | B7: Должность | C7: Ф.И.О. | D7: Шт. ед. | E7: Тариф. коэф | F7: Оклад | G7: Кол-во месяцев в год | H7: Должностой оклад в год, тенге | I7: Экологические доплаты и надбавки | K7: Прочие доплаты и надбавки | M7: Итог доплаты в год | N7: ФЗП год | O7: Лечебное пособие, тенге | P7: Премия, тенге | Q7: Всего ФОТ, тенге | R7: Выплаты в пенсионный фонд (10%) | S7: ИПН (10%) | T7: Социальный налог | U7: Соц.страхование
I8: Размер | J8: Сумма | K8: Размер | L8: Сумма
A9: 1 | B9: =A9+1 -> 2 | C9: =B9+1 -> 3 | D9: =C9+1 -> 4 | E9: =D9+1 -> 5 | F9: =E9+1 -> 6 | G9: =F9+1 -> 7 | H9: =G9+1 -> 8 | I9: =H9+1 -> 9 | ... U9: =T9+1 -> 21
B10: Всего | D10: =D11+D62+D99+D108 -> #REF! | H10: =H11+H62+H99+H108 -> #REF! | M10: =M11+M62+M99+M108 -> #REF! | N10: =N11+N62+N99+N108 -> #REF! | O10: =O11+O62+O99+O108 -> #REF! | P10: =P11+P62+P99+P108 -> #REF! | Q10: =Q11+Q62+Q99+Q108 -> #REF! | R10: =R11+R62+R99+R108 -> #REF! | S10: =S11+S62+S99+S108 -> #REF! | T10: =T11+T62+T99+T108 -> #REF! | U10: =U11+U62+U99+U108 -> #REF! | W10: =Q10+T10+U10 -> #REF!
B11: Административно- управленческий персонал: | D11: =SUM(D12:D61) -> 3 | F11: =SUM(F12:F61) -> 1089000 | H11: =SUM(H12:H61) -> 13068000 | J11: =SUM(J12:J61) -> 0 | L11: =SUM(L12:L61) -> 0 | M11: =SUM(M12:M61) -> 0 | N11: =SUM(N12:N61) -> 13068000 | O11: =SUM(O12:O61) -> 2178000 | P11: =SUM(P12:P61) -> 4356000 | Q11: =SUM(Q12:Q61) -> 19602000 | R11: =SUM(R12:R61) -> 1960200 | S11: =SUM(S12:S61) -> 1764180 | ... U11: =SUM(U12:U61) -> 882090
A12: 1 | B12: заместитель директора - руководитель проекта | D12: 1 | F12: 544500 | G12: 12 | H12: =D12*F12*G12 -> 6534000 | J12: =I12*$Q$4 -> 0 | L12: =K12*F12 -> 0 | M12: =D12*G12*(J12+L12) -> 0 | N12: =H12+M12 -> 6534000 | O12: =F12*2 -> 1089000 | P12: =F12*4 -> 2178000 | Q12: =N12+O12+P12 -> 9801000 | R12: =Q12*10% -> 980100 | S12: =(Q12-R12)*10% -> 882090 | T12: =(Q12-R12)*6% -> 529254 | U12: =(Q12-R12)*5% -> 441045
A13: 2 | B13: старший менеджер по орг.вопросам | D13: 1 | F13: 302500 | G13: 12 | H13: =D13*F13*G13 -> 3630000 | J13: =I13*$Q$4 -> 0 | L13: =K13*F13 -> 0 | M13: =D13*G13*(J13+L13) -> 0 | N13: =H13+M13 -> 3630000 | O13: =F13*2 -> 605000 | P13: =F13*4 -> 1210000 | Q13: =N13+O13+P13 -> 5445000 | R13: =Q13*10% -> 544500 | S13: =(Q13-R13)*10% -> 490050 | T13: =(Q13-R13)*6% -> 294030 | U13: =(Q13-R13)*5% -> 245025
A14: 3 | B14: менеджер по HR | D14: 1 | F14: 242000 | G14: 12 | H14: =D14*F14*G14 -> 2904000 | J14: =I14*$Q$4 -> 0 | L14: =K14*F14 -> 0 | M14: =D14*G14*(J14+L14) -> 0 | N14: =H14+M14 -> 2904000 | O14: =F14*2 -> 484000 | P14: =F14*4 -> 968000 | Q14: =N14+O14+P14 -> 4356000 | R14: =Q14*10% -> 435600 | S14: =(Q14-R14)*10% -> 392040 | T14: =(Q14-R14)*6% -> 235224 | U14: =(Q14-R14)*5% -> 196020
F15: =ROUNDUP((E15*$Q$5),-3) -> 0 | H15: =D15*F15*G15 -> 0 | J15: =I15*$Q$4 -> 0 | L15: =K15*F15 -> 0 | M15: =D15*G15*(J15+L15) -> 0 | N15: =H15+M15 -> 0 | Q15: =N15+O15+P15 -> 0 | R15: =Q15*10% -> 0 | S15: =(Q15-R15)*10% -> 0 | T15: =(Q15-R15)*6% -> 0 | U15: =(Q15-R15)*5% -> 0
F16: =ROUNDUP((E16*$Q$5),-3) -> 0 | H16: =D16*F16*G16 -> 0 | J16: =I16*$Q$4 -> 0 | L16: =K16*F16 -> 0 | M16: =D16*G16*(J16+L16) -> 0 | N16: =H16+M16 -> 0 | Q16: =N16+O16+P16 -> 0 | R16: =Q16*10% -> 0 | S16: =(Q16-R16)*10% -> 0 | T16: =(Q16-R16)*6% -> 0 | U16: =(Q16-R16)*5% -> 0
F17: =ROUNDUP((E17*$Q$5),-3) -> 0 | H17: =D17*F17*G17 -> 0 | J17: =I17*$Q$4 -> 0 | L17: =K17*F17 -> 0 | M17: =D17*G17*(J17+L17) -> 0 | N17: =H17+M17 -> 0 | Q17: =N17+O17+P17 -> 0 | R17: =Q17*10% -> 0 | S17: =(Q17-R17)*10% -> 0 | T17: =(Q17-R17)*6% -> 0 | U17: =(Q17-R17)*5% -> 0
F18: =ROUNDUP((E18*$Q$5),-3) -> 0 | H18: =D18*F18*G18 -> 0 | J18: =I18*$Q$4 -> 0 | L18: =K18*F18 -> 0 | M18: =D18*G18*(J18+L18) -> 0 | N18: =H18+M18 -> 0 | Q18: =N18+O18+P18 -> 0 | R18: =Q18*10% -> 0 | S18: =(Q18-R18)*10% -> 0 | T18: =(Q18-R18)*6% -> 0 | U18: =(Q18-R18)*5% -> 0
F19: =ROUNDUP((E19*$Q$5),-3) -> 0 | H19: =D19*F19*G19 -> 0 | J19: =I19*$Q$4 -> 0 | L19: =K19*F19 -> 0 | M19: =D19*G19*(J19+L19) -> 0 | N19: =H19+M19 -> 0 | Q19: =N19+O19+P19 -> 0 | R19: =Q19*10% -> 0 | S19: =(Q19-R19)*10% -> 0 | T19: =(Q19-R19)*6% -> 0 | U19: =(Q19-R19)*5% -> 0
F20: =ROUNDUP((E20*$Q$5),-3) -> 0 | H20: =D20*F20*G20 -> 0 | J20: =I20*$Q$4 -> 0 | L20: =K20*F20 -> 0 | M20: =D20*G20*(J20+L20) -> 0 | N20: =H20+M20 -> 0 | Q20: =N20+O20+P20 -> 0 | R20: =Q20*10% -> 0 | S20: =(Q20-R20)*10% -> 0 | T20: =(Q20-R20)*6% -> 0 | U20: =(Q20-R20)*5% -> 0
F21: =ROUNDUP((E21*$Q$5),-3) -> 0 | H21: =D21*F21*G21 -> 0 | J21: =I21*$Q$4 -> 0 | L21: =K21*F21 -> 0 | M21: =D21*G21*(J21+L21) -> 0 | N21: =H21+M21 -> 0 | Q21: =N21+O21+P21 -> 0 | R21: =Q21*10% -> 0 | S21: =(Q21-R21)*10% -> 0 | T21: =(Q21-R21)*6% -> 0 | U21: =(Q21-R21)*5% -> 0
F22: =ROUNDUP((E22*$Q$5),-3) -> 0 | H22: =D22*F22*G22 -> 0 | J22: =I22*$Q$4 -> 0 | L22: =K22*F22 -> 0 | M22: =D22*G22*(J22+L22) -> 0 | N22: =H22+M22 -> 0 | Q22: =N22+O22+P22 -> 0 | R22: =Q22*10% -> 0 | S22: =(Q22-R22)*10% -> 0 | T22: =(Q22-R22)*6% -> 0 | U22: =(Q22-R22)*5% -> 0
F23: =ROUNDUP((E23*$Q$5),-3) -> 0 | H23: =D23*F23*G23 -> 0 | J23: =I23*$Q$4 -> 0 | L23: =K23*F23 -> 0 | M23: =D23*G23*(J23+L23) -> 0 | N23: =H23+M23 -> 0 | Q23: =N23+O23+P23 -> 0 | R23: =Q23*10% -> 0 | S23: =(Q23-R23)*10% -> 0 | T23: =(Q23-R23)*6% -> 0 | U23: =(Q23-R23)*5% -> 0
F24: =ROUNDUP((E24*$Q$5),-3) -> 0 | H24: =D24*F24*G24 -> 0 | J24: =I24*$Q$4 -> 0 | L24: =K24*F24 -> 0 | M24: =D24*G24*(J24+L24) -> 0 | N24: =H24+M24 -> 0 | Q24: =N24+O24+P24 -> 0 | R24: =Q24*10% -> 0 | S24: =(Q24-R24)*10% -> 0 | T24: =(Q24-R24)*6% -> 0 | U24: =(Q24-R24)*5% -> 0
F25: =ROUNDUP((E25*$Q$5),-3) -> 0 | H25: =D25*F25*G25 -> 0 | J25: =I25*$Q$4 -> 0 | L25: =K25*F25 -> 0 | M25: =D25*G25*(J25+L25) -> 0 | N25: =H25+M25 -> 0 | Q25: =N25+O25+P25 -> 0 | R25: =Q25*10% -> 0 | S25: =(Q25-R25)*10% -> 0 | T25: =(Q25-R25)*6% -> 0 | U25: =(Q25-R25)*5% -> 0
F26: =ROUNDUP((E26*$Q$5),-3) -> 0 | H26: =D26*F26*G26 -> 0 | J26: =I26*$Q$4 -> 0 | L26: =K26*F26 -> 0 | M26: =D26*G26*(J26+L26) -> 0 | N26: =H26+M26 -> 0 | Q26: =N26+O26+P26 -> 0 | R26: =Q26*10% -> 0 | S26: =(Q26-R26)*10% -> 0 | T26: =(Q26-R26)*6% -> 0 | U26: =(Q26-R26)*5% -> 0
... F61: =ROUNDUP((E61*$Q$5),-3) -> 0 | H61: =D61*F61*G61 -> 0 | J61: =I61*$Q$4 -> 0 | L61: =K61*F61 -> 0 | M61: =D61*G61*(J61+L61) -> 0 | N61: =H61+M61 -> 0 | Q61: =N61+O61+P61 -> 0 | R61: =Q61*10% -> 0 | S61: =(Q61-R61)*10% -> 0 | T61: =(Q61-R61)*6% -> 0 | U61: =(Q61-R61)*5% -> 0
B62: Учебно-вспомогательный персонал | D62: =SUM(D63:D98) -> 0 | F62: =SUM(F63:F98) -> 0 | H62: =SUM(H63:H98) -> 0 | J62: =SUM(J63:J98) -> 0 | L62: =SUM(L63:L98) -> 0 | M62: =SUM(M63:M98) -> 0 | N62: =SUM(N63:N98) -> 0 | O62: =SUM(O63:O98) -> 0 | P62: =SUM(P63:P98) -> 0 | Q62: =SUM(Q63:Q98) -> 0 | R62: =SUM(R63:R98) -> 0 | S62: =SUM(S63:S98) -> 0 | ... U62: =SUM(U63:U98) -> 0
B63: …. | F63: =ROUNDUP((E63*$Q$5),-3) -> 0 | H63: =D63*F63*G63 -> 0 | J63: =I63*$Q$4 -> 0 | L63: =K63*F63 -> 0 | M63: =D63*G63*(J63+L63) -> 0 | N63: =H63+M63 -> 0 | Q63: =N63+O63+P63 -> 0 | R63: =Q63*10% -> 0 | S63: =(Q63-R63)*10% -> 0 | T63: =(Q63-R63)*6% -> 0 | U63: =(Q63-R63)*5% -> 0
F64: =ROUNDUP((E64*$Q$5),-3) -> 0 | H64: =D64*F64*G64 -> 0 | J64: =I64*$Q$4 -> 0 | L64: =K64*F64 -> 0 | M64: =D64*G64*(J64+L64) -> 0 | N64: =H64+M64 -> 0 | Q64: =N64+O64+P64 -> 0 | R64: =Q64*10% -> 0 | S64: =(Q64-R64)*10% -> 0 | T64: =(Q64-R64)*6% -> 0 | U64: =(Q64-R64)*5% -> 0
F65: =ROUNDUP((E65*$Q$5),-3) -> 0 | H65: =D65*F65*G65 -> 0 | J65: =I65*$Q$4 -> 0 | L65: =K65*F65 -> 0 | M65: =D65*G65*(J65+L65) -> 0 | N65: =H65+M65 -> 0 | Q65: =N65+O65+P65 -> 0 | R65: =Q65*10% -> 0 | S65: =(Q65-R65)*10% -> 0 | T65: =(Q65-R65)*6% -> 0 | U65: =(Q65-R65)*5% -> 0
F66: =ROUNDUP((E66*$Q$5),-3) -> 0 | H66: =D66*F66*G66 -> 0 | J66: =I66*$Q$4 -> 0 | L66: =K66*F66 -> 0 | M66: =D66*G66*(J66+L66) -> 0 | N66: =H66+M66 -> 0 | Q66: =N66+O66+P66 -> 0 | R66: =Q66*10% -> 0 | S66: =(Q66-R66)*10% -> 0 | T66: =(Q66-R66)*6% -> 0 | U66: =(Q66-R66)*5% -> 0
F67: =ROUNDUP((E67*$Q$5),-3) -> 0 | H67: =D67*F67*G67 -> 0 | J67: =I67*$Q$4 -> 0 | L67: =K67*F67 -> 0 | M67: =D67*G67*(J67+L67) -> 0 | N67: =H67+M67 -> 0 | Q67: =N67+O67+P67 -> 0 | R67: =Q67*10% -> 0 | S67: =(Q67-R67)*10% -> 0 | T67: =(Q67-R67)*6% -> 0 | U67: =(Q67-R67)*5% -> 0
F68: =ROUNDUP((E68*$Q$5),-3) -> 0 | H68: =D68*F68*G68 -> 0 | J68: =I68*$Q$4 -> 0 | L68: =K68*F68 -> 0 | M68: =D68*G68*(J68+L68) -> 0 | N68: =H68+M68 -> 0 | Q68: =N68+O68+P68 -> 0 | R68: =Q68*10% -> 0 | S68: =(Q68-R68)*10% -> 0 | T68: =(Q68-R68)*6% -> 0 | U68: =(Q68-R68)*5% -> 0
F69: =ROUNDUP((E69*$Q$5),-3) -> 0 | H69: =D69*F69*G69 -> 0 | J69: =I69*$Q$4 -> 0 | L69: =K69*F69 -> 0 | M69: =D69*G69*(J69+L69) -> 0 | N69: =H69+M69 -> 0 | Q69: =N69+O69+P69 -> 0 | R69: =Q69*10% -> 0 | S69: =(Q69-R69)*10% -> 0 | T69: =(Q69-R69)*6% -> 0 | U69: =(Q69-R69)*5% -> 0
F70: =ROUNDUP((E70*$Q$5),-3) -> 0 | H70: =D70*F70*G70 -> 0 | J70: =I70*$Q$4 -> 0 | L70: =K70*F70 -> 0 | M70: =D70*G70*(J70+L70) -> 0 | N70: =H70+M70 -> 0 | Q70: =N70+O70+P70 -> 0 | R70: =Q70*10% -> 0 | S70: =(Q70-R70)*10% -> 0 | T70: =(Q70-R70)*6% -> 0 | U70: =(Q70-R70)*5% -> 0
F71: =ROUNDUP((E71*$Q$5),-3) -> 0 | H71: =D71*F71*G71 -> 0 | J71: =I71*$Q$4 -> 0 | L71: =K71*F71 -> 0 | M71: =D71*G71*(J71+L71) -> 0 | N71: =H71+M71 -> 0 | Q71: =N71+O71+P71 -> 0 | R71: =Q71*10% -> 0 | S71: =(Q71-R71)*10% -> 0 | T71: =(Q71-R71)*6% -> 0 | U71: =(Q71-R71)*5% -> 0
F72: =ROUNDUP((E72*$Q$5),-3) -> 0 | H72: =D72*F72*G72 -> 0 | J72: =I72*$Q$4 -> 0 | L72: =K72*F72 -> 0 | M72: =D72*G72*(J72+L72) -> 0 | N72: =H72+M72 -> 0 | Q72: =N72+O72+P72 -> 0 | R72: =Q72*10% -> 0 | S72: =(Q72-R72)*10% -> 0 | T72: =(Q72-R72)*6% -> 0 | U72: =(Q72-R72)*5% -> 0
F73: =ROUNDUP((E73*$Q$5),-3) -> 0 | H73: =D73*F73*G73 -> 0 | J73: =I73*$Q$4 -> 0 | L73: =K73*F73 -> 0 | M73: =D73*G73*(J73+L73) -> 0 | N73: =H73+M73 -> 0 | Q73: =N73+O73+P73 -> 0 | R73: =Q73*10% -> 0 | S73: =(Q73-R73)*10% -> 0 | T73: =(Q73-R73)*6% -> 0 | U73: =(Q73-R73)*5% -> 0
F74: =ROUNDUP((E74*$Q$5),-3) -> 0 | H74: =D74*F74*G74 -> 0 | J74: =I74*$Q$4 -> 0 | L74: =K74*F74 -> 0 | M74: =D74*G74*(J74+L74) -> 0 | N74: =H74+M74 -> 0 | Q74: =N74+O74+P74 -> 0 | R74: =Q74*10% -> 0 | S74: =(Q74-R74)*10% -> 0 | T74: =(Q74-R74)*6% -> 0 | U74: =(Q74-R74)*5% -> 0
F75: =ROUNDUP((E75*$Q$5),-3) -> 0 | H75: =D75*F75*G75 -> 0 | J75: =I75*$Q$4 -> 0 | L75: =K75*F75 -> 0 | M75: =D75*G75*(J75+L75) -> 0 | N75: =H75+M75 -> 0 | Q75: =N75+O75+P75 -> 0 | R75: =Q75*10% -> 0 | S75: =(Q75-R75)*10% -> 0 | T75: =(Q75-R75)*6% -> 0 | U75: =(Q75-R75)*5% -> 0
... F98: =ROUNDUP((E98*$Q$5),-3) -> 0 | H98: =D98*F98*G98 -> 0 | J98: =I98*$Q$4 -> 0 | L98: =K98*F98 -> 0 | M98: =D98*G98*(J98+L98) -> 0 | N98: =H98+M98 -> 0 | Q98: =N98+O98+P98 -> 0 | R98: =Q98*10% -> 0 | S98: =(Q98-R98)*10% -> 0 | T98: =(Q98-R98)*6% -> 0 | U98: =(Q98-R98)*5% -> 0
B99: Медицинский персонал | D99: =SUM(D100:D107) -> 0 | F99: =SUM(F100:F107) -> 0 | H99: =SUM(H100:H107) -> 0 | J99: =SUM(J100:J107) -> 0 | L99: =SUM(L100:L107) -> 0 | M99: =SUM(M100:M107) -> 0 | N99: =SUM(N100:N107) -> 0 | O99: =SUM(O100:O107) -> 0 | P99: =SUM(P100:P107) -> 0 | Q99: =SUM(Q100:Q107) -> 0 | R99: =SUM(R100:R107) -> 0 | S99: =SUM(S100:S107) -> 0 | ... U99: =SUM(U100:U107) -> 0
B100: … | F100: =ROUNDUP((E100*$Q$5),-3) -> 0 | H100: =D100*F100*G100 -> 0 | J100: =I100*$Q$4 -> 0 | L100: =K100*F100 -> 0 | M100: =D100*G100*(J100+L100) -> 0 | N100: =H100+M100 -> 0 | Q100: =N100+O100+P100 -> 0 | R100: =Q100*10% -> 0 | S100: =(Q100-R100)*10% -> 0 | T100: =(Q100-R100)*6% -> 0 | U100: =(Q100-R100)*5% -> 0
F101: =ROUNDUP((E101*$Q$5),-3) -> 0 | H101: =D101*F101*G101 -> 0 | J101: =I101*$Q$4 -> 0 | L101: =K101*F101 -> 0 | M101: =D101*G101*(J101+L101) -> 0 | N101: =H101+M101 -> 0 | Q101: =N101+O101+P101 -> 0 | R101: =Q101*10% -> 0 | S101: =(Q101-R101)*10% -> 0 | T101: =(Q101-R101)*6% -> 0 | U101: =(Q101-R101)*5% -> 0
F102: =ROUNDUP((E102*$Q$5),-3) -> 0 | H102: =D102*F102*G102 -> 0 | J102: =I102*$Q$4 -> 0 | L102: =K102*F102 -> 0 | M102: =D102*G102*(J102+L102) -> 0 | N102: =H102+M102 -> 0 | Q102: =N102+O102+P102 -> 0 | R102: =Q102*10% -> 0 | S102: =(Q102-R102)*10% -> 0 | T102: =(Q102-R102)*6% -> 0 | U102: =(Q102-R102)*5% -> 0
F103: =ROUNDUP((E103*$Q$5),-3) -> 0 | H103: =D103*F103*G103 -> 0 | J103: =I103*$Q$4 -> 0 | L103: =K103*F103 -> 0 | M103: =D103*G103*(J103+L103) -> 0 | N103: =H103+M103 -> 0 | Q103: =N103+O103+P103 -> 0 | R103: =Q103*10% -> 0 | S103: =(Q103-R103)*10% -> 0 | T103: =(Q103-R103)*6% -> 0 | U103: =(Q103-R103)*5% -> 0
F104: =ROUNDUP((E104*$Q$5),-3) -> 0 | H104: =D104*F104*G104 -> 0 | J104: =I104*$Q$4 -> 0 | L104: =K104*F104 -> 0 | M104: =D104*G104*(J104+L104) -> 0 | N104: =H104+M104 -> 0 | Q104: =N104+O104+P104 -> 0 | R104: =Q104*10% -> 0 | S104: =(Q104-R104)*10% -> 0 | T104: =(Q104-R104)*6% -> 0 | U104: =(Q104-R104)*5% -> 0
F105: =ROUNDUP((E105*$Q$5),-3) -> 0 | H105: =D105*F105*G105 -> 0 | J105: =I105*$Q$4 -> 0 | L105: =K105*F105 -> 0 | M105: =D105*G105*(J105+L105) -> 0 | N105: =H105+M105 -> 0 | Q105: =N105+O105+P105 -> 0 | R105: =Q105*10% -> 0 | S105: =(Q105-R105)*10% -> 0 | T105: =(Q105-R105)*6% -> 0 | U105: =(Q105-R105)*5% -> 0
F106: =ROUNDUP((E106*$Q$5),-3) -> 0 | H106: =D106*F106*G106 -> 0 | J106: =I106*$Q$4 -> 0 | L106: =K106*F106 -> 0 | M106: =D106*G106*(J106+L106) -> 0 | N106: =H106+M106 -> 0 | Q106: =N106+O106+P106 -> 0 | R106: =Q106*10% -> 0 | S106: =(Q106-R106)*10% -> 0 | T106: =(Q106-R106)*6% -> 0 | U106: =(Q106-R106)*5% -> 0
F107: =ROUNDUP((E107*$Q$5),-3) -> 0 | H107: =D107*F107*G107 -> 0 | J107: =I107*$Q$4 -> 0 | L107: =K107*F107 -> 0 | M107: =D107*G107*(J107+L107) -> 0 | N107: =H107+M107 -> 0 | Q107: =N107+O107+P107 -> 0 | R107: =Q107*10% -> 0 | S107: =(Q107-R107)*10% -> 0 | T107: =(Q107-R107)*6% -> 0 | U107: =(Q107-R107)*5% -> 0
B108: Технический персонал | D108: =SUM(D110:D126) -> #REF! | F108: =SUM(F110:F126) -> 2573000 | H108: =SUM(H110:H126) -> #REF! | J108: =SUM(J110:J126) -> 0 | L108: =SUM(L110:L126) -> 7600 | M108: =SUM(M110:M126) -> #REF! | N108: =SUM(N110:N126) -> #REF! | O108: =SUM(O110:O126) -> #REF! | P108: =SUM(P110:P126) -> #REF! | Q108: =SUM(Q110:Q126) -> #REF! | R108: =SUM(R110:R126) -> #REF! | S108: =SUM(S110:S126) -> #REF! | ... U108: =SUM(U110:U126) -> #REF!
B109: Хозяйственный блок
A110: 4 | B110: Рабочий по компл обсл и ремонту зданий | D110: =#REF!+'штатка МБ 2.01.'!D112+'штатка ФМН 2.01.'!D112+'штатка школа МШ'!D112+'штатка школа Орынб'!D112+'штатка спальн блок 2.01.'!D15 -> #REF! | F110: =72000+10000 -> 82000 | G110: 12 | H110: =D110*F110*G110 -> #REF! | J110: =I110*$Q$4 -> 0 | L110: =K110*F110 -> 0 | M110: =D110*G110*(J110+L110) -> #REF! | N110: =H110+M110 -> #REF! | O110: =F110*D110*2 -> #REF! | P110: =F110*D110*4 -> #REF! | Q110: =N110+O110+P110 -> #REF! | R110: =Q110*10% -> #REF! | S110: =(Q110-R110)*10% -> #REF! | T110: =(Q110-R110)*6% -> #REF! | U110: =(Q110-R110)*5% -> #REF!
A111: 5 | B111: Уборщик служебных помещений | D111: ='штатка МБ 2.01.'!D113+'штатка ФМН 2.01.'!D113+'штатка школа МШ'!D113+'штатка школа Орынб'!D113+'штатка спальн блок 2.01.'!D16 -> 129 | F111: =66000+10000 -> 76000 | G111: 12 | H111: =D111*F111*G111 -> 117648000 | J111: =I111*$Q$4 -> 0 | K111: 0.1 | L111: =K111*F111 -> 7600 | M111: =D111*G111*(J111+L111) -> 11764800 | N111: =H111+M111 -> 129412800 | O111: =F111*D111*2 -> 19608000 | P111: =F111*D111*4 -> 39216000 | Q111: =N111+O111+P111 -> 188236800 | R111: =Q111*10% -> 18823680 | S111: =(Q111-R111)*10% -> 16941312 | T111: =(Q111-R111)*6% -> 10164787 | U111: =(Q111-R111)*5% -> 8470656
A112: 6 | B112: Дворник | D112: =#REF!+'штатка МБ 2.01.'!D114+'штатка ФМН 2.01.'!D114+'штатка школа МШ'!D114+'штатка школа Орынб'!D114 -> #REF! | F112: =66000+10000 -> 76000 | G112: 12 | H112: =D112*F112*G112 -> #REF! | J112: =I112*$Q$4 -> 0 | L112: =K112*F112 -> 0 | M112: =D112*G112*(J112+L112) -> #REF! | N112: =H112+M112 -> #REF! | O112: =F112*D112*2 -> #REF! | P112: =F112*D112*4 -> #REF! | Q112: =N112+O112+P112 -> #REF! | R112: =Q112*10% -> #REF! | S112: =(Q112-R112)*10% -> #REF! | T112: =(Q112-R112)*6% -> #REF! | U112: =(Q112-R112)*5% -> #REF!
A113: 7 | B113: Садовник | D113: ='штатка МБ 2.01.'!D115+'штатка ФМН 2.01.'!D115+'штатка школа МШ'!D115+'штатка школа Орынб'!D115 -> 2 | F113: =72000+10000 -> 82000 | G113: 12 | H113: =D113*F113*G113 -> 1968000 | J113: =I113*$Q$4 -> 0 | L113: =K113*F113 -> 0 | M113: =D113*G113*(J113+L113) -> 0 | N113: =H113+M113 -> 1968000 | O113: =F113*D113*2 -> 328000 | P113: =F113*D113*4 -> 656000 | Q113: =N113+O113+P113 -> 2952000 | R113: =Q113*10% -> 295200 | S113: =(Q113-R113)*10% -> 265680 | T113: =(Q113-R113)*6% -> 159408 | U113: =(Q113-R113)*5% -> 132840
A114: 8 | B114: Плотник | D114: =#REF!+'штатка МБ 2.01.'!D116+'штатка ФМН 2.01.'!D116+'штатка школа МШ'!D116+'штатка школа Орынб'!D116 -> #REF! | F114: =72000+28000 -> 100000 | G114: 12 | H114: =D114*F114*G114 -> #REF! | J114: =I114*$Q$4 -> 0 | L114: =K114*F114 -> 0 | M114: =D114*G114*(J114+L114) -> #REF! | N114: =H114+M114 -> #REF! | O114: =F114*D114*2 -> #REF! | P114: =F114*D114*4 -> #REF! | Q114: =N114+O114+P114 -> #REF! | R114: =Q114*10% -> #REF! | S114: =(Q114-R114)*10% -> #REF! | T114: =(Q114-R114)*6% -> #REF! | U114: =(Q114-R114)*5% -> #REF!
A115: 9 | B115: Работник прачечной | D115: ='штатка спальн блок 2.01.'!D19 -> 2 | F115: =66000+10000 -> 76000 | G115: 12 | H115: =D115*F115*G115 -> 1824000 | J115: =I115*$Q$4 -> 0 | L115: =K115*F115 -> 0 | M115: =D115*G115*(J115+L115) -> 0 | N115: =H115+M115 -> 1824000 | O115: =F115*D115*2 -> 304000 | P115: =F115*D115*4 -> 608000 | Q115: =N115+O115+P115 -> 2736000 | R115: =Q115*10% -> 273600 | S115: =(Q115-R115)*10% -> 246240 | T115: =(Q115-R115)*6% -> 147744 | U115: =(Q115-R115)*5% -> 123120
A116: 10 | B116: Комендант | D116: ='штатка спальн блок 2.01.'!D20+#REF! -> #REF! | F116: =120000+30000 -> 150000 | G116: 12 | H116: =D116*F116*G116 -> #REF! | J116: =I116*$Q$4 -> 0 | L116: =K116*F116 -> 0 | M116: =D116*G116*(J116+L116) -> #REF! | N116: =H116+M116 -> #REF! | O116: =F116*D116*2 -> #REF! | P116: =F116*D116*4 -> #REF! | Q116: =N116+O116+P116 -> #REF! | R116: =Q116*10% -> #REF! | S116: =(Q116-R116)*10% -> #REF! | T116: =(Q116-R116)*6% -> #REF! | U116: =(Q116-R116)*5% -> #REF!
A117: 11 | B117: Кастелянша | D117: ='штатка спальн блок 2.01.'!D21 -> 1 | F117: =72000+10000 -> 82000 | G117: 12 | H117: =D117*F117*G117 -> 984000 | J117: =I117*$Q$4 -> 0 | L117: =K117*F117 -> 0 | M117: =D117*G117*(J117+L117) -> 0 | N117: =H117+M117 -> 984000 | O117: =F117*D117*2 -> 164000 | P117: =F117*D117*4 -> 328000 | Q117: =N117+O117+P117 -> 1476000 | R117: =Q117*10% -> 147600 | S117: =(Q117-R117)*10% -> 132840 | T117: =(Q117-R117)*6% -> 79704 | U117: =(Q117-R117)*5% -> 66420
A118: 12 | B118: Заведующий хозяйством | D118: =#REF! -> #REF! | F118: 240000 | G118: 12 | H118: =D118*F118*G118 -> #REF! | J118: =I118*$Q$4 -> 0 | L118: =K118*F118 -> 0 | M118: =D118*G118*(J118+L118) -> #REF! | N118: =H118+M118 -> #REF! | O118: =F118*D118*2 -> #REF! | P118: =F118*D118*4 -> #REF! | Q118: =N118+O118+P118 -> #REF! | R118: =Q118*10% -> #REF! | S118: =(Q118-R118)*10% -> #REF! | T118: =(Q118-R118)*6% -> #REF! | U118: =(Q118-R118)*5% -> #REF!
A119: 13 | B119: Кладовщик | D119: =#REF! -> #REF! | F119: 80000 | G119: 12 | H119: =D119*F119*G119 -> #REF! | J119: =I119*$Q$4 -> 0 | L119: =K119*F119 -> 0 | M119: =D119*G119*(J119+L119) -> #REF! | N119: =H119+M119 -> #REF! | O119: =F119*D119*2 -> #REF! | P119: =F119*D119*4 -> #REF! | Q119: =N119+O119+P119 -> #REF! | R119: =Q119*10% -> #REF! | S119: =(Q119-R119)*10% -> #REF! | T119: =(Q119-R119)*6% -> #REF! | U119: =(Q119-R119)*5% -> #REF!
A120: 14 | B120: Блок энергетики и инженерных сетей | F120: =ROUNDUP((E120*$Q$5),-3) -> 0 | H120: =D120*F120*G120 -> 0 | J120: =I120*$Q$4 -> 0 | L120: =K120*F120 -> 0 | M120: =D120*G120*(J120+L120) -> 0 | N120: =H120+M120 -> 0 | Q120: =N120+O120+P120 -> 0 | R120: =Q120*10% -> 0 | S120: =(Q120-R120)*10% -> 0 | T120: =(Q120-R120)*6% -> 0 | U120: =(Q120-R120)*5% -> 0
A121: 15 | B121: Главный энергетик | D121: ='штатка АУП'!D19 -> 1 | F121: 484000 | G121: 12 | H121: =D121*F121*G121 -> 5808000 | J121: =I121*$Q$4 -> 0 | L121: =K121*F121 -> 0 | M121: =D121*G121*(J121+L121) -> 0 | N121: =H121+M121 -> 5808000 | O121: =F121*D121*2 -> 968000 | P121: =F121*D121*4 -> 1936000 | Q121: =N121+O121+P121 -> 8712000 | R121: =Q121*10% -> 871200 | S121: =(Q121-R121)*10% -> 784080 | T121: =(Q121-R121)*6% -> 470448 | U121: =(Q121-R121)*5% -> 392040
A122: 16 | B122: инженер | D122: ='штатка АУП'!D20 -> 0 | F122: 302500 | G122: 12 | H122: =D122*F122*G122 -> 0 | J122: =I122*$Q$4 -> 0 | L122: =K122*F122 -> 0 | M122: =D122*G122*(J122+L122) -> 0 | N122: =H122+M122 -> 0 | O122: =F122*D122*2 -> 0 | P122: =F122*D122*4 -> 0 | Q122: =N122+O122+P122 -> 0 | R122: =Q122*10% -> 0 | S122: =(Q122-R122)*10% -> 0 | T122: =(Q122-R122)*6% -> 0 | U122: =(Q122-R122)*5% -> 0
A123: 17 | B123: инженер по ТБ | D123: ='штатка АУП'!D21 -> 1 | F123: 302500 | G123: 12 | H123: =D123*F123*G123 -> 3630000 | J123: =I123*$Q$4 -> 0 | L123: =K123*F123 -> 0 | M123: =D123*G123*(J123+L123) -> 0 | N123: =H123+M123 -> 3630000 | O123: =F123*D123*2 -> 605000 | P123: =F123*D123*4 -> 1210000 | Q123: =N123+O123+P123 -> 5445000 | R123: =Q123*10% -> 544500 | S123: =(Q123-R123)*10% -> 490050 | T123: =(Q123-R123)*6% -> 294030 | U123: =(Q123-R123)*5% -> 245025
A124: 18 | B124: Энергетик | D124: =#REF!+'штатка МБ 2.01.'!D127+'штатка ФМН 2.01.'!D127+'штатка школа МШ'!D127+'штатка школа Орынб'!D127 -> #REF! | F124: 240000 | G124: 12 | H124: =D124*F124*G124 -> #REF! | J124: =I124*$Q$4 -> 0 | L124: =K124*F124 -> 0 | M124: =D124*G124*(J124+L124) -> #REF! | N124: =H124+M124 -> #REF! | O124: =F124*D124*2 -> #REF! | P124: =F124*D124*4 -> #REF! | Q124: =N124+O124+P124 -> #REF! | R124: =Q124*10% -> #REF! | S124: =(Q124-R124)*10% -> #REF! | T124: =(Q124-R124)*6% -> #REF! | U124: =(Q124-R124)*5% -> #REF!
A125: 19 | B125: Электрик | D125: =#REF!+'штатка МБ 2.01.'!D128+'штатка ФМН 2.01.'!D128+'штатка школа МШ'!D128+'штатка школа Орынб'!D128 -> #REF! | F125: =78000+22000 -> 100000 | G125: 12 | H125: =D125*F125*G125 -> #REF! | J125: =I125*$Q$4 -> 0 | L125: =K125*F125 -> 0 | M125: =D125*G125*(J125+L125) -> #REF! | N125: =H125+M125 -> #REF! | O125: =F125*D125*2 -> #REF! | P125: =F125*D125*4 -> #REF! | Q125: =N125+O125+P125 -> #REF! | R125: =Q125*10% -> #REF! | S125: =(Q125-R125)*10% -> #REF! | T125: =(Q125-R125)*6% -> #REF! | U125: =(Q125-R125)*5% -> #REF!
A126: 20 | B126: Слесарь-сантехник | D126: =#REF!+'штатка МБ 2.01.'!D130+'штатка ФМН 2.01.'!D129+'штатка школа МШ'!D130+'штатка школа Орынб'!D130 -> #REF! | F126: =72000+28000 -> 100000 | G126: 12 | H126: =D126*F126*G126 -> #REF! | J126: =I126*$Q$4 -> 0 | L126: =K126*F126 -> 0 | M126: =D126*G126*(J126+L126) -> #REF! | N126: =H126+M126 -> #REF! | O126: =F126*D126*2 -> #REF! | P126: =F126*D126*4 -> #REF! | Q126: =N126+O126+P126 -> #REF! | R126: =Q126*10% -> #REF! | S126: =(Q126-R126)*10% -> #REF! | T126: =(Q126-R126)*6% -> #REF! | U126: =(Q126-R126)*5% -> #REF!
B129: Заместитель руководителя | J129: Н. Сакенов
B131: Начальник управления
B132: экономики и финансов | J132: М. Баянжанова
B134: Исполнитель | J134: А. Какимова

Sheet свод сверн
E1: Утверждено
E2: протоколом Попечительского совета
E3: АОО "Назарбаев Интеллектуальные школы"
E4: _______________201__ год №______
A6: Бюджет ЧУ "Дирекция строящихся Назарбаев Интеллектуальные школы" (служба организации обслуживания Комплекса в г. Астана)
F7: 32 | O7: тенге | R7: тенге
A8: Код строки бюджета | B8: Статья бюджета | C8: 2018 год | D8: АУП | E8: ПП | M8: 2017 год | N8: АУП | O8: ПП | P8: 2018 год | Q8: АУП | R8: ПП | S8: 2018 год | T8: АУП | U8: ПП | V8: 2019 год | W8: АУП | X8: ПП
A10: 1 | B10: 2 | C10: 5 | M10: 5 | P10: 5 | S10: 5 | V10: 5
B11: Начальный остаток | C11: =C93 -> #REF! | M11: =M93 -> #REF! | P11: =P93 -> #REF! | S11: =S93 -> 0 | V11: =V93 -> #REF!
B12: Начальный остаток
A13: 1 | B13: Доходы, всего | C13: =E13+D13 -> #REF! | E13: =E14+E15 -> #REF! | M13: =M17 -> #REF! | O13: =M13 -> #REF! | P13: =P17 -> #REF! | R13: =P13 -> #REF! | S13: =S17 -> #REF! | U13: =S13 -> #REF! | V13: =V17 -> #REF! | X13: =V13 -> #REF! | Z13: 291844.96
A14: 1.01.01.01 | B14: Доход от сдачи в аренду | C14: =E14 -> #REF! | E14: =#REF! -> #REF! | S14: =U14 -> #REF! | U14: =ROUND(#REF!,0) -> #REF! | V14: =X14 -> #REF! | X14: =#REF! -> #REF! | Z14: =C14-D14-E14 -> #REF!
A15: 1.03.01 | B15: Оказание платных услуг (во) | C15: =E15 -> #REF! | E15: =#REF!+'Кальк31 ул (31)'!D36+'Кальк31 ул (31)'!D37 -> #REF! | S15: =U15 -> #REF! | U15: =S17-U14 -> #REF! | V15: =X15 -> #REF! | X15: =V17-X14 -> #REF! | Z15: =C15-D15-E15 -> #REF!
A16: 1.05.01.01 | B16: Грант (проживание в интернате) | Z16: =C16-D16-E16 -> 0
A17: 2 | B17: Расходы, всего | C17: =C18+C28+C31+C56+C65+C71+C74+C79+C92+C93 -> #REF! | D17: =D18+D28+D31+D56+D65+D71+D74+D79+D92+D93 -> #REF! | E17: =E18+E28+E31+E56+E65+E71+E74+E79+E92+E93 -> #REF! | F17: =C17-D17-E17 -> #REF! | M17: =M18+M28+M31+M56+M65+M71+M74+M79+M81 -> #REF! | N17: =N18+N28+N31+N56+N65+N71+N74+N79+N81 -> #REF! | O17: =O18+O28+O31+O56+O65+O71+O74+O79+O81 -> #REF! | P17: =P18+P28+P31+P56+P65+P71+P74+P79+P81 -> #REF! | Q17: =Q18+Q28+Q31+Q56+Q65+Q71+Q74+Q79+Q81 -> #REF! | R17: =R18+R28+R31+R56+R65+R71+R74+R79+R81 -> #REF! | S17: =S18+S28+S31+S56+S65+S71+S74+S79 -> #REF! | T17: =T18+T28+T65+T71+T74+T79 -> #REF! | U17: =U18+U28+U31+U56+U65+U71+U74+U81 -> #REF! | V17: =V18+V28+V31+V56+V65+V71+V74+V79 -> #REF! | W17: =W18+W28+W65+W71+W74+W79 -> #REF! | X17: =X18+X28+X31+X56+X65+X71+X74+X81 -> #REF! | Z17: =C17-D17-E17 -> #REF!
A18: 2.01 | B18: Оплата труда | C18: =C19+C20+C21+C23+C26+C27 -> #REF! | D18: =D19+D20+D21+D23+D26+D27 -> #REF! | E18: =E19+E20+E21+E23+E26+E27 -> #REF! | M18: =M19+M20+M21+M23+M26+M27 -> #REF! | N18: =N19+N20+N21+N23+N26+N27 -> #REF! | O18: =O19+O20+O21+O23+O26+O27 -> #REF! | P18: =P19+P20+P21+P23+P26+P27 -> #REF! | Q18: =Q19+Q20+Q21+Q23+Q26+Q27 -> #REF! | R18: =R19+R20+R21+R23+R26+R27 -> #REF! | S18: =S19+S20+S21+S23+S26+S27 -> #REF! | T18: =T19+T20+T21+T23+T26+T27 -> #REF! | ... X18: =X19+X20+X21+X23+X26+X27 -> #REF! | Z18: =C18-D18-E18 -> #REF!
A19: 2.01.01 | B19: Заработная плата | C19: =#REF!*0.81 -> #REF! | D19: =#REF!*0.81 -> #REF! | E19: =#REF!*0.81 -> #REF! | M19: =C19 -> #REF! | N19: =D19 -> #REF! | O19: =E19 -> #REF! | P19: =M19 -> #REF! | Q19: =N19 -> #REF! | R19: =O19 -> #REF! | S19: =T19+U19 -> #REF! | T19: =D19 -> #REF! | U19: =E19 -> #REF! | V19: =W19+X19 -> #REF! | W19: =T19 -> #REF! | X19: =U19 -> #REF! | Z19: =C19-D19-E19 -> #REF!
A20: 2.01.02 | B20: Доплаты и надбавки к заработной плате | C20: =E20 -> #REF! | E20: =#REF!*0.81 -> #REF! | M20: =C20 -> #REF! | N20: =D20 -> 0 | O20: =E20 -> #REF! | P20: =M20 -> #REF! | Q20: =N20 -> 0 | R20: =O20 -> #REF! | S20: =T20+U20 -> #REF! | U20: =#REF!*0.81 -> #REF! | V20: =W20+X20 -> #REF! | W20: =D20-T20 -> 0 | X20: =U20 -> #REF! | Z20: =C20-D20-E20 -> #REF!
A21: 2.01.03 | B21: Премии | C21: =#REF!*0.81 -> #REF! | D21: =#REF!*0.81 -> #REF! | E21: =#REF!*0.81 -> #REF! | M21: =C21 -> #REF! | N21: =D21 -> #REF! | O21: =E21 -> #REF! | P21: =M21 -> #REF! | Q21: =N21 -> #REF! | R21: =O21 -> #REF! | S21: =T21+U21 -> #REF! | T21: =D21 -> #REF! | U21: =E21 -> #REF! | V21: =W21+X21 -> #REF! | W21: =T21 -> #REF! | X21: =U21 -> #REF! | Z21: =C21-D21-E21 -> #REF!
A22: 1.4 | B22: Премии к праздникам | M22: =C22 -> 0 | N22: =D22 -> 0 | O22: =E22 -> 0 | P22: =M22 -> 0 | Q22: =N22 -> 0 | R22: =O22 -> 0 | S22: =T22+U22 -> 0 | V22: =W22+X22 -> 0 | W22: =D22-T22 -> 0 | X22: =E22-U22 -> 0 | Z22: =C22-D22-E22 -> 0
A23: 2.01.05 | B23: Лечебное пособие к отпуску | C23: =#REF!*0.81 -> #REF! | D23: =#REF!*0.81 -> #REF! | E23: =#REF!*0.81 -> #REF! | M23: =C23 -> #REF! | N23: =D23 -> #REF! | O23: =E23 -> #REF! | P23: =M23 -> #REF! | Q23: =N23 -> #REF! | R23: =O23 -> #REF! | S23: =T23+U23 -> #REF! | T23: =D23 -> #REF! | U23: =E23 -> #REF! | V23: =W23+X23 -> #REF! | W23: =T23 -> #REF! | X23: =U23 -> #REF! | Z23: =C23-D23-E23 -> #REF!
A24: 1.6 | B24: Материальная помощь | M24: =C24 -> 0 | N24: =D24 -> 0 | O24: =E24 -> 0 | P24: =M24 -> 0 | Q24: =N24 -> 0 | R24: =O24 -> 0 | S24: =T24+U24 -> 0 | V24: =W24+X24 -> 0 | W24: =D24-T24 -> 0 | X24: =E24-U24 -> 0 | Z24: =C24-D24-E24 -> 0
A25: 1.6.2 | B25: материальная помощь (соц.поддержка, компенсации) | M25: =C25 -> 0 | N25: =D25 -> 0 | O25: =E25 -> 0 | P25: =M25 -> 0 | Q25: =N25 -> 0 | R25: =O25 -> 0 | S25: =T25+U25 -> 0 | V25: =W25+X25 -> 0 | W25: =D25-T25 -> 0 | X25: =E25-U25 -> 0 | Z25: =C25-D25-E25 -> 0
A26: 2.01.07 | B26: Выплаты в накопительный пенсионный фонд | C26: =#REF! -> #REF! | D26: =#REF! -> #REF! | E26: =#REF! -> #REF! | M26: =C26 -> #REF! | N26: =D26 -> #REF! | O26: =E26 -> #REF! | P26: =M26 -> #REF! | Q26: =N26 -> #REF! | R26: =O26 -> #REF! | S26: =T26+U26 -> #REF! | T26: =D26 -> #REF! | U26: =E26 -> #REF! | V26: =W26+X26 -> #REF! | W26: =T26 -> #REF! | X26: =U26 -> #REF! | Z26: =C26-D26-E26 -> #REF!
A27: 2.01.08 | B27: Индивидуальный подоходный налог | C27: =#REF! -> #REF! | D27: =#REF! -> #REF! | E27: =#REF! -> #REF! | M27: =C27 -> #REF! | N27: =D27 -> #REF! | O27: =E27 -> #REF! | P27: =M27 -> #REF! | Q27: =N27 -> #REF! | R27: =O27 -> #REF! | S27: =T27+U27 -> #REF! | T27: =D27 -> #REF! | U27: =E27 -> #REF! | V27: =W27+X27 -> #REF! | W27: =T27 -> #REF! | X27: =U27 -> #REF! | Z27: =C27-D27-E27 -> #REF!
A28: 2.02 | B28: Отчисления от оплаты труда | C28: =C29+C30 -> #REF! | D28: =D29+D30 -> #REF! | E28: =E29+E30 -> #REF! | M28: =M29+M30 -> #REF! | N28: =N29+N30 -> #REF! | O28: =O29+O30 -> #REF! | P28: =P29+P30 -> #REF! | Q28: =Q29+Q30 -> #REF! | R28: =R29+R30 -> #REF! | S28: =S29+S30 -> #REF! | T28: =T29+T30 -> #REF! | ... X28: =X29+X30 -> #REF! | Z28: =C28-D28-E28 -> #REF!
A29: 2.02.01 | B29: Отчисления от оплаты труда | C29: =#REF! -> #REF! | D29: =#REF! -> #REF! | E29: =#REF! -> #REF! | M29: =C29 -> #REF! | N29: =D29 -> #REF! | O29: =E29 -> #REF! | P29: =M29 -> #REF! | Q29: =N29 -> #REF! | R29: =O29 -> #REF! | S29: =T29+U29 -> #REF! | T29: =D29 -> #REF! | U29: =E29 -> #REF! | V29: =W29+X29 -> #REF! | W29: =T29 -> #REF! | X29: =U29 -> #REF! | Z29: =C29-D29-E29 -> #REF!
A30: 2.02.02 | B30: Обязательное медицинское страхование | C30: =D30+E30 -> #REF! | D30: =#REF!+#REF! -> #REF! | E30: =#REF!+#REF!+#REF!+#REF!+#REF!+#REF!+#REF!+#REF!+#REF!+'штатка МБ 2.01.'!W9+'штатка ФМН 2.01.'!W110+'штатка спальн блок 2.01.'!W10 -> #REF! | M30: =C30 -> #REF! | N30: =D30 -> #REF! | O30: =E30 -> #REF! | P30: =M30 -> #REF! | Q30: =N30 -> #REF! | R30: =O30 -> #REF! | S30: =T30+U30 -> #REF! | T30: =D30 -> #REF! | U30: =E30 -> #REF! | V30: =W30+X30 -> #REF! | W30: =T30 -> #REF! | X30: =U30 -> #REF! | Z30: =C30-D30-E30 -> #REF!
A31: 2.03 | B31: Запасы | C31: =C32+SUM(C35:C39) -> #REF! | D31: =D32+SUM(D35:D39) -> 0 | E31: =E32+SUM(E35:E39) -> #REF! | F31: =F32+SUM(F35:F39) -> 28860348 | G31: =G32+SUM(G35:G39) -> #REF! | H31: =H32+SUM(H35:H39) -> 42615254 | I31: =I32+SUM(I35:I39) -> #REF! | J31: =J32+SUM(J35:J39) -> 0 | ... U31: =U32+SUM(U35:U39) -> #REF! | V31: =V35+V38+V39 -> #REF! | W31: =D31-T31 -> 0 | X31: =X35+X38+X39 -> #REF! | Y31: =C31*1.07 -> #REF! | Z31: =C31-D31-E31 -> #REF!
A32: 2.03.01 | B32: Комплектующие части | D32: =D36+D39+D40+D42 -> 0 | N32: =N36+N39+N40+N42 -> 0 | Q32: =Q36+Q39+Q40+Q42 -> 0 | T32: =T36+T39+T40+T42 -> 0 | V32: =C32-S32 -> 0 | W32: =D32-T32 -> 0 | X32: =E32-U32 -> 0 | Y32: =C32*1.07 -> 0 | Z32: =C32-D32-E32 -> 0
A33: 2.03.01.01 | B33: Комплектующие части к оборудованию | D33: =D37+D40+D41+D43 -> 0 | N33: =N37+N40+N41+N43 -> 0 | Q33: =Q37+Q40+Q41+Q43 -> 0 | T33: =T37+T40+T41+T43 -> 0 | V33: =C33-S33 -> 0 | W33: =D33-T33 -> 0 | X33: =E33-U33 -> 0 | Y33: =C33*1.07 -> 0 | Z33: =C33-D33-E33 -> 0
A34: 2.03.01.02 | B34: Комплектующие части к автомобилям | D34: =D38+D41+D42+D44 -> 0 | N34: =N38+N41+N42+N44 -> 0 | Q34: =Q38+Q41+Q42+Q44 -> 0 | T34: =T38+T41+T42+T44 -> 0 | V34: =C34-S34 -> 0 | W34: =D34-T34 -> 0 | X34: =E34-U34 -> 0 | Y34: =C34*1.07 -> 0 | Z34: =C34-D34-E34 -> 0
A35: 2.03.02 | B35: ГСМ | C35: ='гсм школа'!I60 -> 0 | E35: =C35 -> 0 | M35: ='гсм школа'!#REF! -> #REF! | O35: =M35 -> #REF! | P35: =R35 -> #REF! | R35: ='гсм школа'!#REF! -> #REF! | S35: =U35 -> #REF! | U35: ='гсм школа'!#REF! -> #REF! | V35: =X35 -> #REF! | W35: =D35-T35 -> 0 | X35: ='гсм школа'!#REF! -> #REF! | Y35: =C35*1.07 -> 0 | Z35: =C35-D35-E35 -> 0
A36: 2.03.03 | B36: Канц.товары | V36: =C36-S36 -> 0 | W36: =D36-T36 -> 0 | X36: =E36-U36 -> 0 | Y36: =C36*1.07 -> 0 | Z36: =C36-D36-E36 -> 0
A37: 2.03.04 | B37: Медикаменты | V37: =C37-S37 -> 0 | W37: =D37-T37 -> 0 | X37: =E37-U37 -> 0 | Y37: =C37*1.07 -> 0 | Z37: =C37-D37-E37 -> 0
A38: 2.03.05 | B38: Моющие средства | C38: ='моющ МБ 2.03.05'!V14+'моющФМН 2.03.05'!V14+'моющИНТ 2.03.05.'!V9 -> 2169958.2 | E38: =C38 -> 2169958.2 | M38: ='моющ МБ 2.03.05'!#REF!+'моющФМН 2.03.05'!Z14+'моющИНТ 2.03.05.'!Z9+моющМШ!R9 -> #REF! | O38: =M38 -> #REF! | P38: =R38 -> #REF! | R38: ='моющ МБ 2.03.05'!#REF!+'моющФМН 2.03.05'!AD14+'моющИНТ 2.03.05.'!AD9+моющМШ!R9 -> #REF! | S38: =U38 -> #REF! | U38: ='моющ МБ 2.03.05'!#REF!+'моющФМН 2.03.05'!Z14+'моющИНТ 2.03.05.'!Z9 -> #REF! | V38: =X38 -> #REF! | W38: =D38-T38 -> 0 | X38: ='моющ МБ 2.03.05'!#REF!+'моющФМН 2.03.05'!AD14+'моющИНТ 2.03.05.'!AD9 -> #REF! | Y38: =C38*1.07 -> 2321855.3 | Z38: =C38-D38-E38 -> 0
A39: 2.03.06 | B39: Хозяйственные товары | C39: ='хоз 2.03.06.'!AL9+'хоз 2.03.06.'!AN9+'хоз 2.03.06.'!AP9+'хоз 2.03.06.'!AR9+'пр запасы фмн 2.03.09.'!T9+'пр запасы мб 2.03.09.'!T9+#REF!+тмцИНТ!R9 -> #REF! | E39: =C39 -> #REF! | F39: 28860348 | G39: =E39-F39 -> #REF! | H39: 42615254 | I39: =E39+E41-H39 -> #REF! | M39: =#REF!+хозАДМ!X9+хозИНТ!X7+хозМШ!T9+'пр запасы фмн 2.03.09.'!X9+'пр запасы мб 2.03.09.'!X9+ТМЦОрынб!V9+#REF!+тмцИНТ!V9+'хоз кот и ул освещ'!V7+'хоз кот и ул освещ'!V4+#REF! -> #REF! | O39: =M39 -> #REF! | P39: =R39 -> #REF! | R39: =#REF!+'пр запасы фмн 2.03.09.'!AB9+'пр запасы мб 2.03.09.'!AB9+хозМШ!T9+ТМЦОрынб!Z9+хозАДМ!AB9+#REF!+хозИНТ!AB7+тмцИНТ!Z9+'хоз кот и ул освещ'!V4+#REF!+'хоз кот и ул освещ'!V4 -> #REF! | S39: =U39 -> #REF! | U39: ='хоз 2.03.06.'!AA9+'хозМБ)'!X9+хозАДМ!X9+хозИНТ!X7+'пр запасы фмн 2.03.09.'!X9+'пр запасы мб 2.03.09.'!X9+#REF!+тмцИНТ!V9 -> #REF! | V39: =X39 -> #REF! | W39: =D39-T39 -> 0 | X39: ='хоз 2.03.06.'!AE9+'хозМБ)'!AB9+'пр запасы фмн 2.03.09.'!AB9+'пр запасы мб 2.03.09.'!AB9+хозАДМ!AB9+#REF!+хозИНТ!AB7+тмцИНТ!Z9 -> #REF! | Y39: =C39*1.07 -> #REF! | Z39: =C39-D39-E39 -> #REF!
A40: 2.03.07 | B40: Типографская продукция | V40: =C40-S40 -> 0 | W40: =D40-T40 -> 0 | X40: =E40-U40 -> 0 | Z40: =C40-D40-E40 -> 0
A41: 2.03.08 | B41: Прочие ТМЦ | C41: ='пр запасы фмн 2.03.09.'!T9+'пр запасы мб 2.03.09.'!T9+'ТМЦ МШ'!R9+#REF!+тмцИНТ!R9 -> #REF! | E41: =C41 -> #REF! | F41: =C39-E39 -> #REF! | H41: 42632987 | I41: =E39+E41-H41 -> #REF! | O41: =M41 -> 0 | R41: =P41 -> 0 | S41: ='пр запасы фмн 2.03.09.'!AJ9+'пр запасы мб 2.03.09.'!AJ9+'ТМЦ МШ'!AH9+#REF!+тмцИНТ!AH9 -> #REF! | U41: =S41 -> #REF! | V41: =C41-S41 -> #REF! | W41: =D41-T41 -> 0 | X41: =E41-U41 -> #REF! | Z41: =C41-D41-E41 -> #REF!
A42: 2.03.09 | B42: Прочие запасы | V42: =C42-S42 -> 0 | W42: =D42-T42 -> 0 | X42: =E42-U42 -> 0 | Z42: =C42-D42-E42 -> 0
A43: 2.04 | B43: Коммунальные услуги | C43: =SUM(C44:C48) -> 0 | M43: =SUM(M44:M48) -> 0 | P43: =SUM(P44:P48) -> 0 | S43: =SUM(S44:S48) -> 0 | V43: =C43-S43 -> 0 | W43: =D43-T43 -> 0 | X43: =E43-U43 -> 0 | Z43: =C43-D43-E43 -> 0
A44: 2.04.01 | B44: Тепловая энергия | V44: =C44-S44 -> 0 | W44: =D44-T44 -> 0 | X44: =E44-U44 -> 0 | Z44: =C44-D44-E44 -> 0
A45: 2.04.02 | B45: Электрическая энергия | V45: =C45-S45 -> 0 | W45: =D45-T45 -> 0 | X45: =E45-U45 -> 0 | Z45: =C45-D45-E45 -> 0
A46: 2.04.03 | B46: Водоснабжение и канализация | V46: =C46-S46 -> 0 | W46: =D46-T46 -> 0 | X46: =E46-U46 -> 0 | Z46: =C46-D46-E46 -> 0
A47: 2.04.04 | B47: Природный газ | V47: =C47-S47 -> 0 | W47: =D47-T47 -> 0 | X47: =E47-U47 -> 0 | Z47: =C47-D47-E47 -> 0
A48: 2.04.05 | B48: Вывоз мусора | V48: =C48-S48 -> 0 | W48: =D48-T48 -> 0 | X48: =E48-U48 -> 0 | Z48: =C48-D48-E48 -> 0
A49: 2.05 | B49: Связь | C49: =SUM(C50:C54) -> 0 | M49: =SUM(M50:M54) -> 0 | P49: =SUM(P50:P54) -> 0 | S49: =SUM(S50:S54) -> 0 | V49: =C49-S49 -> 0 | W49: =D49-T49 -> 0 | X49: =E49-U49 -> 0 | Z49: =C49-D49-E49 -> 0
A50: 2.05.01 | B50: Абоненская плата | V50: =C50-S50 -> 0 | W50: =D50-T50 -> 0 | X50: =E50-U50 -> 0 | Z50: =C50-D50-E50 -> 0
A51: 2.05.02 | B51: Услуги междугородней и международной связи | V51: =C51-S51 -> 0 | W51: =D51-T51 -> 0 | X51: =E51-U51 -> 0 | Z51: =C51-D51-E51 -> 0
A52: 2.05.03 | B52: Услуги интернета | V52: =C52-S52 -> 0 | W52: =D52-T52 -> 0 | X52: =E52-U52 -> 0 | Z52: =C52-D52-E52 -> 0
A53: 2.05.06 | B53: Установка телефонов | V53: =C53-S53 -> 0 | W53: =D53-T53 -> 0 | X53: =E53-U53 -> 0 | Z53: =C53-D53-E53 -> 0
A54: 2.05.07 | B54: Хостинг | V54: =C54-S54 -> 0 | W54: =D54-T54 -> 0 | X54: =E54-U54 -> 0 | Z54: =C54-D54-E54 -> 0
A55: 2.06. | B55: Командировочные расходы | V55: =C55-S55 -> 0 | W55: =D55-T55 -> 0 | X55: =E55-U55 -> 0 | Z55: =C55-D55-E55 -> 0
A56: 2.07 | B56: Оплата работ (услуг) производственных подрядчикам | C56: =C64 -> #REF! | E56: =E64 -> #REF! | M56: =M64 -> #REF! | O56: =O64 -> #REF! | P56: =P64 -> #REF! | R56: =R64 -> #REF! | S56: =S64 -> #REF! | U56: =U64 -> #REF! | V56: =V64 -> #REF! | W56: =D56-T56 -> 0 | X56: =X64 -> #REF! | Z56: =C56-D56-E56 -> #REF!
A57: 2.07.01.03.02 | B57: внедрение и авторизация программ Международного Бакалавриата (International Bacc | V57: =C57-S57 -> 0 | W57: =D57-T57 -> 0 | X57: =E57-U57 -> 0 | Z57: =C57-D57-E57 -> 0
A58: 2.07.03 | B58: Обслуживание ОС | V58: =C58-S58 -> 0 | W58: =D58-T58 -> 0 | X58: =E58-U58 -> 0 | Z58: =C58-D58-E58 -> 0
A59: 2.07.03.01 | B59: Текущий ремонт и обслуживание автомобилей | V59: =C59-S59 -> 0 | W59: =D59-T59 -> 0 | X59: =E59-U59 -> 0 | Z59: =C59-D59-E59 -> 0
A60: 2.07.03.02 | B60: Текущий ремонт и обслуживание спец. тех.оборудования | V60: =C60-S60 -> 0 | W60: =D60-T60 -> 0 | X60: =E60-U60 -> 0 | Z60: =C60-D60-E60 -> 0
A61: 2.07.04. | B61: Обслуживание зданий и сооружений | V61: =C61-S61 -> 0 | W61: =D61-T61 -> 0 | X61: =E61-U61 -> 0 | Z61: =C61-D61-E61 -> 0
A62: 2.07.08 | B62: Прочие услуги | V62: =C62-S62 -> 0 | W62: =D62-T62 -> 0 | X62: =E62-U62 -> 0 | Z62: =C62-D62-E62 -> 0
A63: 2.07.08.01 | B63: Услуги питания учащихся и воспитанников | V63: =C63-S63 -> 0 | W63: =D63-T63 -> 0 | X63: =E63-U63 -> 0 | Z63: =C63-D63-E63 -> 0
A64: 2.07.08.06 | B64: Прочие услуги | C64: =#REF!+#REF!+#REF! -> #REF! | E64: =C64 -> #REF! | M64: =#REF!+#REF!+#REF!+#REF!+#REF! -> #REF! | O64: =M64 -> #REF! | P64: =#REF!+#REF!+#REF!+#REF!+#REF! -> #REF! | R64: =P64 -> #REF! | S64: =U64 -> #REF! | U64: =#REF!+#REF!+#REF!+#REF! -> #REF! | V64: =X64 -> #REF! | W64: =D64-T64 -> 0 | X64: =#REF!+#REF!+#REF!+#REF! -> #REF! | Z64: =C64-D64-E64 -> #REF!
A65: 2.08. | B65: Страхование | C65: =D65+E65 -> #REF! | D65: =D66+D67 -> #REF! | E65: =E66+E67 -> #REF! | F65: =C65-D65-E65 -> #REF! | M65: =M66+M67 -> #REF! | N65: =N66+N67 -> #REF! | O65: =O66+O67 -> #REF! | P65: =P66+P67 -> #REF! | Q65: =Q66+Q67 -> #REF! | R65: =R66+R67 -> #REF! | S65: =T65+U65 -> #REF! | T65: =T66+T67 -> #REF! | U65: =U66+U67 -> #REF! | V65: =V66+V67 -> #REF! | W65: =W66+W67 -> #REF! | X65: =X66+X67 -> #REF! | Z65: =C65-D65-E65 -> #REF!
A66: 2.08.01 | B66: Обязательное страхование ГПО работодателя за причинение вреда | C66: =D66+E66 -> #REF! | D66: =#REF! -> #REF! | E66: =ROUND(#REF!,0) -> #REF! | M66: =C66 -> #REF! | N66: =D66 -> #REF! | O66: =E66 -> #REF! | P66: =M66 -> #REF! | Q66: =N66 -> #REF! | R66: =O66 -> #REF! | S66: =T66+U66 -> #REF! | T66: =#REF! -> #REF! | U66: =#REF! -> #REF! | V66: =W66+X66 -> #REF! | W66: =T66 -> #REF! | X66: =U66 -> #REF! | Z66: =C66-D66-E66 -> #REF!
A67: 2.08.04 | B67: Медицинское страхование | C67: =D67+E67 -> #REF! | D67: =#REF! -> #REF! | E67: =#REF! -> #REF! | M67: =C67 -> #REF! | N67: =D67 -> #REF! | O67: =E67 -> #REF! | P67: =M67 -> #REF! | Q67: =N67 -> #REF! | R67: =O67 -> #REF! | S67: =T67+U67 -> #REF! | T67: =#REF! -> #REF! | U67: =#REF! -> #REF! | V67: =W67+X67 -> #REF! | W67: =#REF! -> #REF! | X67: =#REF! -> #REF! | Z67: =C67-D67-E67 -> #REF!
A68: 2.11 | B68: Услуги по охране | V68: =C68-S68 -> 0 | W68: =D68-T68 -> 0 | X68: =E68-U68 -> 0 | Z68: =C68-D68-E68 -> 0
A69: 2.14 | B69: Информационные услуги | V69: =C69-S69 -> 0 | W69: =D69-T69 -> 0 | X69: =E69-U69 -> 0 | Z69: =C69-D69-E69 -> 0
A70: 2.15. | B70: Консультационные услуги (списание ОС) | V70: =C70-S70 -> 0 | W70: =D70-T70 -> 0 | X70: =E70-U70 -> 0 | Z70: =C70-D70-E70 -> 0
A71: 2.16 | B71: Банковские услуги | C71: =#REF! -> #REF! | D71: =#REF! -> #REF! | M71: =C71 -> #REF! | N71: =D71 -> #REF! | P71: =M71 -> #REF! | Q71: =N71 -> #REF! | S71: =T71 -> #REF! | T71: =D71 -> #REF! | V71: =W71 -> #REF! | W71: =D71 -> #REF! | X71: =E71-U71 -> 0 | Z71: =C71-D71-E71 -> #REF!
A72: 2.20 | B72: Транспортные услуги | V72: =C72-S72 -> 0 | W72: =D72-T72 -> 0 | X72: =E72-U72 -> 0 | Z72: =C72-D72-E72 -> 0
A73: 2.21 | B73: Периодические печатные издания | V73: =C73-S73 -> 0 | W73: =D73-T73 -> 0 | X73: =E73-U73 -> 0 | Z73: =C73-D73-E73 -> 0
A74: 2.22. | B74: Налоги | C74: =C75+C76+C77 -> #REF! | D74: =C74 -> #REF! | M74: =SUM(M75:M77) -> #REF! | N74: =M74 -> #REF! | P74: =SUM(P75:P77) -> #REF! | Q74: =P74 -> #REF! | S74: =S75+S76+S77 -> #REF! | T74: =T75+T76+T77 -> #REF! | U74: =U75+U76+U77 -> 0 | V74: =V75+V76+V77 -> #REF! | W74: =W75+W76+W77 -> #REF! | X74: =X75+X76+X77 -> 0 | Z74: =C74-D74-E74 -> #REF!
A75: 2.22.03 | B75: Налог на транспорт | C75: =D75 -> 14430 | D75: ='налог на транс 2.22.03'!J8 -> 14430 | M75: =C75 -> 14430 | N75: =D75 -> 14430 | P75: =M75 -> 14430 | Q75: =N75 -> 14430 | S75: =T75 -> 14430 | T75: ='налог на транс 2.22.03'!N9 -> 14430 | V75: =W75 -> 15150 | W75: ='налог на транс 2.22.03'!Q9 -> 15150 | X75: =E75-U75 -> 0 | Z75: =C75-D75-E75 -> 0
A76: 2.22.06 | B76: НДС | C76: =D76 -> #REF! | D76: =#REF!+#REF!+#REF!+#REF! -> #REF! | M76: =C76 -> #REF! | N76: =D76 -> #REF! | P76: =M76 -> #REF! | Q76: =N76 -> #REF! | S76: =T76 -> #REF! | T76: =#REF! -> #REF! | V76: =W76 -> #REF! | W76: =#REF! -> #REF! | X76: =E76-U76 -> 0 | Z76: =C76-D76-E76 -> #REF!
A77: 2.22.07.02 | B77: Плата за загрязнение окружающей среды | C77: =D77 -> 0 | D77: ='налог на транс 2.22.03'!J12 -> 0 | M77: =C77 -> 0 | N77: =D77 -> 0 | P77: =M77 -> 0 | Q77: =N77 -> 0 | S77: =T77 -> 6095 | T77: ='налог на транс 2.22.03'!N12 -> 6095 | V77: =W77 -> 6399 | W77: ='налог на транс 2.22.03'!Q12 -> 6399 | X77: =E77-U77 -> 0 | Z77: =C77-D77-E77 -> 0
A78: 2.24 | B78: Противопожарная охрана и затраты связанные с соблюдением специальных требований | V78: =C78-S78 -> 0 | W78: =D78-T78 -> 0 | X78: =E78-U78 -> 0 | Z78: =C78-D78-E78 -> 0
A79: 2.25.02 | B79: Обучением и повышением квалификации администрации и обслуживающего персонала внутри страны | C79: =#REF! -> #REF! | E79: =#REF! -> #REF! | H79: план ндс 2015 | I79: факт 2015 | J79: остаток | K79: 3 кв 2015 ндс | L79: ост на 2016 год | M79: =N79 -> #REF! | N79: =#REF! -> #REF! | P79: =Q79 -> #REF! | Q79: =#REF! -> #REF! | S79: =T79 -> #REF! | T79: =#REF! -> #REF! | V79: =W79 -> #REF! | W79: =#REF! -> #REF! | X79: =E79-U79 -> #REF! | Z79: =C79-D79-E79 -> #REF!
A80: 2.27. | B80: Представительские расходы (раздат, сувенир) | V80: =C80-S80 -> 0 | W80: =D80-T80 -> 0 | X80: =E80-U80 -> 0 | Z80: =C80-D80-E80 -> 0
A81: ='[64]сввод интбез ндс'!A71 -> 2.29 | B81: ='[64]сввод интбез ндс'!B71 -> Расходы на социальную сферу | V81: =C81-S81 -> 0 | W81: =D81-T81 -> 0 | X81: =E81-U81 -> 0 | Z81: =C81-D81-E81 -> 0
A82: 2.29.02 | B82: Прочие мероприятия | V82: =C82-S82 -> 0 | W82: =D82-T82 -> 0 | X82: =E82-U82 -> 0 | Z82: =C82-D82-E82 -> 0
A83: 2.31 | B83: Прочие | C83: =SUM(C84:C89) -> 0 | M83: =SUM(M84:M89) -> 0 | P83: =SUM(P84:P89) -> 0 | S83: =SUM(S84:S89) -> 0 | V83: =C83-S83 -> 0 | W83: =D83-T83 -> 0 | X83: =E83-U83 -> 0 | Z83: =C83-D83-E83 -> 0
A84: 2.31.01 | B84: Дератизация и дезинфекция | V84: =C84-S84 -> 0 | W84: =D84-T84 -> 0 | X84: =E84-U84 -> 0 | Z84: =C84-D84-E84 -> 0
A85: ='[64]свод ФМН с НДС'!A77 -> 2.31.05 | B85: ='[64]свод ФМН с НДС'!B77 -> Нотариальные услуги | V85: =C85-S85 -> 0 | W85: =D85-T85 -> 0 | X85: =E85-U85 -> 0 | Z85: =C85-D85-E85 -> 0
A86: ='[64]свод ФМН с НДС'!A78 -> 2.31.07 | B86: ='[64]свод ФМН с НДС'!B78 -> Типографские услуги | V86: =C86-S86 -> 0 | W86: =D86-T86 -> 0 | X86: =E86-U86 -> 0 | Z86: =C86-D86-E86 -> 0
A87: ='[64]свод ФМН с НДС'!A79 -> 2.31.10 | B87: ='[64]свод ФМН с НДС'!B79 -> Переплет документов | V87: =C87-S87 -> 0 | W87: =D87-T87 -> 0 | X87: =E87-U87 -> 0 | Z87: =C87-D87-E87 -> 0
A88: 2.31.14 | B88: Утилизация ламп | V88: =C88-S88 -> 0 | W88: =D88-T88 -> 0 | X88: =E88-U88 -> 0 | Z88: =C88-D88-E88 -> 0
A89: 2.31.15 | B89: Прочие непредвиденные расходы | V89: =C89-S89 -> 0 | W89: =D89-T89 -> 0 | X89: =E89-U89 -> 0 | Z89: =C89-D89-E89 -> 0
A90: 2.32. | B90: ='[65]школа+интернат+мб'!B184 -> #REF! | V90: =C90-S90 -> 0 | W90: =D90-T90 -> 0 | X90: =E90-U90 -> 0 | Z90: =C90-D90-E90 -> 0
A91: 2.33. | B91: Проибретение НМА | V91: =C91-S91 -> 0 | W91: =D91-T91 -> 0 | X91: =E91-U91 -> 0 | Z91: =C91-D91-E91 -> 0
A92: 2.31.14. | B92: Услуги утилизации | C92: =#REF! -> #REF! | D92: =#REF! -> #REF! | E92: =#REF! -> #REF! | F92: =#REF! -> #REF! | G92: =#REF! -> #REF! | H92: =#REF! -> #REF! | I92: =#REF! -> #REF! | J92: =#REF! -> #REF! | ... X92: =#REF! -> #REF! | Z92: =C92-D92-E92 -> #REF!
B93: Закрытие договоров прошлых лет | C93: =D93 -> #REF! | D93: =#REF! -> #REF! | H93: 33417947 | I93: 16976075 | J93: =H93-I94 -> 16441872 | K93: 4708135 | L93: =J93-K93 -> 11733737 | M93: =C93 -> #REF! | O93: =M93 -> #REF! | P93: =M93 -> #REF! | R93: =O93 -> #REF! | V93: =C93-S93 -> #REF! | W93: =D93-T93 -> #REF! | X93: =E93-U93 -> 0 | Z93: =C93-D93-E93 -> #REF!
